Workbook
Name SKU: #REF!
Name Spring_SKU: Originals!$1:$1048576

Sheet Originals
B2: STORE NAME: | C2: Insert your business name here
C3: LEGIONNAIRE | J3: TODDLER BUCKET | P3: PONYTAIL* | R3: or CLASSIC BUCKET
C4: 0-3 mt 37 cm XXS | D4: 3-6 mt 42 cm XS | E4: 6-12 mt 47 cm S | F4: 1-2 yr 50 cm M | G4: 2-3 yr 52 cm L | H4: 3-6 yr 54 cm XL | I4: Price ex GST | J4: 0-3 mt 37 cm XXS | K4: 3-6 mt 42 cm XS | L4: 6-12 mt 47 cm S | M4: 1-2 yr 50 cm M | N4: 2-3 yr 52 cm L | O4: Price ex GST | P4: 2-3 yr 52 cm L | Q4: 3-6 yr 54 cm XL | R4: 6-13 yr 56 cm XXL | S4: 13+ yr 58 cm XXXL | T4: Price ex GST | U4: Total ex GST
B6: Originals - Print
B7: INDIE* | I7: 16.8 | O7: 16.8 | T7: 17.7 | U7: =(C7+D7+E7+F7+G7+H7)*I7+(J7+K7+L7+M7+N7)*O7+(P7+Q7+R7+S7)*T7 -> 0
B8: SKU | C8: LG384-INDIE-37 | D8: LG384-INDIE-42 | E8: LG384-INDIE-47 | F8: LG384-INDIE-50 | G8: LG384-INDIE-52 | H8: LG384-INDIE-54 | J8: BB385-INDIE-37 | K8: BB385-INDIE-42 | L8: BB385-INDIE-47 | M8: BB385-INDIE-50 | N8: BB385-INDIE-52 | P8: BP386-INDIE-52 | Q8: BP386-INDIE-54 | R8: BP386-INDIE-56 | S8: BP386-INDIE-58
B9: HUGO | I9: 16.8 | O9: 16.8 | T9: 17.7 | U9: =(C9+D9+E9+F9+G9+H9)*I9+(J9+K9+L9+M9+N9)*O9+(P9+Q9+R9+S9)*T9 -> 0
B10: SKU | C10: LG384-HUGO-37 | D10: LG384-HUGO-42 | E10: LG384-HUGO-47 | F10: LG384-HUGO-50 | G10: LG384-HUGO-52 | H10: LG384-HUGO-54 | J10: BB385-HUGO-37 | K10: BB385-HUGO-42 | L10: BB385-HUGO-47 | M10: BB385-HUGO-50 | N10: BB385-HUGO-52 | P10: BU387-HUGO-52 | Q10: BU387-HUGO-54 | R10: BU387-HUGO-56 | S10: BU387-HUGO-58
B11: RORY | I11: 16.8 | O11: 16.8 | T11: 17.7 | U11: =(C11+D11+E11+F11+G11+H11)*I11+(J11+K11+L11+M11+N11)*O11+(P11+Q11+R11+S11)*T11 -> 0
B12: SKU | C12: LG384-RORY-37 | D12: LG384-RORY-42 | E12: LG384-RORY-47 | F12: LG384-RORY-50 | G12: LG384-RORY-52 | H12: LG384-RORY-54 | J12: BB385-RORY-37 | K12: BB385-RORY-42 | L12: BB385-RORY-47 | M12: BB385-RORY-50 | N12: BB385-RORY-52 | P12: BU387-RORY-52 | Q12: BU387-RORY-54 | R12: BU387-RORY-56 | S12: BU387-RORY-58
B13: PINK STRIPE* | I13: 16.8 | O13: 16.8 | T13: 17.7 | U13: =(C13+D13+E13+F13+G13+H13)*I13+(J13+K13+L13+M13+N13)*O13+(P13+Q13+R13+S13)*T13 -> 0
B14: SKU | C14: LG285-PINKSTRIPE-37 | D14: LG285-PINKSTRIPE-42 | E14: LG285-PINKSTRIPE-47 | F14: LG285-PINKSTRIPE-50 | G14: LG285-PINKSTRIPE-52 | H14: LG285-PINKSTRIPE-54 | J14: BB286-PINKSTRIPE-37 | K14: BB286-PINKSTRIPE-42 | L14: BB286-PINKSTRIPE-47 | M14: BB286-PINKSTRIPE-50 | N14: BB286-PINKSTRIPE-52 | P14: BP287-PINKSTRIPE-52 | Q14: BP287-PINKSTRIPE-54 | R14: BP287-PINKSTRIPE-56 | S14: BP287-PINKSTRIPE-58
B15: NATURAL STRIPE | I15: 16.8 | O15: 16.8 | T15: 17.7 | U15: =(C15+D15+E15+F15+G15+H15)*I15+(J15+K15+L15+M15+N15)*O15+(P15+Q15+R15+S15)*T15 -> 0
B16: SKU | C16: LG285-NATSTRIPE-37 | D16: LG285-NATSTRIPE-42 | E16: LG285-NATSTRIPE-47 | F16: LG285-NATSTRIPE-50 | G16: LG285-NATSTRIPE-52 | H16: LG285-NATSTRIPE-54 | J16: BB286-NATSTRIPE-37 | K16: BB286-NATSTRIPE-42 | L16: BB286-NATSTRIPE-47 | M16: BB286-NATSTRIPE-50 | N16: BB286-NATSTRIPE-52 | P16: BU288-NATSTRIPE-52 | Q16: BU288-NATSTRIPE-54 | R16: BU288-NATSTRIPE-56 | S16: BU288-NATSTRIPE-58
B17: NATURAL STRIPE PONYTAIL | I17: 0 | O17: 0 | T17: 17.7 | U17: =(C17+D17+E17+F17+G17+H17)*I17+(J17+K17+L17+M17+N17)*O17+(P17+Q17+R17+S17)*T17 -> 0
B18: SKU | P18: BP287-NATSTRIPE-52 | Q18: BP287-NATSTRIPE-54 | R18: BP287-NATSTRIPE-56 | S18: BP287-NATSTRIPE-58
B19: Originals - Plain
B20: BABY BLUE | I20: 14.98 | O20: 14.98 | T20: 0 | U20: =(C20+D20+E20+F20+G20+H20)*I20+(J20+K20+L20+M20+N20)*O20+(P20+Q20+R20+S20)*T20 -> 0
B21: SKU | C21: LG003-BABYBLUE-37 | D21: LG003-BABYBLUE-42 | E21: LG003-BABYBLUE-47 | F21: LG003-BABYBLUE-50 | G21: LG003-BABYBLUE-52 | J21: BB055-BABYBLUE-37 | K21: BB055-BABYBLUE-42 | L21: BB055-BABYBLUE-47 | M21: BB055-BABYBLUE-50 | N21: BB055-BABYBLUE-52
B22: BABY PINK PONYTAIL* | I22: 0 | O22: 0 | T22: 15.89 | U22: =(C22+D22+E22+F22+G22+H22)*I22+(J22+K22+L22+M22+N22)*O22+(P22+Q22+R22+S22)*T22 -> 0
B23: SKU | P23: BP097-BABYPINK-52 | Q23: BP097-BABYPINK-54 | R23: BP097-BABYPINK-56
B24: BLUSH | I24: 14.98 | O24: 14.98 | T24: 0 | U24: =(C24+D24+E24+F24+G24+H24)*I24+(J24+K24+L24+M24+N24)*O24+(P24+Q24+R24+S24)*T24 -> 0
B25: SKU | C25: LG003-BLUSH-37 | D25: LG003-BLUSH-42 | E25: LG003-BLUSH-47 | F25: LG003-BLUSH-50 | G25: LG003-BLUSH-52 | J25: BB055-BLUSH-37 | K25: BB055-BLUSH-42 | L25: BB055-BLUSH-47 | M25: BB055-BLUSH-50 | N25: BB055-BLUSH-52
B26: BRIGHT BLUE | I26: 14.98 | O26: 0 | T26: 15.89 | U26: =(C26+D26+E26+F26+G26+H26)*I26+(J26+K26+L26+M26+N26)*O26+(P26+Q26+R26+S26)*T26 -> 0
B27: SKU | P27: BU002-BRIGHTBLUE-52 | Q27: BU002-BRIGHTBLUE-54 | R27: BU002-BRIGHTBLUE-56
B28: BRIGHT PINK PONYTAIL* | I28: 14.98 | O28: 0 | T28: 15.89 | U28: =(C28+D28+E28+F28+G28+H28)*I28+(J28+K28+L28+M28+N28)*O28+(P28+Q28+R28+S28)*T28 -> 0
B29: SKU | P29: BP097-BRIGHTPINK-52 | Q29: BP097-BRIGHTPINK-54 | R29: BP097-BRIGHTPINK-56
B30: CHAMBRAY | I30: 14.98 | O30: 14.98 | T30: 15.89 | U30: =(C30+D30+E30+F30+G30+H30)*I30+(J30+K30+L30+M30+N30)*O30+(P30+Q30+R30+S30)*T30 -> 0
B31: SKU | C31: LG003-CHAMBRAY-37 | D31: LG003-CHAMBRAY-42 | E31: LG003-CHAMBRAY-47 | F31: LG003-CHAMBRAY-50 | G31: LG003-CHAMBRAY-52 | H31: LG003-CHAMBRAY-54 | J31: BB055-CHAMBRAY-37 | K31: BB055-CHAMBRAY-42 | L31: BB055-CHAMBRAY-47 | M31: BB055-CHAMBRAY-50 | N31: BB055-CHAMBRAY-52 | P31: BU002-CHAMBRAY-52 | Q31: BU002-CHAMBRAY-54 | R31: BU002-CHAMBRAY-56 | S31: BU002-CHAMBRAY-58
B32: CHAMBRAY PONYTAIL* | I32: 0 | O32: 0 | T32: 15.89 | U32: =(C32+D32+E32+F32+G32+H32)*I32+(J32+K32+L32+M32+N32)*O32+(P32+Q32+R32+S32)*T32 -> 0
B33: SKU | P33: BP097-CHAMBRAY-52 | Q33: BP097-CHAMBRAY-54 | R33: BP097-CHAMBRAY-56 | S33: BP097-CHAMBRAY-58
B34: DENIM | I34: 14.98 | O34: 14.98 | T34: 15.89 | U34: =(C34+D34+E34+F34+G34+H34)*I34+(J34+K34+L34+M34+N34)*O34+(P34+Q34+R34+S34)*T34 -> 0
B35: SKU | C35: LG003-DENIM-37 | D35: LG003-DENIM-42 | E35: LG003-DENIM-47 | F35: LG003-DENIM-50 | G35: LG003-DENIM-52 | H35: LG003-DENIM-54 | J35: BB055-DENIM-37 | K35: BB055-DENIM-42 | L35: BB055-DENIM-47 | M35: BB055-DENIM-50 | N35: BB055-DENIM-52 | P35: BU002-DENIM-52 | Q35: BU002-DENIM-54 | R35: BU002-DENIM-56 | S35: BU002-DENIM-58
B36: DENIM PONYTAIL* | I36: 0 | O36: 0 | T36: 15.89 | U36: =(C36+D36+E36+F36+G36+H36)*I36+(J36+K36+L36+M36+N36)*O36+(P36+Q36+R36+S36)*T36 -> 0
B37: SKU | P37: BP097-DENIM-52 | Q37: BP097-DENIM-54 | R37: BP097-DENIM-56 | S37: BP097-DENIM-58
B38: GREEN | I38: 0 | O38: 0 | T38: 15.89 | U38: =(C38+D38+E38+F38+G38+H38)*I38+(J38+K38+L38+M38+N38)*O38+(P38+Q38+R38+S38)*T38 -> 0
B39: SKU | P39: BU002-GREEN-52 | Q39: BU002-GREEN-54 | R39: BU002-GREEN-56
B40: GREY MARLE | I40: 14.98 | O40: 14.07 | T40: 15.89 | U40: =(C40+D40+E40+F40+G40+H40)*I40+(J40+K40+L40+M40+N40)*O40+(P40+Q40+R40+S40)*T40 -> 0
B41: SKU | C41: LG003-GREYMARLE-37 | D41: LG003-GREYMARLE-42 | E41: LG003-GREYMARLE-47 | F41: LG003-GREYMARLE-50 | G41: LG003-GREYMARLE-52 | H41: LG003-GREYMARLE-54 | J41: BB055-GREYMARLE-37 | K41: BB055-GREYMARLE-42 | L41: BB055-GREYMARLE-47 | M41: BB055-GREYMARLE-50 | N41: BB055-GREYMARLE-52 | P41: BU002-GREYMARLE-52 | Q41: BU002-GREYMARLE-54 | R41: BU002-GREYMARLE-56 | S41: BU002-GREYMARLE-58
B42: KHAKI | I42: 14.98 | O42: 14.07 | T42: 15.89 | U42: =(C42+D42+E42+F42+G42+H42)*I42+(J42+K42+L42+M42+N42)*O42+(P42+Q42+R42+S42)*T42 -> 0
B43: SKU | C43: LG003-KHAKI-37 | D43: LG003-KHAKI-42 | E43: LG003-KHAKI-47 | F43: LG003-KHAKI-50 | G43: LG003-KHAKI-52 | J43: BB055-KHAKI-37 | K43: BB055-KHAKI-42 | L43: BB055-KHAKI-47 | M43: BB055-KHAKI-50 | N43: BB055-KHAKI-52 | P43: BU002-KHAKI-52 | Q43: BU002-KHAKI-54 | R43: BU002-KHAKI-56 | S43: BU002-KHAKI-58
B44: KHAKI PONYTAIL* | I44: 0 | O44: 0 | T44: 15.89 | U44: =(C44+D44+E44+F44+G44+H44)*I44+(J44+K44+L44+M44+N44)*O44+(P44+Q44+R44+S44)*T44 -> 0
B45: SKU | P45: BP097-KHAKI-52 | Q45: BP097-KHAKI-54 | R45: BP097-KHAKI-56 | S45: BP097-KHAKI-58
B46: LILAC* | I46: 14.98 | O46: 14.07 | T46: 15.89 | U46: =(C46+D46+E46+F46+G46+H46)*I46+(J46+K46+L46+M46+N46)*O46+(P46+Q46+R46+S46)*T46 -> 0
B47: SKU | C47: LG003-LILAC-37 | D47: LG003-LILAC-42 | E47: LG003-LILAC-47 | F47: LG003-LILAC-50 | G47: LG003-LILAC-52 | J47: BB055-LILAC-37 | K47: BB055-LILAC-42 | L47: BB055-LILAC-47 | M47: BB055-LILAC-50 | N47: BB055-LILAC-52 | P47: BP097-LILAC-52 | Q47: BP097-LILAC-54 | R47: BP097-LILAC-56
B48: BUTTERCUP* | I48: 14.98 | O48: 14.07 | T48: 15.89 | U48: =(C48+D48+E48+F48+G48+H48)*I48+(J48+K48+L48+M48+N48)*O48+(P48+Q48+R48+S48)*T48 -> 0
B49: SKU | C49: LG003-BUTTERCUP-37 | D49: LG003-BUTTERCUP-42 | E49: LG003-BUTTERCUP-47 | F49: LG003-BUTTERCUP-50 | G49: LG003-BUTTERCUP-52 | J49: BB055-BUTTERCUP-37 | K49: BB055-BUTTERCUP-42 | L49: BB055-BUTTERCUP-47 | M49: BB055-BUTTERCUP-50 | N49: BB055-BUTTERCUP-52 | P49: BP097-BUTTERCUP-52 | Q49: BP097-BUTTERCUP-54 | R49: BP097-BUTTERCUP-56
B50: NAVY | I50: 14.98 | O50: 14.07 | T50: 15.89 | U50: =(C50+D50+E50+F50+G50+H50)*I50+(J50+K50+L50+M50+N50)*O50+(P50+Q50+R50+S50)*T50 -> 0
B51: SKU | C51: LG003-NAVY-37 | D51: LG003-NAVY-42 | E51: LG003-NAVY-47 | F51: LG003-NAVY-50 | G51: LG003-NAVY-52 | H51: LG003-NAVY-54 | J51: BB055-NAVY-37 | K51: BB055-NAVY-42 | L51: BB055-NAVY-47 | M51: BB055-NAVY-50 | N51: BB055-NAVY-52 | P51: BU002-NAVY-52 | Q51: BU002-NAVY-54 | R51: BU002-NAVY-56 | S51: BU002-NAVY-58
B52: RED | I52: 14.98 | O52: 14.07 | T52: 15.89 | U52: =(C52+D52+E52+F52+G52+H52)*I52+(J52+K52+L52+M52+N52)*O52+(P52+Q52+R52+S52)*T52 -> 0
B53: SKU | C53: LG003-RED-37 | D53: LG003-RED-42 | E53: LG003-RED-47 | F53: LG003-RED-50 | G53: LG003-RED-52 | J53: BB055-RED-37 | K53: BB055-RED-42 | L53: BB055-RED-47 | M53: BB055-RED-50 | N53: BB055-RED-52 | P53: BU002-RED-52 | Q53: BU002-RED-54 | R53: BU002-RED-56
B54: WHITE | I54: 14.98 | O54: 14.07 | T54: 0 | U54: =(C54+D54+E54+F54+G54+H54)*I54+(J54+K54+L54+M54+N54)*O54+(P54+Q54+R54+S54)*T54 -> 0
B55: SKU | C55: LG003-WHITE-37 | D55: LG003-WHITE-42 | E55: LG003-WHITE-47 | F55: LG003-WHITE-50 | G55: LG003-WHITE-52 | J55: BB055-WHITE-37 | K55: BB055-WHITE-42 | L55: BB055-WHITE-47 | M55: BB055-WHITE-50 | N55: BB055-WHITE-52
B56: WHITE PONYTAIL* | I56: 0 | O56: 0 | T56: 15.89 | U56: =(C56+D56+E56+F56+G56+H56)*I56+(J56+K56+L56+M56+N56)*O56+(P56+Q56+R56+S56)*T56 -> 0
B57: SKU | P57: BP097-WHITE-52 | Q57: BP097-WHITE-54 | R57: BP097-WHITE-56
B58: Originals - Novelty
B59: BLUSH RUFFLE | I59: 15.89 | O59: 15.89 | T59: 0 | U59: =(C59+D59+E59+F59+G59+H59)*I59+(J59+K59+L59+M59+N59)*O59+(P59+Q59+R59+S59)*T59 -> 0
B60: SKU | C60: LG112-BLUSH-37 | D60: LG112-BLUSH-42 | E60: LG112-BLUSH-47 | F60: LG112-BLUSH-50 | G60: LG112-BLUSH-52 | H60: LG112-BLUSH-54 | J60: BB113-BLUSH-37 | K60: BB113-BLUSH-42 | L60: BB113-BLUSH-47 | M60: BB113-BLUSH-50 | N60: BB113-BLUSH-52
B61: WHITE RUFFLE* | I61: 15.89 | O61: 15.89 | T61: 17.7 | U61: =(C61+D61+E61+F61+G61+H61)*I61+(J61+K61+L61+M61+N61)*O61+(P61+Q61+R61+S61)*T61 -> 0
B62: SKU | C62: LG112-WHITE-37 | D62: LG112-WHITE-42 | E62: LG112-WHITE-47 | F62: LG112-WHITE-50 | G62: LG112-WHITE-52 | H62: LG112-WHITE-54 | J62: BB113-WHITE-37 | K62: BB113-WHITE-42 | L62: BB113-WHITE-47 | M62: BB113-WHITE-50 | N62: BB113-WHITE-52 | P62: BP096-WHITE-52 | Q62: BP096-WHITE-54 | R62: BP096-WHITE-56 | S62: BP096-WHITE-58
B63: DENIM RUFFLE* | I63: 0 | O63: 15.89 | T63: 17.7 | U63: =(C63+D63+E63+F63+G63+H63)*I63+(J63+K63+L63+M63+N63)*O63+(P63+Q63+R63+S63)*T63 -> 0
B64: SKU | J64: BB113-DENIM-37 | K64: BB113-DENIM-42 | L64: BB113-DENIM-47 | M64: BB113-DENIM-50 | N64: BB113-DENIM-52 | P64: BP096-DENIM-52 | Q64: BP096-DENIM-54 | R64: BP096-DENIM-56 | S64: BP096-DENIM-58
B65: KHAKI RUFFLE* | I65: 0 | O65: 0 | T65: 17.7 | U65: =(C65+D65+E65+F65+G65+H65)*I65+(J65+K65+L65+M65+N65)*O65+(P65+Q65+R65+S65)*T65 -> 0
B66: SKU | P66: BP096-KHAKI-52 | Q66: BP096-KHAKI-54 | R66: BP096-KHAKI-56 | S66: BP096-KHAKI-58
B67: KITTY BLUSH | I67: 0 | O67: 16.8 | T67: 0 | U67: =(C67+D67+E67+F67+G67+H67)*I67+(J67+K67+L67+M67+N67)*O67+(P67+Q67+R67+S67)*T67 -> 0
B68: SKU | J68: BB090-BLUSH-37 | K68: BB090-BLUSH-42 | L68: BB090-BLUSH-47 | M68: BB090-BLUSH-50 | N68: BB090-BLUSH-52
B69: DINO GREEN | I69: 16.8 | O69: 0 | T69: 0 | U69: =(C69+D69+E69+F69+G69+H69)*I69+(J69+K69+L69+M69+N69)*O69+(P69+Q69+R69+S69)*T69 -> 0
B70: SKU | C70: LG094-GREEN-37 | D70: LG094-GREEN-42 | E70: LG094-GREEN-47 | F70: LG094-GREEN-50 | G70: LG094-GREEN-52 | H70: LG094-GREEN-54
B71: TIGER GREY | I71: 0 | O71: 16.8 | T71: 0 | U71: =(C71+D71+E71+F71+G71+H71)*I71+(J71+K71+L71+M71+N71)*O71+(P71+Q71+R71+S71)*T71 -> 0
B72: SKU | J72: BB064-GREY-MARLE-37 | K72: BB064-GREY-MARLE-42 | L72: BB064-GREY-MARLE-47 | M72: BB064-GREY-MARLE-50 | N72: BB064-GREY-MARLE-52
B73: DINO KHAKI | I73: 16.8 | O73: 0 | T73: 0 | U73: =(C73+D73+E73+F73+G73+H73)*I73+(J73+K73+L73+M73+N73)*O73+(P73+Q73+R73+S73)*T73 -> 0
B74: SKU | C74: LG094-KHAKI-37 | D74: LG094-KHAKI-42 | E74: LG094-KHAKI-47 | F74: LG094-KHAKI-50 | G74: LG094-KHAKI-52 | H74: LG094-KHAKI-54
B75: SHARK | I75: 16.8 | O75: 15.89 | T75: 0 | U75: =(C75+D75+E75+F75+G75+H75)*I75+(J75+K75+L75+M75+N75)*O75+(P75+Q75+R75+S75)*T75 -> 0
B76: SKU | C76: LG220-GREYMARLE-37 | D76: LG220-GREYMARLE-42 | E76: LG220-GREYMARLE-47 | F76: LG220-GREYMARLE-50 | G76: LG220-GREYMARLE-52 | H76: LG220-GREYMARLE-54
C77: WIDE BRIM VISOR (Ladies)
B78: Ladies
C79: 52-56 cm S | D79: 56-60 cm M | E79: 60-64 cm L | F79: 64-68 cm XL | I79: Price ex GST
B80: CHAMBRAY | I80: 18.16 | U80: =(C80+D80+E80+F80+G80+H80)*I80+(J80+K80+L80+M80+N80)*O80+(P80+Q80+R80+S80)*T80 -> 0
B81: SKU | C81: VS271-CHAMBRAY-S | D81: VS271-CHAMBRAY-M | E81: VS271-CHAMBRAY-L | F81: VS271-CHAMBRAY-XL
B82: DENIM | I82: 18.16 | U82: =(C82+D82+E82+F82+G82+H82)*I82+(J82+K82+L82+M82+N82)*O82+(P82+Q82+R82+S82)*T82 -> 0
B83: SKU | C83: VS271-DENIM-S | D83: VS271-DENIM-M | E83: VS271-DENIM-L | F83: VS271-DENIM-XL
B84: Hat Stands
B85: Large Hat Stand | T85: 250 | U85: 0
B86: SKU | S86: VM-STAND-WHITE-TIMBER
B87: Table Stand | T87: 20 | U87: =(C87+D87+E87+F87+G87+H87)*I87+(J87+K87+L87+M87+N87)*O87+(P87+Q87+R87+S87)*T87 -> 0
B88: SKU | S88: VM-STAND-TABLETOP
B89: Large hat stands are available free of charge for orders over $3000 over the 2 drops. The discount is applied upon invoice. The customer is responsible for shipping charges. Small hat stands are available as a set of two free of charge for orders over $1100 within 1 drop. This offer is only available to customers that have not previously redeemed. | Q89: Total Originals Order | U89: =SUM(U6:U88) -> 0
T90: GST Amount | U90: =(U89*1.1)-U89 -> 0
T91: Total | U91: =SUM(U89:U90) -> 0

Sheet Fleece
B2: STORE NAME: | C2: =Originals!C2 -> Insert your business name here
C3: FLEECY TEDDY BEANIE | I3: FLEECY LEGIONNAIRE | O3: NOVELTY BEANIE
C4: 0-3 mt 37 cm XXS | D4: 3-6 mt 42 cm XS | E4: 6-12 mt 47 cm S | F4: 1-2 yr 50 cm M | G4: 2-3 yr 52 cm L | H4: Price ex GST | I4: 6-12 mt 47 cm S | J4: 1-2 yr 50 cm M | K4: 2-3 yr 52 cm L | L4: 3-6 yr 54 cm XL | M4: 6-13 yr 56 cm XXL | N4: Price ex GST | O4: 0-3 mt 37 cm XXS | P4: 3-6 mt 42 cm XS | Q4: 6-12 mt 47 cm S | R4: 1-2 yr 50 cm M | S4: 2-3 yr 52 cm L | T4: 3-6 yr 54 cm XL | U4: 6-13 yr 56 cm XXL | V4: Price ex GST | W4: Total ex GST
B5: Fleece
B6: KOALA | H6: 0 | N6: 0 | V6: 15.89 | W6: =(C6+D6+E6+F6+G6)*H6+(I6+J6+K6+L6+M6)*N6+(O6+P6+Q6+R6+S6+T6+U6)*V6 -> 0
B7: SKU | O7: BE058-GREYMARLE-37 | P7: BE058-GREYMARLE-42 | Q7: BE058-GREYMARLE-47 | R7: BE058-GREYMARLE-50 | S7: BE058-GREYMARLE-52 | T7: BE058-GREYMARLE-54 | U7: BE058-GREYMARLE-56
B8: PUG | H8: 0 | N8: 0 | V8: 15.89 | W8: =(C8+D8+E8+F8+G8)*H8+(I8+J8+K8+L8+M8)*N8+(O8+P8+Q8+R8+S8+T8+U8)*V8 -> 0
B9: SKU | O9: BE324-PUPPY-37 | P9: BE324-PUPPY-42 | Q9: BE324-PUPPY-47 | R9: BE324-PUPPY-50 | S9: BE324-PUPPY-52 | T9: BE324-PUPPY-54 | U9: BE324-PUPPY-56
B10: KITTY | H10: 0 | N10: 0 | V10: 17.7 | W10: =(C10+D10+E10+F10+G10)*H10+(I10+J10+K10+L10+M10)*N10+(O10+P10+Q10+R10+S10+T10+U10)*V10 -> 0
B11: SKU | O11: BE320-KITTY-37 | P11: BE320-KITTY-42 | Q11: BE320-KITTY-47 | R11: BE320-KITTY-50 | S11: BE320-KITTY-52 | T11: BE320-KITTY-54 | U11: BE320-KITTY-56
B12: TEDDY | H12: 0 | N12: 0 | V12: 17.7 | W12: =(C12+D12+E12+F12+G12)*H12+(I12+J12+K12+L12+M12)*N12+(O12+P12+Q12+R12+S12+T12+U12)*V12 -> 0
B13: SKU | O13: BE321-TEDDY-37 | P13: BE321-TEDDY-42 | Q13: BE321-TEDDY-47 | R13: BE321-TEDDY-50 | S13: BE321-TEDDY-52 | T13: BE321-TEDDY-54 | U13: BE321-TEDDY-56
B14: DENIM | H14: 14.07 | N14: 15.89 | V14: 0 | W14: =(C14+D14+E14+F14+G14)*H14+(I14+J14+K14+L14+M14)*N14+(O14+P14+Q14+R14+S14+T14+U14)*V14 -> 0
B15: SKU | C15: BE057-DENIM-37 | D15: BE057-DENIM-42 | E15: BE057-DENIM-47 | F15: BE057-DENIM-50 | G15: BE057-DENIM-52 | I15: LG059-DENIM-47 | J15: LG059-DENIM-50 | K15: LG059-DENIM-52 | L15: LG059-DENIM-54 | M15: LG059-DENIM-56
B16: BABY PINK MARLE | H16: 14.07 | N16: 15.89 | V16: 0 | W16: =(C16+D16+E16+F16+G16)*H16+(I16+J16+K16+L16+M16)*N16+(O16+P16+Q16+R16+S16+T16+U16)*V16 -> 0
B17: SKU | C17: BE057-BABYPINKMARLE-37 | D17: BE057-BABYPINKMARLE-42 | E17: BE057-BABYPINKMARLE-47 | F17: BE057-BABYPINKMARLE-50 | G17: BE057-BABYPINKMARLE-52 | I17: LG059-BABYPINKMARLE-47 | J17: LG059-BABYPINKMARLE-50 | K17: LG059-BABYPINKMARLE-52 | L17: LG059-BABYPINKMARLE-54 | M17: LG059-BABYPINKMARLE-56
B18: BABY BLUE MARLE | H18: 14.07 | N18: 0 | V18: 0 | W18: =(C18+D18+E18+F18+G18)*H18+(I18+J18+K18+L18+M18)*N18+(O18+P18+Q18+R18+S18+T18+U18)*V18 -> 0
B19: SKU | C19: BE057-BABYBLUEMARLE-37 | D19: BE057-BABYBLUEMARLE-42 | E19: BE057-BABYBLUEMARLE-47 | F19: BE057-BABYBLUEMARLE-50 | G19: BE057-BABYBLUEMARLE-52
B20: GREY MARLE | H20: 0 | N20: 15.89 | V20: 0 | W20: =(C20+D20+E20+F20+G20)*H20+(I20+J20+K20+L20+M20)*N20+(O20+P20+Q20+R20+S20+T20+U20)*V20 -> 0
B21: SKU | I21: LG059-GREYMARLE-47 | J21: LG059-GREYMARLE-50 | K21: LG059-GREYMARLE-52 | L21: LG059-GREYMARLE-54 | M21: LG059-GREYMARLE-56
C22: FLEECY WINTER BOOTIES | I22: BABY MITTENS | L22: FINGERLESS MITTENS | O22: FLEECE BUCKET
B23: Fleece - Mittens, Gloves, Booties
C24: 0-6 mt 10 cm | D24: 6-12 mt 12 cm | E24: 1-2 yrs 14 cm | F24: 2-3 yrs 16 cm | H24: Price ex GST | I24: 0-12 mt XS | J24: 1-2 yrs S | K24: Price ex GST | L24: 3-5 yr M | M24: 6-10 yrs L | N24: Price ex GST | O24: 0-3 mt 37 cm XXS | P24: 3-6 mt 42 cm XS | Q24: 6-12 mt 47 cm S | R24: 1-2 yr 50 cm M | S24: 2-3 yr 52 cm L | T24: 3-6 yr 54 cm XL | U24: 6-13 yr 56 cm XXL | V24: Price ex GST
B25: DENIM | H25: 15.89 | K25: 12.25 | N25: 13.16 | V25: 0 | W25: =(C25+D25+E25+F25+G25)*H25+(I25+J25)*K25+(L25+M25)*N25 -> 0
B26: SKU | C26: SH060-DENIM-10 | D26: SH060-DENIM-12 | E26: SH060-DENIM-14 | F26: SH060-DENIM-16 | I26: GL061-DENIM-XS | J26: GL061-DENIM-S | L26: GL062-DENIM-M | M26: GL062-DENIM-L | V26: 0
B27: BABY PINK MARLE | H27: 15.89 | K27: 12.25 | N27: 13.16 | V27: 0 | W27: =(C27+D27+E27+F27+G27)*H27+(I27+J27)*K27+(L27+M27)*N27 -> 0
B28: SKU | C28: SH060-BABYPINKMARLE-10 | D28: SH060-BABYPINKMARLE-12 | E28: SH060-BABYPINKMARLE-14 | F28: SH060-BABYPINKMARLE-16 | I28: GL061-BABYPINKMARLE-XS | J28: GL061-BABYPINKMARLE-S | L28: GL062-BABYPINKMARLE-M | M28: GL062-BABYPINKMARLE-L | V28: 0
B29: BABY BLUE MARLE | H29: 15.89 | K29: 12.25 | N29: 0 | V29: 0 | W29: =(C29+D29+E29+F29+G29)*H29+(I29+J29)*K29+(L29+M29)*N29 -> 0
B30: SKU | C30: SH060-BABYBLUEMARLE-10 | D30: SH060-BABYBLUEMARLE-12 | E30: SH060-BABYBLUEMARLE-14 | F30: SH060-BABYBLUEMARLE-16 | I30: GL061-BABYBLUEMARLE-XS | J30: GL061-BABYBLUEMARLE-S | V30: 0
B31: GREY MARLE | H31: 15.89 | K31: 12.25 | N31: 13.16 | V31: 0 | W31: =(C31+D31+E31+F31+G31)*H31+(I31+J31)*K31+(L31+M31)*N31 -> 0
B32: SKU | C32: SH060-GREYMARLE-10 | D32: SH060-GREYMARLE-12 | E32: SH060-GREYMARLE-14 | F32: SH060-GREYMARLE-16 | I32: GL061-GREYMARLE-XS | J32: GL061-GREYMARLE-S | L32: GL062-GREYMARLE-M | M32: GL062-GREYMARLE-L | V32: 0
B33: SHADOW | H33: 0 | K33: 0 | N33: 0 | V33: 18.16 | W33: =(O33+P33+Q33+R33+S33+T33+U33)*V33 -> 0
B34: SKU | O34: BU357-SHADOW-37 | P34: BU357-SHADOW-42 | Q34: BU357-SHADOW-47 | R34: BU357-SHADOW-50 | S34: BU357-SHADOW-52 | T34: BU357-SHADOW-54 | U34: BU357-SHADOW-56
B35: OATMEAL | H35: 0 | K35: 0 | N35: 0 | V35: 18.16 | W35: =(O35+P35+Q35+R35+S35+T35+U35)*V35 -> 0
B36: SKU | O36: BU357-OATMEAL-37 | P36: BU357-OATMEAL-42 | Q36: BU357-OATMEAL-47 | R36: BU357-OATMEAL-50 | S36: BU357-OATMEAL-52 | T36: BU357-OATMEAL-54 | U36: BU357-OATMEAL-56
B37: ROSEWOOD | H37: 0 | K37: 0 | N37: 0 | V37: 18.16 | W37: =(O37+P37+Q37+R37+S37+T37+U37)*V37 -> 0
B38: SKU | O38: BU357-ROSEWOOD-37 | P38: BU357-ROSEWOOD-42 | Q38: BU357-ROSEWOOD-47 | R38: BU357-ROSEWOOD-50 | S38: BU357-ROSEWOOD-52 | T38: BU357-ROSEWOOD-54 | U38: BU357-ROSEWOOD-56
V39: Total Fleece Order | W39: =SUM(W5:W38) -> 0
V40: GST Amount | W40: =(W39*1.1)-W39 -> 0
V41: Total | W41: =SUM(W39:W40) -> 0

Sheet Heritage
B2: STORE NAME: | C2: =Originals!C2 -> Insert your business name here
B4: Heritage - Reversible - Children
C5: LOUNGER (Flap hat) | H5: WANDERER (Panel Bucket) | M5: EXPLORER (Classic Bucket)
C6: 0-3 mt 38-42 cm XXS | D6: 3-6 mt 42-46 cm XS | E6: 6-12 mt 46-50 cm S | F6: 1-3 yr 50-54 cm M | G6: Price ex GST | H6: 6-12 mt 46-50 cm S | I6: 1-3 yr 50-54 cm M | J6: 3-6 yr 54-58 cm L | K6: 6-13 yr 58-62 cm XL | L6: Price ex GST | M6: 6-12 mt 46-50 cm S | N6: 1-3 yr 50-54 cm M | O6: 3-6 yr 54-58 cm L | P6: 6-13 yr 58-62 cm XL | Q6: Price ex GST | R6: Total ex GST
B7: FLYNN / FLAX | G7: 19.52 | L7: 22.7 | Q7: 22.7 | R7: =(C7+D7+E7+F7)*G7+(H7+I7+J7+K7)*L7+(M7+N7+O7+P7)*Q7 -> 0
B8: SKU | C8: HE-FH296-FLYNN-XXS | D8: HE-FH296-FLYNN-XS | E8: HE-FH296-FLYNN-S | F8: HE-FH296-FLYNN-M | H8: HE-PB298-FLYNN-S | I8: HE-PB298-FLYNN-M | J8: HE-PB298-FLYNN-L | K8: HE-PB298-FLYNN-XL | M8: HE-CB297-FLYNN-S | N8: HE-CB297-FLYNN-M | O8: HE-CB297-FLYNN-L | P8: HE-CB297-FLYNN-XL
B9: FINLEY / BLANC | G9: 19.52 | L9: 0 | Q9: 22.7 | R9: =(C9+D9+E9+F9)*G9+(H9+I9+J9+K9)*L9+(M9+N9+O9+P9)*Q9 -> 0
B10: SKU | C10: HE-FH228-FINLEY-XXS | D10: HE-FH228-FINLEY-XS | E10: HE-FH228-FINLEY-S | F10: HE-FH228-FINLEY-M | M10: HE-CB230-FINLEY-S | N10: HE-CB230-FINLEY-M | O10: HE-CB230-FINLEY-L | P10: HE-CB230-FINLEY-XL
B11: CHARLIE / INDIGO | G11: 19.52 | L11: 0 | Q11: 22.7 | R11: =(C11+D11+E11+F11)*G11+(H11+I11+J11+K11)*L11+(M11+N11+O11+P11)*Q11 -> 0
B12: SKU | C12: HE-FH228-CHARLIE-XXS | D12: HE-FH228-CHARLIE-XS | E12: HE-FH228-CHARLIE-S | F12: HE-FH228-CHARLIE-M | M12: HE-CB230-CHARLIE-S | N12: HE-CB230-CHARLIE-M | O12: HE-CB230-CHARLIE-L | P12: HE-CB230-CHARLIE-XL
B13: BOBBIE / EBONY | G13: 0 | L13: 0 | Q13: 22.7 | R13: =(C13+D13+E13+F13)*G13+(H13+I13+J13+K13)*L13+(M13+N13+O13+P13)*Q13 -> 0
B14: SKU | M14: HE-CB230-BOBBIE-S | N14: HE-CB230-BOBBIE-M | O14: HE-CB230-BOBBIE-L | P14: HE-CB230-BOBBIE-XL
C15: SEEKER (Bonnet) | H15: SEARCHER (Ruffle Bonnet) | M15: ROAMER (Earred Flap Hat)
C16: 0-3 mt 38-42 cm XXS | D16: 3-6 mt 42-46 cm XS | E16: 6-12 mt 46-50 cm S | F16: 1-3 yr 50-54 cm M | G16: Price ex GST | H16: 0-3 mt 38-42 cm XXS | I16: 3-6 mt 42-46 cm XS | J16: 6-12 mt 46-50 cm S | K16: 1-3 yr 50-54 cm M | L16: Price ex GST | M16: 0-3 mt 38-42 cm XXS | N16: 3-6 mt 42-46 cm XS | O16: 6-12 mt 46-50 cm S | P16: 1-3 yr 50-54 cm M | Q16: Price ex GST | R16: Total ex GST
B17: FLYNN / FLAX | G17: 16.8 | L17: 0 | Q17: 0 | R17: =(C17+D17+E17+F17)*G17+(H17+I17+J17+K17)*L17+(M17+N17+O17+P17)*Q17 -> 0
B18: SKU | C18: HE-BN294-FLYNN-XXS | D18: HE-BN294-FLYNN-XS | E18: HE-BN294-FLYNN-S | F18: HE-BN294-FLYNN-M
B19: FINLEY / BLANC | G19: 16.8 | L19: 0 | Q19: 0 | R19: =(C19+D19+E19+F19)*G19+(H19+I19+J19+K19)*L19+(M19+N19+O19+P19)*Q19 -> 0
B20: SKU | C20: HE-BN231-FINLEY-XXS | D20: HE-BN231-FINLEY-XS | E20: HE-BN231-FINLEY-S | F20: HE-BN231-FINLEY-M
B21: CHARLIE / INDIGO | G21: 16.8 | L21: 0 | Q21: 0 | R21: =(C21+D21+E21+F21)*G21+(H21+I21+J21+K21)*L21+(M21+N21+O21+P21)*Q21 -> 0
B22: SKU | C22: HE-BN231-CHARLIE-XXS | D22: HE-BN231-CHARLIE-XS | E22: HE-BN231-CHARLIE-S | F22: HE-BN231-CHARLIE-M
B23: STEELE / FLAX | G23: 0 | L23: 0 | Q23: 19.52 | R23: =(C23+D23+E23+F23)*G23+(H23+I23+J23+K23)*L23+(M23+N23+O23+P23)*Q23 -> 0
B24: SKU | M24: HE-FT222-STEELE-XXS | N24: HE-FT222-STEELE-XS | O24: HE-FT222-STEELE-S | P24: HE-FT222-STEELE-M
B25: ROSA / FLAX | G25: 0 | L25: 0 | Q25: 19.52 | R25: =(C25+D25+E25+F25)*G25+(H25+I25+J25+K25)*L25+(M25+N25+O25+P25)*Q25 -> 0
B26: SKU | M26: HE-FT222-ROSA-XXS | N26: HE-FT222-ROSA-XS | O26: HE-FT222-ROSA-S | P26: HE-FT222-ROSA-M
B27: MAIZE / FLAX | G27: 0 | L27: 0 | Q27: 19.52 | R27: =(C27+D27+E27+F27)*G27+(H27+I27+J27+K27)*L27+(M27+N27+O27+P27)*Q27 -> 0
B28: SKU | M28: HE-FT222-MAIZE-XXS | N28: HE-FT222-MAIZE-XS | O28: HE-FT222-MAIZE-S | P28: HE-FT222-MAIZE-M
B29: VIOLA / FLAX | G29: 0 | L29: 0 | Q29: 19.52 | R29: =(C29+D29+E29+F29)*G29+(H29+I29+J29+K29)*L29+(M29+N29+O29+P29)*Q29 -> 0
B30: SKU | M30: HE-FT222-VIOLA-XXS | N30: HE-FT222-VIOLA-XS | O30: HE-FT222-VIOLA-S | P30: HE-FT222-VIOLA-M
B31: Heritage - Reversible - Adult
C32: VACATIONER (Ladies) | H32: VOYAGER (Ladies Wide Brimmed Visor) | M32: BOWTIE CAP (Ladies silk lined cap) NEW
C33: 52-56 cm S | D33: 56-60 cm M | E33: 60-64 cm L | F33: 64-68 cm XL | G33: Price ex GST | H33: 52-56 cm S | I33: 56-60 cm M | J33: 60-64 cm L | K33: 64-68 cm XL | L33: Price ex GST | M33: 60 cm M | R33: Total ex GST
B34: FLYNN / FLAX | G34: 27.25 | L34: 25.43 | R34: =(C34+D34+E34+F34)*G34+(H34+I34+J34+K34)*L34 -> 0
B35: SKU | C35: HE-LD300-FLYNN-S | D35: HE-LD300-FLYNN-M | E35: HE-LD300-FLYNN-L | F35: HE-LD300-FLYNN-XL | H35: HE-VS301-FLYNN-S | I35: HE-VS301-FLYNN-M | J35: HE-VS301-FLYNN-L | K35: HE-VS301-FLYNN-XL
B36: FINLEY / BLANC | G36: 27.25 | L36: 25.43 | R36: =(C36+D36+E36+F36)*G36+(H36+I36+J36+K36)*L36 -> 0
B37: SKU | C37: HE-LD226-FINLEY-S | D37: HE-LD226-FINLEY-M | E37: HE-LD226-FINLEY-L | F37: HE-LD226-FINLEY-XL | H37: HE-VS224-FINLEY-S | I37: HE-VS224-FINLEY-M | J37: HE-VS224-FINLEY-L | K37: HE-VS224-FINLEY-XL
B38: CHARLIE / INDIGO | G38: 27.25 | L38: 25.43 | R38: =(C38+D38+E38+F38)*G38+(H38+I38+J38+K38)*L38 -> 0
B39: SKU | C39: HE-LD226-CHARLIE-S | D39: HE-LD226-CHARLIE-M | E39: HE-LD226-CHARLIE-L | F39: HE-LD226-CHARLIE-XL | H39: HE-VS224-CHARLIE-S | I39: HE-VS224-CHARLIE-M | J39: HE-VS224-CHARLIE-L | K39: HE-VS224-CHARLIE-XL
B40: BOBBIE / EBONY | G40: 27.25 | L40: 25.43 | R40: =(C40+D40+E40+F40)*G40+(H40+I40+J40+K40)*L40 -> 0
B41: SKU | C41: HE-LD226-BOBBIE-S | D41: HE-LD226-BOBBIE-M | E41: HE-LD226-BOBBIE-L | F41: HE-LD226-BOBBIE-XL | H41: HE-VS224-BOBBIE-S | I41: HE-VS224-BOBBIE-M | J41: HE-VS224-BOBBIE-L | K41: HE-VS224-BOBBIE-XL | Q41: 22.7
B42: EBONY | G42: 0 | L42: 0 | Q42: 22.7 | R42: =(C42+D42+E42+F42)*G42+(H42+I42+J42+K42)*L42+(M42+N42+O42+P42)*Q42 -> 0
B43: SKU | M43: HE-CBT375-EBONY-60 | Q43: 22.7
B44: ESPRESSO | G44: 0 | L44: 0 | Q44: 22.7 | R44: =(C44+D44+E44+F44)*G44+(H44+I44+J44+K44)*L44+(M44+N44+O44+P44)*Q44 -> 0
B45: SKU | M45: HE-CBT375-ESPRESSO-60 | Q45: 22.7
B46: FLAX | G46: 0 | L46: 0 | Q46: 22.7 | R46: =(C46+D46+E46+F46)*G46+(H46+I46+J46+K46)*L46+(M46+N46+O46+P46)*Q46 -> 0
B47: SKU | M47: HE-CBT375-FLAX-60 | Q47: 22.7
B48: ROSA | G48: 0 | L48: 0 | Q48: 22.7 | R48: =(C48+D48+E48+F48)*G48+(H48+I48+J48+K48)*L48+(M48+N48+O48+P48)*Q48 -> 0
B49: SKU | M49: HE-CBT375-ROSA-60 | Q49: 22.7
B50: SAGE | G50: 0 | L50: 0 | Q50: 22.7 | R50: =(C50+D50+E50+F50)*G50+(H50+I50+J50+K50)*L50+(M50+N50+O50+P50)*Q50 -> 0
B51: SKU | M51: HE-CBT375-SAGE-60 | Q51: 22.7
B52: SKYE | G52: 0 | L52: 0 | Q52: 22.7 | R52: =(C52+D52+E52+F52)*G52+(H52+I52+J52+K52)*L52+(M52+N52+O52+P52)*Q52 -> 0
B53: SKU | M53: HE-CBT375-SKYE-60 | Q53: 22.7
B54: INDIGO | G54: 0 | L54: 0 | Q54: 22.7 | R54: =(C54+D54+E54+F54)*G54+(H54+I54+J54+K54)*L54+(M54+N54+O54+P54)*Q54 -> 0
B55: SKU | M55: HE-CBT375-INDIGO-60
B56: Hat Stands
B57: Large Hat Stand | Q57: 250 | R57: =P57*Q57 -> 0
B58: SKU
B59: Table Stand | Q59: 20 | R59: =P59*Q59 -> 0
B60: SKU
B61: Large hat stands are available free of charge for orders over $3000 over the 2 drops*. The discount is applied upon invoice. The customer is responsible for shipping costs associated. Small hat stands are available as a set of two free of charge for orders over $1100 within 1 drop*. *This offer is only available to customers that have not previously redeemed. | O61: Total Heritage Order | R61: =SUM(R7:R60) -> 0
Q62: GST Amount | R62: =(R61*1.1)-R61 -> 0
Q63: Total | R63: =R61+R62 -> 0

Sheet IMPORTANT - Order Summary
B2: Order Summary
B4: If your order is over $1100 you are eligible for 50% 30 days credit.
D6: Autumn / Winter
D7: Mid-February
B8: Originals | D8: =Originals!U91 -> 0
B9: Fleece | D9: =Fleece!W41 -> 0
B10: Heritage | D10: =Heritage!R63 -> 0
B11: TOTAL | D11: =SUM(D8:D10) -> 0
B12: Pay 50% for dispatch. Balance due 30 days later* | D12: =D11/2 -> 0

Sheet Tally
C1: Collection | D1: Core/Print
A2: BB055-BABYBLUE-37 | B2: =SUM(H2:X2) -> 0 | C2: Originals | D2: Core | H2: {=IF(ISNA(INDEX(Originals!$C$7:$C$88,MATCH($A2,Originals!$C$7:$C$88,0)-1,1)),0,INDEX(Originals!$C$7:$C$88,MATCH($A2,Originals!$C$7:$C$88,0)-1,1))} -> 0 | I2: {=IF(ISNA(INDEX(Originals!$D$7:$D$88,MATCH($A2,Originals!$D$7:$D$88,0)-1,1)),0,INDEX(Originals!$D$7:$D$88,MATCH($A2,Originals!$D$7:$D$88,0)-1,1))} -> 0 | J2: {=IF(ISNA(INDEX(Originals!$E$7:$E$88,MATCH($A2,Originals!$E$7:$E$88,0)-1,1)),0,INDEX(Originals!$E$7:$E$88,MATCH($A2,Originals!$E$7:$E$88,0)-1,1))} -> 0 | K2: {=IF(ISNA(INDEX(Originals!$F$7:$F$88,MATCH($A2,Originals!$F$7:$F$88,0)-1,1)),0,INDEX(Originals!$F$7:$F$88,MATCH($A2,Originals!$F$7:$F$88,0)-1,1))} -> 0 | L2: {=IF(ISNA(INDEX(Originals!$G$7:$G$88,MATCH($A2,Originals!$G$7:$G$88,0)-1,1)),0,INDEX(Originals!$G$7:$G$88,MATCH($A2,Originals!$G$7:$G$88,0)-1,1))} -> 0 | M2: {=IF(ISNA(INDEX(Originals!$H$7:$H$88,MATCH($A2,Originals!$H$7:$H$88,0)-1,1)),0,INDEX(Originals!$H$7:$H$88,MATCH($A2,Originals!$H$7:$H$88,0)-1,1))} -> 0 | N2: {=IF(ISNA(INDEX(Originals!$J$7:$J$88,MATCH($A2,Originals!$J$7:$J$88,0)-1,1)),0,INDEX(Originals!$J$7:$J$88,MATCH($A2,Originals!$J$7:$J$88,0)-1,1))} -> 0 | O2: {=IF(ISNA(INDEX(Originals!$K$7:$K$88,MATCH($A2,Originals!$K$7:$K$88,0)-1,1)),0,INDEX(Originals!$K$7:$K$88,MATCH($A2,Originals!$K$7:$K$88,0)-1,1))} -> 0 | P2: {=IF(ISNA(INDEX(Originals!$L$7:$L$88,MATCH($A2,Originals!$L$7:$L$88,0)-1,1)),0,INDEX(Originals!$L$7:$L$88,MATCH($A2,Originals!$L$7:$L$88,0)-1,1))} -> 0 | Q2: {=IF(ISNA(INDEX(Originals!$M$7:$M$88,MATCH($A2,Originals!$M$7:$M$88,0)-1,1)),0,INDEX(Originals!$M$7:$M$88,MATCH($A2,Originals!$M$7:$M$88,0)-1,1))} -> 0 | R2: {=IF(ISNA(INDEX(Originals!$N$7:$N$88,MATCH($A2,Originals!$N$7:$N$88,0)-1,1)),0,INDEX(Originals!$N$7:$N$88,MATCH($A2,Originals!$N$7:$N$88,0)-1,1))} -> 0 | S2: {=IF(ISNA(INDEX(Originals!$P$7:$P$88,MATCH($A2,Originals!$P$7:$P$88,0)-1,1)),0,INDEX(Originals!$P$7:$P$88,MATCH($A2,Originals!$P$7:$P$88,0)-1,1))} -> 0 | T2: {=IF(ISNA(INDEX(Originals!$Q$7:$Q$88,MATCH($A2,Originals!$Q$7:$Q$88,0)-1,1)),0,INDEX(Originals!$Q$7:$Q$88,MATCH($A2,Originals!$Q$7:$Q$88,0)-1,1))} -> 0 | U2: {=IF(ISNA(INDEX(Originals!$R$7:$R$88,MATCH($A2,Originals!$R$7:$R$88,0)-1,1)),0,INDEX(Originals!$R$7:$R$88,MATCH($A2,Originals!$R$7:$R$88,0)-1,1))} -> 0 | V2: {=IF(ISNA(INDEX(Originals!$S$7:$S$88,MATCH($A2,Originals!$S$7:$S$88,0)-1,1)),0,INDEX(Originals!$S$7:$S$88,MATCH($A2,Originals!$S$7:$S$88,0)-1,1))} -> 0
A3: BB055-BABYBLUE-42 | B3: =SUM(H3:X3) -> 0 | C3: Originals | D3: Core | H3: {=IF(ISNA(INDEX(Originals!$C$7:$C$88,MATCH($A3,Originals!$C$7:$C$88,0)-1,1)),0,INDEX(Originals!$C$7:$C$88,MATCH($A3,Originals!$C$7:$C$88,0)-1,1))} -> 0 | I3: {=IF(ISNA(INDEX(Originals!$D$7:$D$88,MATCH($A3,Originals!$D$7:$D$88,0)-1,1)),0,INDEX(Originals!$D$7:$D$88,MATCH($A3,Originals!$D$7:$D$88,0)-1,1))} -> 0 | J3: {=IF(ISNA(INDEX(Originals!$E$7:$E$88,MATCH($A3,Originals!$E$7:$E$88,0)-1,1)),0,INDEX(Originals!$E$7:$E$88,MATCH($A3,Originals!$E$7:$E$88,0)-1,1))} -> 0 | K3: {=IF(ISNA(INDEX(Originals!$F$7:$F$88,MATCH($A3,Originals!$F$7:$F$88,0)-1,1)),0,INDEX(Originals!$F$7:$F$88,MATCH($A3,Originals!$F$7:$F$88,0)-1,1))} -> 0 | L3: {=IF(ISNA(INDEX(Originals!$G$7:$G$88,MATCH($A3,Originals!$G$7:$G$88,0)-1,1)),0,INDEX(Originals!$G$7:$G$88,MATCH($A3,Originals!$G$7:$G$88,0)-1,1))} -> 0 | M3: {=IF(ISNA(INDEX(Originals!$H$7:$H$88,MATCH($A3,Originals!$H$7:$H$88,0)-1,1)),0,INDEX(Originals!$H$7:$H$88,MATCH($A3,Originals!$H$7:$H$88,0)-1,1))} -> 0 | N3: {=IF(ISNA(INDEX(Originals!$J$7:$J$88,MATCH($A3,Originals!$J$7:$J$88,0)-1,1)),0,INDEX(Originals!$J$7:$J$88,MATCH($A3,Originals!$J$7:$J$88,0)-1,1))} -> 0 | O3: {=IF(ISNA(INDEX(Originals!$K$7:$K$88,MATCH($A3,Originals!$K$7:$K$88,0)-1,1)),0,INDEX(Originals!$K$7:$K$88,MATCH($A3,Originals!$K$7:$K$88,0)-1,1))} -> 0 | P3: {=IF(ISNA(INDEX(Originals!$L$7:$L$88,MATCH($A3,Originals!$L$7:$L$88,0)-1,1)),0,INDEX(Originals!$L$7:$L$88,MATCH($A3,Originals!$L$7:$L$88,0)-1,1))} -> 0 | Q3: {=IF(ISNA(INDEX(Originals!$M$7:$M$88,MATCH($A3,Originals!$M$7:$M$88,0)-1,1)),0,INDEX(Originals!$M$7:$M$88,MATCH($A3,Originals!$M$7:$M$88,0)-1,1))} -> 0 | R3: {=IF(ISNA(INDEX(Originals!$N$7:$N$88,MATCH($A3,Originals!$N$7:$N$88,0)-1,1)),0,INDEX(Originals!$N$7:$N$88,MATCH($A3,Originals!$N$7:$N$88,0)-1,1))} -> 0 | S3: {=IF(ISNA(INDEX(Originals!$P$7:$P$88,MATCH($A3,Originals!$P$7:$P$88,0)-1,1)),0,INDEX(Originals!$P$7:$P$88,MATCH($A3,Originals!$P$7:$P$88,0)-1,1))} -> 0 | T3: {=IF(ISNA(INDEX(Originals!$Q$7:$Q$88,MATCH($A3,Originals!$Q$7:$Q$88,0)-1,1)),0,INDEX(Originals!$Q$7:$Q$88,MATCH($A3,Originals!$Q$7:$Q$88,0)-1,1))} -> 0 | U3: {=IF(ISNA(INDEX(Originals!$R$7:$R$88,MATCH($A3,Originals!$R$7:$R$88,0)-1,1)),0,INDEX(Originals!$R$7:$R$88,MATCH($A3,Originals!$R$7:$R$88,0)-1,1))} -> 0 | V3: {=IF(ISNA(INDEX(Originals!$S$7:$S$88,MATCH($A3,Originals!$S$7:$S$88,0)-1,1)),0,INDEX(Originals!$S$7:$S$88,MATCH($A3,Originals!$S$7:$S$88,0)-1,1))} -> 0
A4: BB055-BABYBLUE-47 | B4: =SUM(H4:X4) -> 0 | C4: Originals | D4: Core | H4: {=IF(ISNA(INDEX(Originals!$C$7:$C$88,MATCH($A4,Originals!$C$7:$C$88,0)-1,1)),0,INDEX(Originals!$C$7:$C$88,MATCH($A4,Originals!$C$7:$C$88,0)-1,1))} -> 0 | I4: {=IF(ISNA(INDEX(Originals!$D$7:$D$88,MATCH($A4,Originals!$D$7:$D$88,0)-1,1)),0,INDEX(Originals!$D$7:$D$88,MATCH($A4,Originals!$D$7:$D$88,0)-1,1))} -> 0 | J4: {=IF(ISNA(INDEX(Originals!$E$7:$E$88,MATCH($A4,Originals!$E$7:$E$88,0)-1,1)),0,INDEX(Originals!$E$7:$E$88,MATCH($A4,Originals!$E$7:$E$88,0)-1,1))} -> 0 | K4: {=IF(ISNA(INDEX(Originals!$F$7:$F$88,MATCH($A4,Originals!$F$7:$F$88,0)-1,1)),0,INDEX(Originals!$F$7:$F$88,MATCH($A4,Originals!$F$7:$F$88,0)-1,1))} -> 0 | L4: {=IF(ISNA(INDEX(Originals!$G$7:$G$88,MATCH($A4,Originals!$G$7:$G$88,0)-1,1)),0,INDEX(Originals!$G$7:$G$88,MATCH($A4,Originals!$G$7:$G$88,0)-1,1))} -> 0 | M4: {=IF(ISNA(INDEX(Originals!$H$7:$H$88,MATCH($A4,Originals!$H$7:$H$88,0)-1,1)),0,INDEX(Originals!$H$7:$H$88,MATCH($A4,Originals!$H$7:$H$88,0)-1,1))} -> 0 | N4: {=IF(ISNA(INDEX(Originals!$J$7:$J$88,MATCH($A4,Originals!$J$7:$J$88,0)-1,1)),0,INDEX(Originals!$J$7:$J$88,MATCH($A4,Originals!$J$7:$J$88,0)-1,1))} -> 0 | O4: {=IF(ISNA(INDEX(Originals!$K$7:$K$88,MATCH($A4,Originals!$K$7:$K$88,0)-1,1)),0,INDEX(Originals!$K$7:$K$88,MATCH($A4,Originals!$K$7:$K$88,0)-1,1))} -> 0 | P4: {=IF(ISNA(INDEX(Originals!$L$7:$L$88,MATCH($A4,Originals!$L$7:$L$88,0)-1,1)),0,INDEX(Originals!$L$7:$L$88,MATCH($A4,Originals!$L$7:$L$88,0)-1,1))} -> 0 | Q4: {=IF(ISNA(INDEX(Originals!$M$7:$M$88,MATCH($A4,Originals!$M$7:$M$88,0)-1,1)),0,INDEX(Originals!$M$7:$M$88,MATCH($A4,Originals!$M$7:$M$88,0)-1,1))} -> 0 | R4: {=IF(ISNA(INDEX(Originals!$N$7:$N$88,MATCH($A4,Originals!$N$7:$N$88,0)-1,1)),0,INDEX(Originals!$N$7:$N$88,MATCH($A4,Originals!$N$7:$N$88,0)-1,1))} -> 0 | S4: {=IF(ISNA(INDEX(Originals!$P$7:$P$88,MATCH($A4,Originals!$P$7:$P$88,0)-1,1)),0,INDEX(Originals!$P$7:$P$88,MATCH($A4,Originals!$P$7:$P$88,0)-1,1))} -> 0 | T4: {=IF(ISNA(INDEX(Originals!$Q$7:$Q$88,MATCH($A4,Originals!$Q$7:$Q$88,0)-1,1)),0,INDEX(Originals!$Q$7:$Q$88,MATCH($A4,Originals!$Q$7:$Q$88,0)-1,1))} -> 0 | U4: {=IF(ISNA(INDEX(Originals!$R$7:$R$88,MATCH($A4,Originals!$R$7:$R$88,0)-1,1)),0,INDEX(Originals!$R$7:$R$88,MATCH($A4,Originals!$R$7:$R$88,0)-1,1))} -> 0 | V4: {=IF(ISNA(INDEX(Originals!$S$7:$S$88,MATCH($A4,Originals!$S$7:$S$88,0)-1,1)),0,INDEX(Originals!$S$7:$S$88,MATCH($A4,Originals!$S$7:$S$88,0)-1,1))} -> 0
A5: BB055-BABYBLUE-50 | B5: =SUM(H5:X5) -> 0 | C5: Originals | D5: Core | H5: {=IF(ISNA(INDEX(Originals!$C$7:$C$88,MATCH($A5,Originals!$C$7:$C$88,0)-1,1)),0,INDEX(Originals!$C$7:$C$88,MATCH($A5,Originals!$C$7:$C$88,0)-1,1))} -> 0 | I5: {=IF(ISNA(INDEX(Originals!$D$7:$D$88,MATCH($A5,Originals!$D$7:$D$88,0)-1,1)),0,INDEX(Originals!$D$7:$D$88,MATCH($A5,Originals!$D$7:$D$88,0)-1,1))} -> 0 | J5: {=IF(ISNA(INDEX(Originals!$E$7:$E$88,MATCH($A5,Originals!$E$7:$E$88,0)-1,1)),0,INDEX(Originals!$E$7:$E$88,MATCH($A5,Originals!$E$7:$E$88,0)-1,1))} -> 0 | K5: {=IF(ISNA(INDEX(Originals!$F$7:$F$88,MATCH($A5,Originals!$F$7:$F$88,0)-1,1)),0,INDEX(Originals!$F$7:$F$88,MATCH($A5,Originals!$F$7:$F$88,0)-1,1))} -> 0 | L5: {=IF(ISNA(INDEX(Originals!$G$7:$G$88,MATCH($A5,Originals!$G$7:$G$88,0)-1,1)),0,INDEX(Originals!$G$7:$G$88,MATCH($A5,Originals!$G$7:$G$88,0)-1,1))} -> 0 | M5: {=IF(ISNA(INDEX(Originals!$H$7:$H$88,MATCH($A5,Originals!$H$7:$H$88,0)-1,1)),0,INDEX(Originals!$H$7:$H$88,MATCH($A5,Originals!$H$7:$H$88,0)-1,1))} -> 0 | N5: {=IF(ISNA(INDEX(Originals!$J$7:$J$88,MATCH($A5,Originals!$J$7:$J$88,0)-1,1)),0,INDEX(Originals!$J$7:$J$88,MATCH($A5,Originals!$J$7:$J$88,0)-1,1))} -> 0 | O5: {=IF(ISNA(INDEX(Originals!$K$7:$K$88,MATCH($A5,Originals!$K$7:$K$88,0)-1,1)),0,INDEX(Originals!$K$7:$K$88,MATCH($A5,Originals!$K$7:$K$88,0)-1,1))} -> 0 | P5: {=IF(ISNA(INDEX(Originals!$L$7:$L$88,MATCH($A5,Originals!$L$7:$L$88,0)-1,1)),0,INDEX(Originals!$L$7:$L$88,MATCH($A5,Originals!$L$7:$L$88,0)-1,1))} -> 0 | Q5: {=IF(ISNA(INDEX(Originals!$M$7:$M$88,MATCH($A5,Originals!$M$7:$M$88,0)-1,1)),0,INDEX(Originals!$M$7:$M$88,MATCH($A5,Originals!$M$7:$M$88,0)-1,1))} -> 0 | R5: {=IF(ISNA(INDEX(Originals!$N$7:$N$88,MATCH($A5,Originals!$N$7:$N$88,0)-1,1)),0,INDEX(Originals!$N$7:$N$88,MATCH($A5,Originals!$N$7:$N$88,0)-1,1))} -> 0 | S5: {=IF(ISNA(INDEX(Originals!$P$7:$P$88,MATCH($A5,Originals!$P$7:$P$88,0)-1,1)),0,INDEX(Originals!$P$7:$P$88,MATCH($A5,Originals!$P$7:$P$88,0)-1,1))} -> 0 | T5: {=IF(ISNA(INDEX(Originals!$Q$7:$Q$88,MATCH($A5,Originals!$Q$7:$Q$88,0)-1,1)),0,INDEX(Originals!$Q$7:$Q$88,MATCH($A5,Originals!$Q$7:$Q$88,0)-1,1))} -> 0 | U5: {=IF(ISNA(INDEX(Originals!$R$7:$R$88,MATCH($A5,Originals!$R$7:$R$88,0)-1,1)),0,INDEX(Originals!$R$7:$R$88,MATCH($A5,Originals!$R$7:$R$88,0)-1,1))} -> 0 | V5: {=IF(ISNA(INDEX(Originals!$S$7:$S$88,MATCH($A5,Originals!$S$7:$S$88,0)-1,1)),0,INDEX(Originals!$S$7:$S$88,MATCH($A5,Originals!$S$7:$S$88,0)-1,1))} -> 0
A6: BB055-BABYBLUE-52 | B6: =SUM(H6:X6) -> 0 | C6: Originals | D6: Core | H6: {=IF(ISNA(INDEX(Originals!$C$7:$C$88,MATCH($A6,Originals!$C$7:$C$88,0)-1,1)),0,INDEX(Originals!$C$7:$C$88,MATCH($A6,Originals!$C$7:$C$88,0)-1,1))} -> 0 | I6: {=IF(ISNA(INDEX(Originals!$D$7:$D$88,MATCH($A6,Originals!$D$7:$D$88,0)-1,1)),0,INDEX(Originals!$D$7:$D$88,MATCH($A6,Originals!$D$7:$D$88,0)-1,1))} -> 0 | J6: {=IF(ISNA(INDEX(Originals!$E$7:$E$88,MATCH($A6,Originals!$E$7:$E$88,0)-1,1)),0,INDEX(Originals!$E$7:$E$88,MATCH($A6,Originals!$E$7:$E$88,0)-1,1))} -> 0 | K6: {=IF(ISNA(INDEX(Originals!$F$7:$F$88,MATCH($A6,Originals!$F$7:$F$88,0)-1,1)),0,INDEX(Originals!$F$7:$F$88,MATCH($A6,Originals!$F$7:$F$88,0)-1,1))} -> 0 | L6: {=IF(ISNA(INDEX(Originals!$G$7:$G$88,MATCH($A6,Originals!$G$7:$G$88,0)-1,1)),0,INDEX(Originals!$G$7:$G$88,MATCH($A6,Originals!$G$7:$G$88,0)-1,1))} -> 0 | M6: {=IF(ISNA(INDEX(Originals!$H$7:$H$88,MATCH($A6,Originals!$H$7:$H$88,0)-1,1)),0,INDEX(Originals!$H$7:$H$88,MATCH($A6,Originals!$H$7:$H$88,0)-1,1))} -> 0 | N6: {=IF(ISNA(INDEX(Originals!$J$7:$J$88,MATCH($A6,Originals!$J$7:$J$88,0)-1,1)),0,INDEX(Originals!$J$7:$J$88,MATCH($A6,Originals!$J$7:$J$88,0)-1,1))} -> 0 | O6: {=IF(ISNA(INDEX(Originals!$K$7:$K$88,MATCH($A6,Originals!$K$7:$K$88,0)-1,1)),0,INDEX(Originals!$K$7:$K$88,MATCH($A6,Originals!$K$7:$K$88,0)-1,1))} -> 0 | P6: {=IF(ISNA(INDEX(Originals!$L$7:$L$88,MATCH($A6,Originals!$L$7:$L$88,0)-1,1)),0,INDEX(Originals!$L$7:$L$88,MATCH($A6,Originals!$L$7:$L$88,0)-1,1))} -> 0 | Q6: {=IF(ISNA(INDEX(Originals!$M$7:$M$88,MATCH($A6,Originals!$M$7:$M$88,0)-1,1)),0,INDEX(Originals!$M$7:$M$88,MATCH($A6,Originals!$M$7:$M$88,0)-1,1))} -> 0 | R6: {=IF(ISNA(INDEX(Originals!$N$7:$N$88,MATCH($A6,Originals!$N$7:$N$88,0)-1,1)),0,INDEX(Originals!$N$7:$N$88,MATCH($A6,Originals!$N$7:$N$88,0)-1,1))} -> 0 | S6: {=IF(ISNA(INDEX(Originals!$P$7:$P$88,MATCH($A6,Originals!$P$7:$P$88,0)-1,1)),0,INDEX(Originals!$P$7:$P$88,MATCH($A6,Originals!$P$7:$P$88,0)-1,1))} -> 0 | T6: {=IF(ISNA(INDEX(Originals!$Q$7:$Q$88,MATCH($A6,Originals!$Q$7:$Q$88,0)-1,1)),0,INDEX(Originals!$Q$7:$Q$88,MATCH($A6,Originals!$Q$7:$Q$88,0)-1,1))} -> 0 | U6: {=IF(ISNA(INDEX(Originals!$R$7:$R$88,MATCH($A6,Originals!$R$7:$R$88,0)-1,1)),0,INDEX(Originals!$R$7:$R$88,MATCH($A6,Originals!$R$7:$R$88,0)-1,1))} -> 0 | V6: {=IF(ISNA(INDEX(Originals!$S$7:$S$88,MATCH($A6,Originals!$S$7:$S$88,0)-1,1)),0,INDEX(Originals!$S$7:$S$88,MATCH($A6,Originals!$S$7:$S$88,0)-1,1))} -> 0
A7: BB055-BLUSH-37 | B7: =SUM(H7:X7) -> 0 | C7: Originals | D7: Core | H7: {=IF(ISNA(INDEX(Originals!$C$7:$C$88,MATCH($A7,Originals!$C$7:$C$88,0)-1,1)),0,INDEX(Originals!$C$7:$C$88,MATCH($A7,Originals!$C$7:$C$88,0)-1,1))} -> 0 | I7: {=IF(ISNA(INDEX(Originals!$D$7:$D$88,MATCH($A7,Originals!$D$7:$D$88,0)-1,1)),0,INDEX(Originals!$D$7:$D$88,MATCH($A7,Originals!$D$7:$D$88,0)-1,1))} -> 0 | J7: {=IF(ISNA(INDEX(Originals!$E$7:$E$88,MATCH($A7,Originals!$E$7:$E$88,0)-1,1)),0,INDEX(Originals!$E$7:$E$88,MATCH($A7,Originals!$E$7:$E$88,0)-1,1))} -> 0 | K7: {=IF(ISNA(INDEX(Originals!$F$7:$F$88,MATCH($A7,Originals!$F$7:$F$88,0)-1,1)),0,INDEX(Originals!$F$7:$F$88,MATCH($A7,Originals!$F$7:$F$88,0)-1,1))} -> 0 | L7: {=IF(ISNA(INDEX(Originals!$G$7:$G$88,MATCH($A7,Originals!$G$7:$G$88,0)-1,1)),0,INDEX(Originals!$G$7:$G$88,MATCH($A7,Originals!$G$7:$G$88,0)-1,1))} -> 0 | M7: {=IF(ISNA(INDEX(Originals!$H$7:$H$88,MATCH($A7,Originals!$H$7:$H$88,0)-1,1)),0,INDEX(Originals!$H$7:$H$88,MATCH($A7,Originals!$H$7:$H$88,0)-1,1))} -> 0 | N7: {=IF(ISNA(INDEX(Originals!$J$7:$J$88,MATCH($A7,Originals!$J$7:$J$88,0)-1,1)),0,INDEX(Originals!$J$7:$J$88,MATCH($A7,Originals!$J$7:$J$88,0)-1,1))} -> 0 | O7: {=IF(ISNA(INDEX(Originals!$K$7:$K$88,MATCH($A7,Originals!$K$7:$K$88,0)-1,1)),0,INDEX(Originals!$K$7:$K$88,MATCH($A7,Originals!$K$7:$K$88,0)-1,1))} -> 0 | P7: {=IF(ISNA(INDEX(Originals!$L$7:$L$88,MATCH($A7,Originals!$L$7:$L$88,0)-1,1)),0,INDEX(Originals!$L$7:$L$88,MATCH($A7,Originals!$L$7:$L$88,0)-1,1))} -> 0 | Q7: {=IF(ISNA(INDEX(Originals!$M$7:$M$88,MATCH($A7,Originals!$M$7:$M$88,0)-1,1)),0,INDEX(Originals!$M$7:$M$88,MATCH($A7,Originals!$M$7:$M$88,0)-1,1))} -> 0 | R7: {=IF(ISNA(INDEX(Originals!$N$7:$N$88,MATCH($A7,Originals!$N$7:$N$88,0)-1,1)),0,INDEX(Originals!$N$7:$N$88,MATCH($A7,Originals!$N$7:$N$88,0)-1,1))} -> 0 | S7: {=IF(ISNA(INDEX(Originals!$P$7:$P$88,MATCH($A7,Originals!$P$7:$P$88,0)-1,1)),0,INDEX(Originals!$P$7:$P$88,MATCH($A7,Originals!$P$7:$P$88,0)-1,1))} -> 0 | T7: {=IF(ISNA(INDEX(Originals!$Q$7:$Q$88,MATCH($A7,Originals!$Q$7:$Q$88,0)-1,1)),0,INDEX(Originals!$Q$7:$Q$88,MATCH($A7,Originals!$Q$7:$Q$88,0)-1,1))} -> 0 | U7: {=IF(ISNA(INDEX(Originals!$R$7:$R$88,MATCH($A7,Originals!$R$7:$R$88,0)-1,1)),0,INDEX(Originals!$R$7:$R$88,MATCH($A7,Originals!$R$7:$R$88,0)-1,1))} -> 0 | V7: {=IF(ISNA(INDEX(Originals!$S$7:$S$88,MATCH($A7,Originals!$S$7:$S$88,0)-1,1)),0,INDEX(Originals!$S$7:$S$88,MATCH($A7,Originals!$S$7:$S$88,0)-1,1))} -> 0
A8: BB055-BLUSH-42 | B8: =SUM(H8:X8) -> 0 | C8: Originals | D8: Core | H8: {=IF(ISNA(INDEX(Originals!$C$7:$C$88,MATCH($A8,Originals!$C$7:$C$88,0)-1,1)),0,INDEX(Originals!$C$7:$C$88,MATCH($A8,Originals!$C$7:$C$88,0)-1,1))} -> 0 | I8: {=IF(ISNA(INDEX(Originals!$D$7:$D$88,MATCH($A8,Originals!$D$7:$D$88,0)-1,1)),0,INDEX(Originals!$D$7:$D$88,MATCH($A8,Originals!$D$7:$D$88,0)-1,1))} -> 0 | J8: {=IF(ISNA(INDEX(Originals!$E$7:$E$88,MATCH($A8,Originals!$E$7:$E$88,0)-1,1)),0,INDEX(Originals!$E$7:$E$88,MATCH($A8,Originals!$E$7:$E$88,0)-1,1))} -> 0 | K8: {=IF(ISNA(INDEX(Originals!$F$7:$F$88,MATCH($A8,Originals!$F$7:$F$88,0)-1,1)),0,INDEX(Originals!$F$7:$F$88,MATCH($A8,Originals!$F$7:$F$88,0)-1,1))} -> 0 | L8: {=IF(ISNA(INDEX(Originals!$G$7:$G$88,MATCH($A8,Originals!$G$7:$G$88,0)-1,1)),0,INDEX(Originals!$G$7:$G$88,MATCH($A8,Originals!$G$7:$G$88,0)-1,1))} -> 0 | M8: {=IF(ISNA(INDEX(Originals!$H$7:$H$88,MATCH($A8,Originals!$H$7:$H$88,0)-1,1)),0,INDEX(Originals!$H$7:$H$88,MATCH($A8,Originals!$H$7:$H$88,0)-1,1))} -> 0 | N8: {=IF(ISNA(INDEX(Originals!$J$7:$J$88,MATCH($A8,Originals!$J$7:$J$88,0)-1,1)),0,INDEX(Originals!$J$7:$J$88,MATCH($A8,Originals!$J$7:$J$88,0)-1,1))} -> 0 | O8: {=IF(ISNA(INDEX(Originals!$K$7:$K$88,MATCH($A8,Originals!$K$7:$K$88,0)-1,1)),0,INDEX(Originals!$K$7:$K$88,MATCH($A8,Originals!$K$7:$K$88,0)-1,1))} -> 0 | P8: {=IF(ISNA(INDEX(Originals!$L$7:$L$88,MATCH($A8,Originals!$L$7:$L$88,0)-1,1)),0,INDEX(Originals!$L$7:$L$88,MATCH($A8,Originals!$L$7:$L$88,0)-1,1))} -> 0 | Q8: {=IF(ISNA(INDEX(Originals!$M$7:$M$88,MATCH($A8,Originals!$M$7:$M$88,0)-1,1)),0,INDEX(Originals!$M$7:$M$88,MATCH($A8,Originals!$M$7:$M$88,0)-1,1))} -> 0 | R8: {=IF(ISNA(INDEX(Originals!$N$7:$N$88,MATCH($A8,Originals!$N$7:$N$88,0)-1,1)),0,INDEX(Originals!$N$7:$N$88,MATCH($A8,Originals!$N$7:$N$88,0)-1,1))} -> 0 | S8: {=IF(ISNA(INDEX(Originals!$P$7:$P$88,MATCH($A8,Originals!$P$7:$P$88,0)-1,1)),0,INDEX(Originals!$P$7:$P$88,MATCH($A8,Originals!$P$7:$P$88,0)-1,1))} -> 0 | T8: {=IF(ISNA(INDEX(Originals!$Q$7:$Q$88,MATCH($A8,Originals!$Q$7:$Q$88,0)-1,1)),0,INDEX(Originals!$Q$7:$Q$88,MATCH($A8,Originals!$Q$7:$Q$88,0)-1,1))} -> 0 | U8: {=IF(ISNA(INDEX(Originals!$R$7:$R$88,MATCH($A8,Originals!$R$7:$R$88,0)-1,1)),0,INDEX(Originals!$R$7:$R$88,MATCH($A8,Originals!$R$7:$R$88,0)-1,1))} -> 0 | V8: {=IF(ISNA(INDEX(Originals!$S$7:$S$88,MATCH($A8,Originals!$S$7:$S$88,0)-1,1)),0,INDEX(Originals!$S$7:$S$88,MATCH($A8,Originals!$S$7:$S$88,0)-1,1))} -> 0
A9: BB055-BLUSH-47 | B9: =SUM(H9:X9) -> 0 | C9: Originals | D9: Core | H9: {=IF(ISNA(INDEX(Originals!$C$7:$C$88,MATCH($A9,Originals!$C$7:$C$88,0)-1,1)),0,INDEX(Originals!$C$7:$C$88,MATCH($A9,Originals!$C$7:$C$88,0)-1,1))} -> 0 | I9: {=IF(ISNA(INDEX(Originals!$D$7:$D$88,MATCH($A9,Originals!$D$7:$D$88,0)-1,1)),0,INDEX(Originals!$D$7:$D$88,MATCH($A9,Originals!$D$7:$D$88,0)-1,1))} -> 0 | J9: {=IF(ISNA(INDEX(Originals!$E$7:$E$88,MATCH($A9,Originals!$E$7:$E$88,0)-1,1)),0,INDEX(Originals!$E$7:$E$88,MATCH($A9,Originals!$E$7:$E$88,0)-1,1))} -> 0 | K9: {=IF(ISNA(INDEX(Originals!$F$7:$F$88,MATCH($A9,Originals!$F$7:$F$88,0)-1,1)),0,INDEX(Originals!$F$7:$F$88,MATCH($A9,Originals!$F$7:$F$88,0)-1,1))} -> 0 | L9: {=IF(ISNA(INDEX(Originals!$G$7:$G$88,MATCH($A9,Originals!$G$7:$G$88,0)-1,1)),0,INDEX(Originals!$G$7:$G$88,MATCH($A9,Originals!$G$7:$G$88,0)-1,1))} -> 0 | M9: {=IF(ISNA(INDEX(Originals!$H$7:$H$88,MATCH($A9,Originals!$H$7:$H$88,0)-1,1)),0,INDEX(Originals!$H$7:$H$88,MATCH($A9,Originals!$H$7:$H$88,0)-1,1))} -> 0 | N9: {=IF(ISNA(INDEX(Originals!$J$7:$J$88,MATCH($A9,Originals!$J$7:$J$88,0)-1,1)),0,INDEX(Originals!$J$7:$J$88,MATCH($A9,Originals!$J$7:$J$88,0)-1,1))} -> 0 | O9: {=IF(ISNA(INDEX(Originals!$K$7:$K$88,MATCH($A9,Originals!$K$7:$K$88,0)-1,1)),0,INDEX(Originals!$K$7:$K$88,MATCH($A9,Originals!$K$7:$K$88,0)-1,1))} -> 0 | P9: {=IF(ISNA(INDEX(Originals!$L$7:$L$88,MATCH($A9,Originals!$L$7:$L$88,0)-1,1)),0,INDEX(Originals!$L$7:$L$88,MATCH($A9,Originals!$L$7:$L$88,0)-1,1))} -> 0 | Q9: {=IF(ISNA(INDEX(Originals!$M$7:$M$88,MATCH($A9,Originals!$M$7:$M$88,0)-1,1)),0,INDEX(Originals!$M$7:$M$88,MATCH($A9,Originals!$M$7:$M$88,0)-1,1))} -> 0 | R9: {=IF(ISNA(INDEX(Originals!$N$7:$N$88,MATCH($A9,Originals!$N$7:$N$88,0)-1,1)),0,INDEX(Originals!$N$7:$N$88,MATCH($A9,Originals!$N$7:$N$88,0)-1,1))} -> 0 | S9: {=IF(ISNA(INDEX(Originals!$P$7:$P$88,MATCH($A9,Originals!$P$7:$P$88,0)-1,1)),0,INDEX(Originals!$P$7:$P$88,MATCH($A9,Originals!$P$7:$P$88,0)-1,1))} -> 0 | T9: {=IF(ISNA(INDEX(Originals!$Q$7:$Q$88,MATCH($A9,Originals!$Q$7:$Q$88,0)-1,1)),0,INDEX(Originals!$Q$7:$Q$88,MATCH($A9,Originals!$Q$7:$Q$88,0)-1,1))} -> 0 | U9: {=IF(ISNA(INDEX(Originals!$R$7:$R$88,MATCH($A9,Originals!$R$7:$R$88,0)-1,1)),0,INDEX(Originals!$R$7:$R$88,MATCH($A9,Originals!$R$7:$R$88,0)-1,1))} -> 0 | V9: {=IF(ISNA(INDEX(Originals!$S$7:$S$88,MATCH($A9,Originals!$S$7:$S$88,0)-1,1)),0,INDEX(Originals!$S$7:$S$88,MATCH($A9,Originals!$S$7:$S$88,0)-1,1))} -> 0
A10: BB055-BLUSH-50 | B10: =SUM(H10:X10) -> 0 | C10: Originals | D10: Core | H10: {=IF(ISNA(INDEX(Originals!$C$7:$C$88,MATCH($A10,Originals!$C$7:$C$88,0)-1,1)),0,INDEX(Originals!$C$7:$C$88,MATCH($A10,Originals!$C$7:$C$88,0)-1,1))} -> 0 | I10: {=IF(ISNA(INDEX(Originals!$D$7:$D$88,MATCH($A10,Originals!$D$7:$D$88,0)-1,1)),0,INDEX(Originals!$D$7:$D$88,MATCH($A10,Originals!$D$7:$D$88,0)-1,1))} -> 0 | J10: {=IF(ISNA(INDEX(Originals!$E$7:$E$88,MATCH($A10,Originals!$E$7:$E$88,0)-1,1)),0,INDEX(Originals!$E$7:$E$88,MATCH($A10,Originals!$E$7:$E$88,0)-1,1))} -> 0 | K10: {=IF(ISNA(INDEX(Originals!$F$7:$F$88,MATCH($A10,Originals!$F$7:$F$88,0)-1,1)),0,INDEX(Originals!$F$7:$F$88,MATCH($A10,Originals!$F$7:$F$88,0)-1,1))} -> 0 | L10: {=IF(ISNA(INDEX(Originals!$G$7:$G$88,MATCH($A10,Originals!$G$7:$G$88,0)-1,1)),0,INDEX(Originals!$G$7:$G$88,MATCH($A10,Originals!$G$7:$G$88,0)-1,1))} -> 0 | M10: {=IF(ISNA(INDEX(Originals!$H$7:$H$88,MATCH($A10,Originals!$H$7:$H$88,0)-1,1)),0,INDEX(Originals!$H$7:$H$88,MATCH($A10,Originals!$H$7:$H$88,0)-1,1))} -> 0 | N10: {=IF(ISNA(INDEX(Originals!$J$7:$J$88,MATCH($A10,Originals!$J$7:$J$88,0)-1,1)),0,INDEX(Originals!$J$7:$J$88,MATCH($A10,Originals!$J$7:$J$88,0)-1,1))} -> 0 | O10: {=IF(ISNA(INDEX(Originals!$K$7:$K$88,MATCH($A10,Originals!$K$7:$K$88,0)-1,1)),0,INDEX(Originals!$K$7:$K$88,MATCH($A10,Originals!$K$7:$K$88,0)-1,1))} -> 0 | P10: {=IF(ISNA(INDEX(Originals!$L$7:$L$88,MATCH($A10,Originals!$L$7:$L$88,0)-1,1)),0,INDEX(Originals!$L$7:$L$88,MATCH($A10,Originals!$L$7:$L$88,0)-1,1))} -> 0 | Q10: {=IF(ISNA(INDEX(Originals!$M$7:$M$88,MATCH($A10,Originals!$M$7:$M$88,0)-1,1)),0,INDEX(Originals!$M$7:$M$88,MATCH($A10,Originals!$M$7:$M$88,0)-1,1))} -> 0 | R10: {=IF(ISNA(INDEX(Originals!$N$7:$N$88,MATCH($A10,Originals!$N$7:$N$88,0)-1,1)),0,INDEX(Originals!$N$7:$N$88,MATCH($A10,Originals!$N$7:$N$88,0)-1,1))} -> 0 | S10: {=IF(ISNA(INDEX(Originals!$P$7:$P$88,MATCH($A10,Originals!$P$7:$P$88,0)-1,1)),0,INDEX(Originals!$P$7:$P$88,MATCH($A10,Originals!$P$7:$P$88,0)-1,1))} -> 0 | T10: {=IF(ISNA(INDEX(Originals!$Q$7:$Q$88,MATCH($A10,Originals!$Q$7:$Q$88,0)-1,1)),0,INDEX(Originals!$Q$7:$Q$88,MATCH($A10,Originals!$Q$7:$Q$88,0)-1,1))} -> 0 | U10: {=IF(ISNA(INDEX(Originals!$R$7:$R$88,MATCH($A10,Originals!$R$7:$R$88,0)-1,1)),0,INDEX(Originals!$R$7:$R$88,MATCH($A10,Originals!$R$7:$R$88,0)-1,1))} -> 0 | V10: {=IF(ISNA(INDEX(Originals!$S$7:$S$88,MATCH($A10,Originals!$S$7:$S$88,0)-1,1)),0,INDEX(Originals!$S$7:$S$88,MATCH($A10,Originals!$S$7:$S$88,0)-1,1))} -> 0
A11: BB055-BLUSH-52 | B11: =SUM(H11:X11) -> 0 | C11: Originals | D11: Core | H11: {=IF(ISNA(INDEX(Originals!$C$7:$C$88,MATCH($A11,Originals!$C$7:$C$88,0)-1,1)),0,INDEX(Originals!$C$7:$C$88,MATCH($A11,Originals!$C$7:$C$88,0)-1,1))} -> 0 | I11: {=IF(ISNA(INDEX(Originals!$D$7:$D$88,MATCH($A11,Originals!$D$7:$D$88,0)-1,1)),0,INDEX(Originals!$D$7:$D$88,MATCH($A11,Originals!$D$7:$D$88,0)-1,1))} -> 0 | J11: {=IF(ISNA(INDEX(Originals!$E$7:$E$88,MATCH($A11,Originals!$E$7:$E$88,0)-1,1)),0,INDEX(Originals!$E$7:$E$88,MATCH($A11,Originals!$E$7:$E$88,0)-1,1))} -> 0 | K11: {=IF(ISNA(INDEX(Originals!$F$7:$F$88,MATCH($A11,Originals!$F$7:$F$88,0)-1,1)),0,INDEX(Originals!$F$7:$F$88,MATCH($A11,Originals!$F$7:$F$88,0)-1,1))} -> 0 | L11: {=IF(ISNA(INDEX(Originals!$G$7:$G$88,MATCH($A11,Originals!$G$7:$G$88,0)-1,1)),0,INDEX(Originals!$G$7:$G$88,MATCH($A11,Originals!$G$7:$G$88,0)-1,1))} -> 0 | M11: {=IF(ISNA(INDEX(Originals!$H$7:$H$88,MATCH($A11,Originals!$H$7:$H$88,0)-1,1)),0,INDEX(Originals!$H$7:$H$88,MATCH($A11,Originals!$H$7:$H$88,0)-1,1))} -> 0 | N11: {=IF(ISNA(INDEX(Originals!$J$7:$J$88,MATCH($A11,Originals!$J$7:$J$88,0)-1,1)),0,INDEX(Originals!$J$7:$J$88,MATCH($A11,Originals!$J$7:$J$88,0)-1,1))} -> 0 | O11: {=IF(ISNA(INDEX(Originals!$K$7:$K$88,MATCH($A11,Originals!$K$7:$K$88,0)-1,1)),0,INDEX(Originals!$K$7:$K$88,MATCH($A11,Originals!$K$7:$K$88,0)-1,1))} -> 0 | P11: {=IF(ISNA(INDEX(Originals!$L$7:$L$88,MATCH($A11,Originals!$L$7:$L$88,0)-1,1)),0,INDEX(Originals!$L$7:$L$88,MATCH($A11,Originals!$L$7:$L$88,0)-1,1))} -> 0 | Q11: {=IF(ISNA(INDEX(Originals!$M$7:$M$88,MATCH($A11,Originals!$M$7:$M$88,0)-1,1)),0,INDEX(Originals!$M$7:$M$88,MATCH($A11,Originals!$M$7:$M$88,0)-1,1))} -> 0 | R11: {=IF(ISNA(INDEX(Originals!$N$7:$N$88,MATCH($A11,Originals!$N$7:$N$88,0)-1,1)),0,INDEX(Originals!$N$7:$N$88,MATCH($A11,Originals!$N$7:$N$88,0)-1,1))} -> 0 | S11: {=IF(ISNA(INDEX(Originals!$P$7:$P$88,MATCH($A11,Originals!$P$7:$P$88,0)-1,1)),0,INDEX(Originals!$P$7:$P$88,MATCH($A11,Originals!$P$7:$P$88,0)-1,1))} -> 0 | T11: {=IF(ISNA(INDEX(Originals!$Q$7:$Q$88,MATCH($A11,Originals!$Q$7:$Q$88,0)-1,1)),0,INDEX(Originals!$Q$7:$Q$88,MATCH($A11,Originals!$Q$7:$Q$88,0)-1,1))} -> 0 | U11: {=IF(ISNA(INDEX(Originals!$R$7:$R$88,MATCH($A11,Originals!$R$7:$R$88,0)-1,1)),0,INDEX(Originals!$R$7:$R$88,MATCH($A11,Originals!$R$7:$R$88,0)-1,1))} -> 0 | V11: {=IF(ISNA(INDEX(Originals!$S$7:$S$88,MATCH($A11,Originals!$S$7:$S$88,0)-1,1)),0,INDEX(Originals!$S$7:$S$88,MATCH($A11,Originals!$S$7:$S$88,0)-1,1))} -> 0
A12: BB055-CHAMBRAY-37 | B12: =SUM(H12:X12) -> 0 | C12: Originals | D12: Core | H12: {=IF(ISNA(INDEX(Originals!$C$7:$C$88,MATCH($A12,Originals!$C$7:$C$88,0)-1,1)),0,INDEX(Originals!$C$7:$C$88,MATCH($A12,Originals!$C$7:$C$88,0)-1,1))} -> 0 | I12: {=IF(ISNA(INDEX(Originals!$D$7:$D$88,MATCH($A12,Originals!$D$7:$D$88,0)-1,1)),0,INDEX(Originals!$D$7:$D$88,MATCH($A12,Originals!$D$7:$D$88,0)-1,1))} -> 0 | J12: {=IF(ISNA(INDEX(Originals!$E$7:$E$88,MATCH($A12,Originals!$E$7:$E$88,0)-1,1)),0,INDEX(Originals!$E$7:$E$88,MATCH($A12,Originals!$E$7:$E$88,0)-1,1))} -> 0 | K12: {=IF(ISNA(INDEX(Originals!$F$7:$F$88,MATCH($A12,Originals!$F$7:$F$88,0)-1,1)),0,INDEX(Originals!$F$7:$F$88,MATCH($A12,Originals!$F$7:$F$88,0)-1,1))} -> 0 | L12: {=IF(ISNA(INDEX(Originals!$G$7:$G$88,MATCH($A12,Originals!$G$7:$G$88,0)-1,1)),0,INDEX(Originals!$G$7:$G$88,MATCH($A12,Originals!$G$7:$G$88,0)-1,1))} -> 0 | M12: {=IF(ISNA(INDEX(Originals!$H$7:$H$88,MATCH($A12,Originals!$H$7:$H$88,0)-1,1)),0,INDEX(Originals!$H$7:$H$88,MATCH($A12,Originals!$H$7:$H$88,0)-1,1))} -> 0 | N12: {=IF(ISNA(INDEX(Originals!$J$7:$J$88,MATCH($A12,Originals!$J$7:$J$88,0)-1,1)),0,INDEX(Originals!$J$7:$J$88,MATCH($A12,Originals!$J$7:$J$88,0)-1,1))} -> 0 | O12: {=IF(ISNA(INDEX(Originals!$K$7:$K$88,MATCH($A12,Originals!$K$7:$K$88,0)-1,1)),0,INDEX(Originals!$K$7:$K$88,MATCH($A12,Originals!$K$7:$K$88,0)-1,1))} -> 0 | P12: {=IF(ISNA(INDEX(Originals!$L$7:$L$88,MATCH($A12,Originals!$L$7:$L$88,0)-1,1)),0,INDEX(Originals!$L$7:$L$88,MATCH($A12,Originals!$L$7:$L$88,0)-1,1))} -> 0 | Q12: {=IF(ISNA(INDEX(Originals!$M$7:$M$88,MATCH($A12,Originals!$M$7:$M$88,0)-1,1)),0,INDEX(Originals!$M$7:$M$88,MATCH($A12,Originals!$M$7:$M$88,0)-1,1))} -> 0 | R12: {=IF(ISNA(INDEX(Originals!$N$7:$N$88,MATCH($A12,Originals!$N$7:$N$88,0)-1,1)),0,INDEX(Originals!$N$7:$N$88,MATCH($A12,Originals!$N$7:$N$88,0)-1,1))} -> 0 | S12: {=IF(ISNA(INDEX(Originals!$P$7:$P$88,MATCH($A12,Originals!$P$7:$P$88,0)-1,1)),0,INDEX(Originals!$P$7:$P$88,MATCH($A12,Originals!$P$7:$P$88,0)-1,1))} -> 0 | T12: {=IF(ISNA(INDEX(Originals!$Q$7:$Q$88,MATCH($A12,Originals!$Q$7:$Q$88,0)-1,1)),0,INDEX(Originals!$Q$7:$Q$88,MATCH($A12,Originals!$Q$7:$Q$88,0)-1,1))} -> 0 | U12: {=IF(ISNA(INDEX(Originals!$R$7:$R$88,MATCH($A12,Originals!$R$7:$R$88,0)-1,1)),0,INDEX(Originals!$R$7:$R$88,MATCH($A12,Originals!$R$7:$R$88,0)-1,1))} -> 0 | V12: {=IF(ISNA(INDEX(Originals!$S$7:$S$88,MATCH($A12,Originals!$S$7:$S$88,0)-1,1)),0,INDEX(Originals!$S$7:$S$88,MATCH($A12,Originals!$S$7:$S$88,0)-1,1))} -> 0
A13: BB055-CHAMBRAY-42 | B13: =SUM(H13:X13) -> 0 | C13: Originals | D13: Core | H13: {=IF(ISNA(INDEX(Originals!$C$7:$C$88,MATCH($A13,Originals!$C$7:$C$88,0)-1,1)),0,INDEX(Originals!$C$7:$C$88,MATCH($A13,Originals!$C$7:$C$88,0)-1,1))} -> 0 | I13: {=IF(ISNA(INDEX(Originals!$D$7:$D$88,MATCH($A13,Originals!$D$7:$D$88,0)-1,1)),0,INDEX(Originals!$D$7:$D$88,MATCH($A13,Originals!$D$7:$D$88,0)-1,1))} -> 0 | J13: {=IF(ISNA(INDEX(Originals!$E$7:$E$88,MATCH($A13,Originals!$E$7:$E$88,0)-1,1)),0,INDEX(Originals!$E$7:$E$88,MATCH($A13,Originals!$E$7:$E$88,0)-1,1))} -> 0 | K13: {=IF(ISNA(INDEX(Originals!$F$7:$F$88,MATCH($A13,Originals!$F$7:$F$88,0)-1,1)),0,INDEX(Originals!$F$7:$F$88,MATCH($A13,Originals!$F$7:$F$88,0)-1,1))} -> 0 | L13: {=IF(ISNA(INDEX(Originals!$G$7:$G$88,MATCH($A13,Originals!$G$7:$G$88,0)-1,1)),0,INDEX(Originals!$G$7:$G$88,MATCH($A13,Originals!$G$7:$G$88,0)-1,1))} -> 0 | M13: {=IF(ISNA(INDEX(Originals!$H$7:$H$88,MATCH($A13,Originals!$H$7:$H$88,0)-1,1)),0,INDEX(Originals!$H$7:$H$88,MATCH($A13,Originals!$H$7:$H$88,0)-1,1))} -> 0 | N13: {=IF(ISNA(INDEX(Originals!$J$7:$J$88,MATCH($A13,Originals!$J$7:$J$88,0)-1,1)),0,INDEX(Originals!$J$7:$J$88,MATCH($A13,Originals!$J$7:$J$88,0)-1,1))} -> 0 | O13: {=IF(ISNA(INDEX(Originals!$K$7:$K$88,MATCH($A13,Originals!$K$7:$K$88,0)-1,1)),0,INDEX(Originals!$K$7:$K$88,MATCH($A13,Originals!$K$7:$K$88,0)-1,1))} -> 0 | P13: {=IF(ISNA(INDEX(Originals!$L$7:$L$88,MATCH($A13,Originals!$L$7:$L$88,0)-1,1)),0,INDEX(Originals!$L$7:$L$88,MATCH($A13,Originals!$L$7:$L$88,0)-1,1))} -> 0 | Q13: {=IF(ISNA(INDEX(Originals!$M$7:$M$88,MATCH($A13,Originals!$M$7:$M$88,0)-1,1)),0,INDEX(Originals!$M$7:$M$88,MATCH($A13,Originals!$M$7:$M$88,0)-1,1))} -> 0 | R13: {=IF(ISNA(INDEX(Originals!$N$7:$N$88,MATCH($A13,Originals!$N$7:$N$88,0)-1,1)),0,INDEX(Originals!$N$7:$N$88,MATCH($A13,Originals!$N$7:$N$88,0)-1,1))} -> 0 | S13: {=IF(ISNA(INDEX(Originals!$P$7:$P$88,MATCH($A13,Originals!$P$7:$P$88,0)-1,1)),0,INDEX(Originals!$P$7:$P$88,MATCH($A13,Originals!$P$7:$P$88,0)-1,1))} -> 0 | T13: {=IF(ISNA(INDEX(Originals!$Q$7:$Q$88,MATCH($A13,Originals!$Q$7:$Q$88,0)-1,1)),0,INDEX(Originals!$Q$7:$Q$88,MATCH($A13,Originals!$Q$7:$Q$88,0)-1,1))} -> 0 | U13: {=IF(ISNA(INDEX(Originals!$R$7:$R$88,MATCH($A13,Originals!$R$7:$R$88,0)-1,1)),0,INDEX(Originals!$R$7:$R$88,MATCH($A13,Originals!$R$7:$R$88,0)-1,1))} -> 0 | V13: {=IF(ISNA(INDEX(Originals!$S$7:$S$88,MATCH($A13,Originals!$S$7:$S$88,0)-1,1)),0,INDEX(Originals!$S$7:$S$88,MATCH($A13,Originals!$S$7:$S$88,0)-1,1))} -> 0
... A325: LG285-PINKSTRIPE-54 | B325: =SUM(H325:X325) -> 0 | C325: Originals | D325: Print | H325: {=IF(ISNA(INDEX(Originals!$C$7:$C$88,MATCH($A325,Originals!$C$7:$C$88,0)-1,1)),0,INDEX(Originals!$C$7:$C$88,MATCH($A325,Originals!$C$7:$C$88,0)-1,1))} -> 0 | I325: {=IF(ISNA(INDEX(Originals!$D$7:$D$88,MATCH($A325,Originals!$D$7:$D$88,0)-1,1)),0,INDEX(Originals!$D$7:$D$88,MATCH($A325,Originals!$D$7:$D$88,0)-1,1))} -> 0 | J325: {=IF(ISNA(INDEX(Originals!$E$7:$E$88,MATCH($A325,Originals!$E$7:$E$88,0)-1,1)),0,INDEX(Originals!$E$7:$E$88,MATCH($A325,Originals!$E$7:$E$88,0)-1,1))} -> 0 | K325: {=IF(ISNA(INDEX(Originals!$F$7:$F$88,MATCH($A325,Originals!$F$7:$F$88,0)-1,1)),0,INDEX(Originals!$F$7:$F$88,MATCH($A325,Originals!$F$7:$F$88,0)-1,1))} -> 0 | L325: {=IF(ISNA(INDEX(Originals!$G$7:$G$88,MATCH($A325,Originals!$G$7:$G$88,0)-1,1)),0,INDEX(Originals!$G$7:$G$88,MATCH($A325,Originals!$G$7:$G$88,0)-1,1))} -> 0 | M325: {=IF(ISNA(INDEX(Originals!$H$7:$H$88,MATCH($A325,Originals!$H$7:$H$88,0)-1,1)),0,INDEX(Originals!$H$7:$H$88,MATCH($A325,Originals!$H$7:$H$88,0)-1,1))} -> 0 | N325: {=IF(ISNA(INDEX(Originals!$J$7:$J$88,MATCH($A325,Originals!$J$7:$J$88,0)-1,1)),0,INDEX(Originals!$J$7:$J$88,MATCH($A325,Originals!$J$7:$J$88,0)-1,1))} -> 0 | O325: {=IF(ISNA(INDEX(Originals!$K$7:$K$88,MATCH($A325,Originals!$K$7:$K$88,0)-1,1)),0,INDEX(Originals!$K$7:$K$88,MATCH($A325,Originals!$K$7:$K$88,0)-1,1))} -> 0 | P325: {=IF(ISNA(INDEX(Originals!$L$7:$L$88,MATCH($A325,Originals!$L$7:$L$88,0)-1,1)),0,INDEX(Originals!$L$7:$L$88,MATCH($A325,Originals!$L$7:$L$88,0)-1,1))} -> 0 | Q325: {=IF(ISNA(INDEX(Originals!$M$7:$M$88,MATCH($A325,Originals!$M$7:$M$88,0)-1,1)),0,INDEX(Originals!$M$7:$M$88,MATCH($A325,Originals!$M$7:$M$88,0)-1,1))} -> 0 | R325: {=IF(ISNA(INDEX(Originals!$N$7:$N$88,MATCH($A325,Originals!$N$7:$N$88,0)-1,1)),0,INDEX(Originals!$N$7:$N$88,MATCH($A325,Originals!$N$7:$N$88,0)-1,1))} -> 0 | S325: {=IF(ISNA(INDEX(Originals!$P$7:$P$88,MATCH($A325,Originals!$P$7:$P$88,0)-1,1)),0,INDEX(Originals!$P$7:$P$88,MATCH($A325,Originals!$P$7:$P$88,0)-1,1))} -> 0 | T325: {=IF(ISNA(INDEX(Originals!$Q$7:$Q$88,MATCH($A325,Originals!$Q$7:$Q$88,0)-1,1)),0,INDEX(Originals!$Q$7:$Q$88,MATCH($A325,Originals!$Q$7:$Q$88,0)-1,1))} -> 0 | U325: {=IF(ISNA(INDEX(Originals!$R$7:$R$88,MATCH($A325,Originals!$R$7:$R$88,0)-1,1)),0,INDEX(Originals!$R$7:$R$88,MATCH($A325,Originals!$R$7:$R$88,0)-1,1))} -> 0 | V325: {=IF(ISNA(INDEX(Originals!$S$7:$S$88,MATCH($A325,Originals!$S$7:$S$88,0)-1,1)),0,INDEX(Originals!$S$7:$S$88,MATCH($A325,Originals!$S$7:$S$88,0)-1,1))} -> 0
A326: VM-STAND-WHITE-TIMBER | B326: =SUM(H326:X326) -> 0 | C326: Originals | H326: {=IF(ISNA(INDEX(Originals!$C$7:$C$88,MATCH($A326,Originals!$C$7:$C$88,0)-1,1)),0,INDEX(Originals!$C$7:$C$88,MATCH($A326,Originals!$C$7:$C$88,0)-1,1))} -> 0 | I326: {=IF(ISNA(INDEX(Originals!$D$7:$D$88,MATCH($A326,Originals!$D$7:$D$88,0)-1,1)),0,INDEX(Originals!$D$7:$D$88,MATCH($A326,Originals!$D$7:$D$88,0)-1,1))} -> 0 | J326: {=IF(ISNA(INDEX(Originals!$E$7:$E$88,MATCH($A326,Originals!$E$7:$E$88,0)-1,1)),0,INDEX(Originals!$E$7:$E$88,MATCH($A326,Originals!$E$7:$E$88,0)-1,1))} -> 0 | K326: {=IF(ISNA(INDEX(Originals!$F$7:$F$88,MATCH($A326,Originals!$F$7:$F$88,0)-1,1)),0,INDEX(Originals!$F$7:$F$88,MATCH($A326,Originals!$F$7:$F$88,0)-1,1))} -> 0 | L326: {=IF(ISNA(INDEX(Originals!$G$7:$G$88,MATCH($A326,Originals!$G$7:$G$88,0)-1,1)),0,INDEX(Originals!$G$7:$G$88,MATCH($A326,Originals!$G$7:$G$88,0)-1,1))} -> 0 | M326: {=IF(ISNA(INDEX(Originals!$H$7:$H$88,MATCH($A326,Originals!$H$7:$H$88,0)-1,1)),0,INDEX(Originals!$H$7:$H$88,MATCH($A326,Originals!$H$7:$H$88,0)-1,1))} -> 0 | N326: {=IF(ISNA(INDEX(Originals!$J$7:$J$88,MATCH($A326,Originals!$J$7:$J$88,0)-1,1)),0,INDEX(Originals!$J$7:$J$88,MATCH($A326,Originals!$J$7:$J$88,0)-1,1))} -> 0 | O326: {=IF(ISNA(INDEX(Originals!$K$7:$K$88,MATCH($A326,Originals!$K$7:$K$88,0)-1,1)),0,INDEX(Originals!$K$7:$K$88,MATCH($A326,Originals!$K$7:$K$88,0)-1,1))} -> 0 | P326: {=IF(ISNA(INDEX(Originals!$L$7:$L$88,MATCH($A326,Originals!$L$7:$L$88,0)-1,1)),0,INDEX(Originals!$L$7:$L$88,MATCH($A326,Originals!$L$7:$L$88,0)-1,1))} -> 0 | Q326: {=IF(ISNA(INDEX(Originals!$M$7:$M$88,MATCH($A326,Originals!$M$7:$M$88,0)-1,1)),0,INDEX(Originals!$M$7:$M$88,MATCH($A326,Originals!$M$7:$M$88,0)-1,1))} -> 0 | R326: {=IF(ISNA(INDEX(Originals!$N$7:$N$88,MATCH($A326,Originals!$N$7:$N$88,0)-1,1)),0,INDEX(Originals!$N$7:$N$88,MATCH($A326,Originals!$N$7:$N$88,0)-1,1))} -> 0 | S326: {=IF(ISNA(INDEX(Originals!$P$7:$P$88,MATCH($A326,Originals!$P$7:$P$88,0)-1,1)),0,INDEX(Originals!$P$7:$P$88,MATCH($A326,Originals!$P$7:$P$88,0)-1,1))} -> 0 | T326: {=IF(ISNA(INDEX(Originals!$Q$7:$Q$88,MATCH($A326,Originals!$Q$7:$Q$88,0)-1,1)),0,INDEX(Originals!$Q$7:$Q$88,MATCH($A326,Originals!$Q$7:$Q$88,0)-1,1))} -> 0 | U326: {=IF(ISNA(INDEX(Originals!$R$7:$R$88,MATCH($A326,Originals!$R$7:$R$88,0)-1,1)),0,INDEX(Originals!$R$7:$R$88,MATCH($A326,Originals!$R$7:$R$88,0)-1,1))} -> 0 | V326: {=IF(ISNA(INDEX(Originals!$S$7:$S$88,MATCH($A326,Originals!$S$7:$S$88,0)-1,1)),0,INDEX(Originals!$S$7:$S$88,MATCH($A326,Originals!$S$7:$S$88,0)-1,1))} -> 0
A327: VM-STAND-TABLETOP | B327: =SUM(H327:X327) -> 0 | C327: Originals | H327: {=IF(ISNA(INDEX(Originals!$C$7:$C$88,MATCH($A327,Originals!$C$7:$C$88,0)-1,1)),0,INDEX(Originals!$C$7:$C$88,MATCH($A327,Originals!$C$7:$C$88,0)-1,1))} -> 0 | I327: {=IF(ISNA(INDEX(Originals!$D$7:$D$88,MATCH($A327,Originals!$D$7:$D$88,0)-1,1)),0,INDEX(Originals!$D$7:$D$88,MATCH($A327,Originals!$D$7:$D$88,0)-1,1))} -> 0 | J327: {=IF(ISNA(INDEX(Originals!$E$7:$E$88,MATCH($A327,Originals!$E$7:$E$88,0)-1,1)),0,INDEX(Originals!$E$7:$E$88,MATCH($A327,Originals!$E$7:$E$88,0)-1,1))} -> 0 | K327: {=IF(ISNA(INDEX(Originals!$F$7:$F$88,MATCH($A327,Originals!$F$7:$F$88,0)-1,1)),0,INDEX(Originals!$F$7:$F$88,MATCH($A327,Originals!$F$7:$F$88,0)-1,1))} -> 0 | L327: {=IF(ISNA(INDEX(Originals!$G$7:$G$88,MATCH($A327,Originals!$G$7:$G$88,0)-1,1)),0,INDEX(Originals!$G$7:$G$88,MATCH($A327,Originals!$G$7:$G$88,0)-1,1))} -> 0 | M327: {=IF(ISNA(INDEX(Originals!$H$7:$H$88,MATCH($A327,Originals!$H$7:$H$88,0)-1,1)),0,INDEX(Originals!$H$7:$H$88,MATCH($A327,Originals!$H$7:$H$88,0)-1,1))} -> 0 | N327: {=IF(ISNA(INDEX(Originals!$J$7:$J$88,MATCH($A327,Originals!$J$7:$J$88,0)-1,1)),0,INDEX(Originals!$J$7:$J$88,MATCH($A327,Originals!$J$7:$J$88,0)-1,1))} -> 0 | O327: {=IF(ISNA(INDEX(Originals!$K$7:$K$88,MATCH($A327,Originals!$K$7:$K$88,0)-1,1)),0,INDEX(Originals!$K$7:$K$88,MATCH($A327,Originals!$K$7:$K$88,0)-1,1))} -> 0 | P327: {=IF(ISNA(INDEX(Originals!$L$7:$L$88,MATCH($A327,Originals!$L$7:$L$88,0)-1,1)),0,INDEX(Originals!$L$7:$L$88,MATCH($A327,Originals!$L$7:$L$88,0)-1,1))} -> 0 | Q327: {=IF(ISNA(INDEX(Originals!$M$7:$M$88,MATCH($A327,Originals!$M$7:$M$88,0)-1,1)),0,INDEX(Originals!$M$7:$M$88,MATCH($A327,Originals!$M$7:$M$88,0)-1,1))} -> 0 | R327: {=IF(ISNA(INDEX(Originals!$N$7:$N$88,MATCH($A327,Originals!$N$7:$N$88,0)-1,1)),0,INDEX(Originals!$N$7:$N$88,MATCH($A327,Originals!$N$7:$N$88,0)-1,1))} -> 0 | S327: {=IF(ISNA(INDEX(Originals!$P$7:$P$88,MATCH($A327,Originals!$P$7:$P$88,0)-1,1)),0,INDEX(Originals!$P$7:$P$88,MATCH($A327,Originals!$P$7:$P$88,0)-1,1))} -> 0 | T327: {=IF(ISNA(INDEX(Originals!$Q$7:$Q$88,MATCH($A327,Originals!$Q$7:$Q$88,0)-1,1)),0,INDEX(Originals!$Q$7:$Q$88,MATCH($A327,Originals!$Q$7:$Q$88,0)-1,1))} -> 0 | U327: {=IF(ISNA(INDEX(Originals!$R$7:$R$88,MATCH($A327,Originals!$R$7:$R$88,0)-1,1)),0,INDEX(Originals!$R$7:$R$88,MATCH($A327,Originals!$R$7:$R$88,0)-1,1))} -> 0 | V327: {=IF(ISNA(INDEX(Originals!$S$7:$S$88,MATCH($A327,Originals!$S$7:$S$88,0)-1,1)),0,INDEX(Originals!$S$7:$S$88,MATCH($A327,Originals!$S$7:$S$88,0)-1,1))} -> 0
A328: HE-CB230-BOBBIE-L | B328: =SUM(H328:X328) -> 0 | C328: Heritage | D328: Core | H328: {=IF(ISNA(INDEX(Heritage!$C$6:$C$63,MATCH($A328,Heritage!$C$6:$C$63,0)-1,1)),0,INDEX(Heritage!$C$6:$C$63,MATCH($A328,Heritage!$C$6:$C$63,0)-1,1))} -> 0 | I328: {=IF(ISNA(INDEX(Heritage!$D$6:$D$63,MATCH($A328,Heritage!$D$6:$D$63,0)-1,1)),0,INDEX(Heritage!$D$6:$D$63,MATCH($A328,Heritage!$D$6:$D$63,0)-1,1))} -> 0 | J328: {=IF(ISNA(INDEX(Heritage!$E$6:$E$63,MATCH($A328,Heritage!$E$6:$E$63,0)-1,1)),0,INDEX(Heritage!$E$6:$E$63,MATCH($A328,Heritage!$E$6:$E$63,0)-1,1))} -> 0 | K328: {=IF(ISNA(INDEX(Heritage!$F$6:$F$63,MATCH($A328,Heritage!$F$6:$F$63,0)-1,1)),0,INDEX(Heritage!$F$6:$F$63,MATCH($A328,Heritage!$F$6:$F$63,0)-1,1))} -> 0 | L328: {=IF(ISNA(INDEX(Heritage!$H$6:$H$63,MATCH($A328,Heritage!$H$6:$H$63,0)-1,1)),0,INDEX(Heritage!$H$6:$H$63,MATCH($A328,Heritage!$H$6:$H$63,0)-1,1))} -> 0 | M328: {=IF(ISNA(INDEX(Heritage!$I$6:$I$63,MATCH($A328,Heritage!$I$6:$I$63,0)-1,1)),0,INDEX(Heritage!$I$6:$I$63,MATCH($A328,Heritage!$I$6:$I$63,0)-1,1))} -> 0 | N328: {=IF(ISNA(INDEX(Heritage!$J$6:$J$63,MATCH($A328,Heritage!$J$6:$J$63,0)-1,1)),0,INDEX(Heritage!$J$6:$J$63,MATCH($A328,Heritage!$J$6:$J$63,0)-1,1))} -> 0 | O328: {=IF(ISNA(INDEX(Heritage!$K$6:$K$63,MATCH($A328,Heritage!$K$6:$K$63,0)-1,1)),0,INDEX(Heritage!$K$6:$K$63,MATCH($A328,Heritage!$K$6:$K$63,0)-1,1))} -> 0 | P328: {=IF(ISNA(INDEX(Heritage!$M$6:$M$63,MATCH($A328,Heritage!$M$6:$M$63,0)-1,1)),0,INDEX(Heritage!$M$6:$M$63,MATCH($A328,Heritage!$M$6:$M$63,0)-1,1))} -> 0 | Q328: {=IF(ISNA(INDEX(Heritage!$N$6:$N$63,MATCH($A328,Heritage!$N$6:$N$63,0)-1,1)),0,INDEX(Heritage!$N$6:$N$63,MATCH($A328,Heritage!$N$6:$N$63,0)-1,1))} -> 0 | R328: {=IF(ISNA(INDEX(Heritage!$O$6:$O$63,MATCH($A328,Heritage!$O$6:$O$63,0)-1,1)),0,INDEX(Heritage!$O$6:$O$63,MATCH($A328,Heritage!$O$6:$O$63,0)-1,1))} -> 0 | S328: {=IF(ISNA(INDEX(Heritage!$P$6:$P$63,MATCH($A328,Heritage!$P$6:$P$63,0)-1,1)),0,INDEX(Heritage!$P$6:$P$63,MATCH($A328,Heritage!$P$6:$P$63,0)-1,1))} -> 0
A329: HE-CB230-BOBBIE-M | B329: =SUM(H329:X329) -> 0 | C329: Heritage | D329: Core | H329: {=IF(ISNA(INDEX(Heritage!$C$6:$C$63,MATCH($A329,Heritage!$C$6:$C$63,0)-1,1)),0,INDEX(Heritage!$C$6:$C$63,MATCH($A329,Heritage!$C$6:$C$63,0)-1,1))} -> 0 | I329: {=IF(ISNA(INDEX(Heritage!$D$6:$D$63,MATCH($A329,Heritage!$D$6:$D$63,0)-1,1)),0,INDEX(Heritage!$D$6:$D$63,MATCH($A329,Heritage!$D$6:$D$63,0)-1,1))} -> 0 | J329: {=IF(ISNA(INDEX(Heritage!$E$6:$E$63,MATCH($A329,Heritage!$E$6:$E$63,0)-1,1)),0,INDEX(Heritage!$E$6:$E$63,MATCH($A329,Heritage!$E$6:$E$63,0)-1,1))} -> 0 | K329: {=IF(ISNA(INDEX(Heritage!$F$6:$F$63,MATCH($A329,Heritage!$F$6:$F$63,0)-1,1)),0,INDEX(Heritage!$F$6:$F$63,MATCH($A329,Heritage!$F$6:$F$63,0)-1,1))} -> 0 | L329: {=IF(ISNA(INDEX(Heritage!$H$6:$H$63,MATCH($A329,Heritage!$H$6:$H$63,0)-1,1)),0,INDEX(Heritage!$H$6:$H$63,MATCH($A329,Heritage!$H$6:$H$63,0)-1,1))} -> 0 | M329: {=IF(ISNA(INDEX(Heritage!$I$6:$I$63,MATCH($A329,Heritage!$I$6:$I$63,0)-1,1)),0,INDEX(Heritage!$I$6:$I$63,MATCH($A329,Heritage!$I$6:$I$63,0)-1,1))} -> 0 | N329: {=IF(ISNA(INDEX(Heritage!$J$6:$J$63,MATCH($A329,Heritage!$J$6:$J$63,0)-1,1)),0,INDEX(Heritage!$J$6:$J$63,MATCH($A329,Heritage!$J$6:$J$63,0)-1,1))} -> 0 | O329: {=IF(ISNA(INDEX(Heritage!$K$6:$K$63,MATCH($A329,Heritage!$K$6:$K$63,0)-1,1)),0,INDEX(Heritage!$K$6:$K$63,MATCH($A329,Heritage!$K$6:$K$63,0)-1,1))} -> 0 | P329: {=IF(ISNA(INDEX(Heritage!$M$6:$M$63,MATCH($A329,Heritage!$M$6:$M$63,0)-1,1)),0,INDEX(Heritage!$M$6:$M$63,MATCH($A329,Heritage!$M$6:$M$63,0)-1,1))} -> 0 | Q329: {=IF(ISNA(INDEX(Heritage!$N$6:$N$63,MATCH($A329,Heritage!$N$6:$N$63,0)-1,1)),0,INDEX(Heritage!$N$6:$N$63,MATCH($A329,Heritage!$N$6:$N$63,0)-1,1))} -> 0 | R329: {=IF(ISNA(INDEX(Heritage!$O$6:$O$63,MATCH($A329,Heritage!$O$6:$O$63,0)-1,1)),0,INDEX(Heritage!$O$6:$O$63,MATCH($A329,Heritage!$O$6:$O$63,0)-1,1))} -> 0 | S329: {=IF(ISNA(INDEX(Heritage!$P$6:$P$63,MATCH($A329,Heritage!$P$6:$P$63,0)-1,1)),0,INDEX(Heritage!$P$6:$P$63,MATCH($A329,Heritage!$P$6:$P$63,0)-1,1))} -> 0
A330: HE-CB230-BOBBIE-S | B330: =SUM(H330:X330) -> 0 | C330: Heritage | D330: Core | H330: {=IF(ISNA(INDEX(Heritage!$C$6:$C$63,MATCH($A330,Heritage!$C$6:$C$63,0)-1,1)),0,INDEX(Heritage!$C$6:$C$63,MATCH($A330,Heritage!$C$6:$C$63,0)-1,1))} -> 0 | I330: {=IF(ISNA(INDEX(Heritage!$D$6:$D$63,MATCH($A330,Heritage!$D$6:$D$63,0)-1,1)),0,INDEX(Heritage!$D$6:$D$63,MATCH($A330,Heritage!$D$6:$D$63,0)-1,1))} -> 0 | J330: {=IF(ISNA(INDEX(Heritage!$E$6:$E$63,MATCH($A330,Heritage!$E$6:$E$63,0)-1,1)),0,INDEX(Heritage!$E$6:$E$63,MATCH($A330,Heritage!$E$6:$E$63,0)-1,1))} -> 0 | K330: {=IF(ISNA(INDEX(Heritage!$F$6:$F$63,MATCH($A330,Heritage!$F$6:$F$63,0)-1,1)),0,INDEX(Heritage!$F$6:$F$63,MATCH($A330,Heritage!$F$6:$F$63,0)-1,1))} -> 0 | L330: {=IF(ISNA(INDEX(Heritage!$H$6:$H$63,MATCH($A330,Heritage!$H$6:$H$63,0)-1,1)),0,INDEX(Heritage!$H$6:$H$63,MATCH($A330,Heritage!$H$6:$H$63,0)-1,1))} -> 0 | M330: {=IF(ISNA(INDEX(Heritage!$I$6:$I$63,MATCH($A330,Heritage!$I$6:$I$63,0)-1,1)),0,INDEX(Heritage!$I$6:$I$63,MATCH($A330,Heritage!$I$6:$I$63,0)-1,1))} -> 0 | N330: {=IF(ISNA(INDEX(Heritage!$J$6:$J$63,MATCH($A330,Heritage!$J$6:$J$63,0)-1,1)),0,INDEX(Heritage!$J$6:$J$63,MATCH($A330,Heritage!$J$6:$J$63,0)-1,1))} -> 0 | O330: {=IF(ISNA(INDEX(Heritage!$K$6:$K$63,MATCH($A330,Heritage!$K$6:$K$63,0)-1,1)),0,INDEX(Heritage!$K$6:$K$63,MATCH($A330,Heritage!$K$6:$K$63,0)-1,1))} -> 0 | P330: {=IF(ISNA(INDEX(Heritage!$M$6:$M$63,MATCH($A330,Heritage!$M$6:$M$63,0)-1,1)),0,INDEX(Heritage!$M$6:$M$63,MATCH($A330,Heritage!$M$6:$M$63,0)-1,1))} -> 0 | Q330: {=IF(ISNA(INDEX(Heritage!$N$6:$N$63,MATCH($A330,Heritage!$N$6:$N$63,0)-1,1)),0,INDEX(Heritage!$N$6:$N$63,MATCH($A330,Heritage!$N$6:$N$63,0)-1,1))} -> 0 | R330: {=IF(ISNA(INDEX(Heritage!$O$6:$O$63,MATCH($A330,Heritage!$O$6:$O$63,0)-1,1)),0,INDEX(Heritage!$O$6:$O$63,MATCH($A330,Heritage!$O$6:$O$63,0)-1,1))} -> 0 | S330: {=IF(ISNA(INDEX(Heritage!$P$6:$P$63,MATCH($A330,Heritage!$P$6:$P$63,0)-1,1)),0,INDEX(Heritage!$P$6:$P$63,MATCH($A330,Heritage!$P$6:$P$63,0)-1,1))} -> 0
A331: HE-CB230-BOBBIE-XL | B331: =SUM(H331:X331) -> 0 | C331: Heritage | D331: Core | H331: {=IF(ISNA(INDEX(Heritage!$C$6:$C$63,MATCH($A331,Heritage!$C$6:$C$63,0)-1,1)),0,INDEX(Heritage!$C$6:$C$63,MATCH($A331,Heritage!$C$6:$C$63,0)-1,1))} -> 0 | I331: {=IF(ISNA(INDEX(Heritage!$D$6:$D$63,MATCH($A331,Heritage!$D$6:$D$63,0)-1,1)),0,INDEX(Heritage!$D$6:$D$63,MATCH($A331,Heritage!$D$6:$D$63,0)-1,1))} -> 0 | J331: {=IF(ISNA(INDEX(Heritage!$E$6:$E$63,MATCH($A331,Heritage!$E$6:$E$63,0)-1,1)),0,INDEX(Heritage!$E$6:$E$63,MATCH($A331,Heritage!$E$6:$E$63,0)-1,1))} -> 0 | K331: {=IF(ISNA(INDEX(Heritage!$F$6:$F$63,MATCH($A331,Heritage!$F$6:$F$63,0)-1,1)),0,INDEX(Heritage!$F$6:$F$63,MATCH($A331,Heritage!$F$6:$F$63,0)-1,1))} -> 0 | L331: {=IF(ISNA(INDEX(Heritage!$H$6:$H$63,MATCH($A331,Heritage!$H$6:$H$63,0)-1,1)),0,INDEX(Heritage!$H$6:$H$63,MATCH($A331,Heritage!$H$6:$H$63,0)-1,1))} -> 0 | M331: {=IF(ISNA(INDEX(Heritage!$I$6:$I$63,MATCH($A331,Heritage!$I$6:$I$63,0)-1,1)),0,INDEX(Heritage!$I$6:$I$63,MATCH($A331,Heritage!$I$6:$I$63,0)-1,1))} -> 0 | N331: {=IF(ISNA(INDEX(Heritage!$J$6:$J$63,MATCH($A331,Heritage!$J$6:$J$63,0)-1,1)),0,INDEX(Heritage!$J$6:$J$63,MATCH($A331,Heritage!$J$6:$J$63,0)-1,1))} -> 0 | O331: {=IF(ISNA(INDEX(Heritage!$K$6:$K$63,MATCH($A331,Heritage!$K$6:$K$63,0)-1,1)),0,INDEX(Heritage!$K$6:$K$63,MATCH($A331,Heritage!$K$6:$K$63,0)-1,1))} -> 0 | P331: {=IF(ISNA(INDEX(Heritage!$M$6:$M$63,MATCH($A331,Heritage!$M$6:$M$63,0)-1,1)),0,INDEX(Heritage!$M$6:$M$63,MATCH($A331,Heritage!$M$6:$M$63,0)-1,1))} -> 0 | Q331: {=IF(ISNA(INDEX(Heritage!$N$6:$N$63,MATCH($A331,Heritage!$N$6:$N$63,0)-1,1)),0,INDEX(Heritage!$N$6:$N$63,MATCH($A331,Heritage!$N$6:$N$63,0)-1,1))} -> 0 | R331: {=IF(ISNA(INDEX(Heritage!$O$6:$O$63,MATCH($A331,Heritage!$O$6:$O$63,0)-1,1)),0,INDEX(Heritage!$O$6:$O$63,MATCH($A331,Heritage!$O$6:$O$63,0)-1,1))} -> 0 | S331: {=IF(ISNA(INDEX(Heritage!$P$6:$P$63,MATCH($A331,Heritage!$P$6:$P$63,0)-1,1)),0,INDEX(Heritage!$P$6:$P$63,MATCH($A331,Heritage!$P$6:$P$63,0)-1,1))} -> 0
A332: HE-CB230-CHARLIE-L | B332: =SUM(H332:X332) -> 0 | C332: Heritage | D332: Core | H332: {=IF(ISNA(INDEX(Heritage!$C$6:$C$63,MATCH($A332,Heritage!$C$6:$C$63,0)-1,1)),0,INDEX(Heritage!$C$6:$C$63,MATCH($A332,Heritage!$C$6:$C$63,0)-1,1))} -> 0 | I332: {=IF(ISNA(INDEX(Heritage!$D$6:$D$63,MATCH($A332,Heritage!$D$6:$D$63,0)-1,1)),0,INDEX(Heritage!$D$6:$D$63,MATCH($A332,Heritage!$D$6:$D$63,0)-1,1))} -> 0 | J332: {=IF(ISNA(INDEX(Heritage!$E$6:$E$63,MATCH($A332,Heritage!$E$6:$E$63,0)-1,1)),0,INDEX(Heritage!$E$6:$E$63,MATCH($A332,Heritage!$E$6:$E$63,0)-1,1))} -> 0 | K332: {=IF(ISNA(INDEX(Heritage!$F$6:$F$63,MATCH($A332,Heritage!$F$6:$F$63,0)-1,1)),0,INDEX(Heritage!$F$6:$F$63,MATCH($A332,Heritage!$F$6:$F$63,0)-1,1))} -> 0 | L332: {=IF(ISNA(INDEX(Heritage!$H$6:$H$63,MATCH($A332,Heritage!$H$6:$H$63,0)-1,1)),0,INDEX(Heritage!$H$6:$H$63,MATCH($A332,Heritage!$H$6:$H$63,0)-1,1))} -> 0 | M332: {=IF(ISNA(INDEX(Heritage!$I$6:$I$63,MATCH($A332,Heritage!$I$6:$I$63,0)-1,1)),0,INDEX(Heritage!$I$6:$I$63,MATCH($A332,Heritage!$I$6:$I$63,0)-1,1))} -> 0 | N332: {=IF(ISNA(INDEX(Heritage!$J$6:$J$63,MATCH($A332,Heritage!$J$6:$J$63,0)-1,1)),0,INDEX(Heritage!$J$6:$J$63,MATCH($A332,Heritage!$J$6:$J$63,0)-1,1))} -> 0 | O332: {=IF(ISNA(INDEX(Heritage!$K$6:$K$63,MATCH($A332,Heritage!$K$6:$K$63,0)-1,1)),0,INDEX(Heritage!$K$6:$K$63,MATCH($A332,Heritage!$K$6:$K$63,0)-1,1))} -> 0 | P332: {=IF(ISNA(INDEX(Heritage!$M$6:$M$63,MATCH($A332,Heritage!$M$6:$M$63,0)-1,1)),0,INDEX(Heritage!$M$6:$M$63,MATCH($A332,Heritage!$M$6:$M$63,0)-1,1))} -> 0 | Q332: {=IF(ISNA(INDEX(Heritage!$N$6:$N$63,MATCH($A332,Heritage!$N$6:$N$63,0)-1,1)),0,INDEX(Heritage!$N$6:$N$63,MATCH($A332,Heritage!$N$6:$N$63,0)-1,1))} -> 0 | R332: {=IF(ISNA(INDEX(Heritage!$O$6:$O$63,MATCH($A332,Heritage!$O$6:$O$63,0)-1,1)),0,INDEX(Heritage!$O$6:$O$63,MATCH($A332,Heritage!$O$6:$O$63,0)-1,1))} -> 0 | S332: {=IF(ISNA(INDEX(Heritage!$P$6:$P$63,MATCH($A332,Heritage!$P$6:$P$63,0)-1,1)),0,INDEX(Heritage!$P$6:$P$63,MATCH($A332,Heritage!$P$6:$P$63,0)-1,1))} -> 0
A333: HE-CB230-CHARLIE-M | B333: =SUM(H333:X333) -> 0 | C333: Heritage | D333: Core | H333: {=IF(ISNA(INDEX(Heritage!$C$6:$C$63,MATCH($A333,Heritage!$C$6:$C$63,0)-1,1)),0,INDEX(Heritage!$C$6:$C$63,MATCH($A333,Heritage!$C$6:$C$63,0)-1,1))} -> 0 | I333: {=IF(ISNA(INDEX(Heritage!$D$6:$D$63,MATCH($A333,Heritage!$D$6:$D$63,0)-1,1)),0,INDEX(Heritage!$D$6:$D$63,MATCH($A333,Heritage!$D$6:$D$63,0)-1,1))} -> 0 | J333: {=IF(ISNA(INDEX(Heritage!$E$6:$E$63,MATCH($A333,Heritage!$E$6:$E$63,0)-1,1)),0,INDEX(Heritage!$E$6:$E$63,MATCH($A333,Heritage!$E$6:$E$63,0)-1,1))} -> 0 | K333: {=IF(ISNA(INDEX(Heritage!$F$6:$F$63,MATCH($A333,Heritage!$F$6:$F$63,0)-1,1)),0,INDEX(Heritage!$F$6:$F$63,MATCH($A333,Heritage!$F$6:$F$63,0)-1,1))} -> 0 | L333: {=IF(ISNA(INDEX(Heritage!$H$6:$H$63,MATCH($A333,Heritage!$H$6:$H$63,0)-1,1)),0,INDEX(Heritage!$H$6:$H$63,MATCH($A333,Heritage!$H$6:$H$63,0)-1,1))} -> 0 | M333: {=IF(ISNA(INDEX(Heritage!$I$6:$I$63,MATCH($A333,Heritage!$I$6:$I$63,0)-1,1)),0,INDEX(Heritage!$I$6:$I$63,MATCH($A333,Heritage!$I$6:$I$63,0)-1,1))} -> 0 | N333: {=IF(ISNA(INDEX(Heritage!$J$6:$J$63,MATCH($A333,Heritage!$J$6:$J$63,0)-1,1)),0,INDEX(Heritage!$J$6:$J$63,MATCH($A333,Heritage!$J$6:$J$63,0)-1,1))} -> 0 | O333: {=IF(ISNA(INDEX(Heritage!$K$6:$K$63,MATCH($A333,Heritage!$K$6:$K$63,0)-1,1)),0,INDEX(Heritage!$K$6:$K$63,MATCH($A333,Heritage!$K$6:$K$63,0)-1,1))} -> 0 | P333: {=IF(ISNA(INDEX(Heritage!$M$6:$M$63,MATCH($A333,Heritage!$M$6:$M$63,0)-1,1)),0,INDEX(Heritage!$M$6:$M$63,MATCH($A333,Heritage!$M$6:$M$63,0)-1,1))} -> 0 | Q333: {=IF(ISNA(INDEX(Heritage!$N$6:$N$63,MATCH($A333,Heritage!$N$6:$N$63,0)-1,1)),0,INDEX(Heritage!$N$6:$N$63,MATCH($A333,Heritage!$N$6:$N$63,0)-1,1))} -> 0 | R333: {=IF(ISNA(INDEX(Heritage!$O$6:$O$63,MATCH($A333,Heritage!$O$6:$O$63,0)-1,1)),0,INDEX(Heritage!$O$6:$O$63,MATCH($A333,Heritage!$O$6:$O$63,0)-1,1))} -> 0 | S333: {=IF(ISNA(INDEX(Heritage!$P$6:$P$63,MATCH($A333,Heritage!$P$6:$P$63,0)-1,1)),0,INDEX(Heritage!$P$6:$P$63,MATCH($A333,Heritage!$P$6:$P$63,0)-1,1))} -> 0
A334: HE-CB230-CHARLIE-S | B334: =SUM(H334:X334) -> 0 | C334: Heritage | D334: Core | H334: {=IF(ISNA(INDEX(Heritage!$C$6:$C$63,MATCH($A334,Heritage!$C$6:$C$63,0)-1,1)),0,INDEX(Heritage!$C$6:$C$63,MATCH($A334,Heritage!$C$6:$C$63,0)-1,1))} -> 0 | I334: {=IF(ISNA(INDEX(Heritage!$D$6:$D$63,MATCH($A334,Heritage!$D$6:$D$63,0)-1,1)),0,INDEX(Heritage!$D$6:$D$63,MATCH($A334,Heritage!$D$6:$D$63,0)-1,1))} -> 0 | J334: {=IF(ISNA(INDEX(Heritage!$E$6:$E$63,MATCH($A334,Heritage!$E$6:$E$63,0)-1,1)),0,INDEX(Heritage!$E$6:$E$63,MATCH($A334,Heritage!$E$6:$E$63,0)-1,1))} -> 0 | K334: {=IF(ISNA(INDEX(Heritage!$F$6:$F$63,MATCH($A334,Heritage!$F$6:$F$63,0)-1,1)),0,INDEX(Heritage!$F$6:$F$63,MATCH($A334,Heritage!$F$6:$F$63,0)-1,1))} -> 0 | L334: {=IF(ISNA(INDEX(Heritage!$H$6:$H$63,MATCH($A334,Heritage!$H$6:$H$63,0)-1,1)),0,INDEX(Heritage!$H$6:$H$63,MATCH($A334,Heritage!$H$6:$H$63,0)-1,1))} -> 0 | M334: {=IF(ISNA(INDEX(Heritage!$I$6:$I$63,MATCH($A334,Heritage!$I$6:$I$63,0)-1,1)),0,INDEX(Heritage!$I$6:$I$63,MATCH($A334,Heritage!$I$6:$I$63,0)-1,1))} -> 0 | N334: {=IF(ISNA(INDEX(Heritage!$J$6:$J$63,MATCH($A334,Heritage!$J$6:$J$63,0)-1,1)),0,INDEX(Heritage!$J$6:$J$63,MATCH($A334,Heritage!$J$6:$J$63,0)-1,1))} -> 0 | O334: {=IF(ISNA(INDEX(Heritage!$K$6:$K$63,MATCH($A334,Heritage!$K$6:$K$63,0)-1,1)),0,INDEX(Heritage!$K$6:$K$63,MATCH($A334,Heritage!$K$6:$K$63,0)-1,1))} -> 0 | P334: {=IF(ISNA(INDEX(Heritage!$M$6:$M$63,MATCH($A334,Heritage!$M$6:$M$63,0)-1,1)),0,INDEX(Heritage!$M$6:$M$63,MATCH($A334,Heritage!$M$6:$M$63,0)-1,1))} -> 0 | Q334: {=IF(ISNA(INDEX(Heritage!$N$6:$N$63,MATCH($A334,Heritage!$N$6:$N$63,0)-1,1)),0,INDEX(Heritage!$N$6:$N$63,MATCH($A334,Heritage!$N$6:$N$63,0)-1,1))} -> 0 | R334: {=IF(ISNA(INDEX(Heritage!$O$6:$O$63,MATCH($A334,Heritage!$O$6:$O$63,0)-1,1)),0,INDEX(Heritage!$O$6:$O$63,MATCH($A334,Heritage!$O$6:$O$63,0)-1,1))} -> 0 | S334: {=IF(ISNA(INDEX(Heritage!$P$6:$P$63,MATCH($A334,Heritage!$P$6:$P$63,0)-1,1)),0,INDEX(Heritage!$P$6:$P$63,MATCH($A334,Heritage!$P$6:$P$63,0)-1,1))} -> 0
A335: HE-CB230-CHARLIE-XL | B335: =SUM(H335:X335) -> 0 | C335: Heritage | D335: Core | H335: {=IF(ISNA(INDEX(Heritage!$C$6:$C$63,MATCH($A335,Heritage!$C$6:$C$63,0)-1,1)),0,INDEX(Heritage!$C$6:$C$63,MATCH($A335,Heritage!$C$6:$C$63,0)-1,1))} -> 0 | I335: {=IF(ISNA(INDEX(Heritage!$D$6:$D$63,MATCH($A335,Heritage!$D$6:$D$63,0)-1,1)),0,INDEX(Heritage!$D$6:$D$63,MATCH($A335,Heritage!$D$6:$D$63,0)-1,1))} -> 0 | J335: {=IF(ISNA(INDEX(Heritage!$E$6:$E$63,MATCH($A335,Heritage!$E$6:$E$63,0)-1,1)),0,INDEX(Heritage!$E$6:$E$63,MATCH($A335,Heritage!$E$6:$E$63,0)-1,1))} -> 0 | K335: {=IF(ISNA(INDEX(Heritage!$F$6:$F$63,MATCH($A335,Heritage!$F$6:$F$63,0)-1,1)),0,INDEX(Heritage!$F$6:$F$63,MATCH($A335,Heritage!$F$6:$F$63,0)-1,1))} -> 0 | L335: {=IF(ISNA(INDEX(Heritage!$H$6:$H$63,MATCH($A335,Heritage!$H$6:$H$63,0)-1,1)),0,INDEX(Heritage!$H$6:$H$63,MATCH($A335,Heritage!$H$6:$H$63,0)-1,1))} -> 0 | M335: {=IF(ISNA(INDEX(Heritage!$I$6:$I$63,MATCH($A335,Heritage!$I$6:$I$63,0)-1,1)),0,INDEX(Heritage!$I$6:$I$63,MATCH($A335,Heritage!$I$6:$I$63,0)-1,1))} -> 0 | N335: {=IF(ISNA(INDEX(Heritage!$J$6:$J$63,MATCH($A335,Heritage!$J$6:$J$63,0)-1,1)),0,INDEX(Heritage!$J$6:$J$63,MATCH($A335,Heritage!$J$6:$J$63,0)-1,1))} -> 0 | O335: {=IF(ISNA(INDEX(Heritage!$K$6:$K$63,MATCH($A335,Heritage!$K$6:$K$63,0)-1,1)),0,INDEX(Heritage!$K$6:$K$63,MATCH($A335,Heritage!$K$6:$K$63,0)-1,1))} -> 0 | P335: {=IF(ISNA(INDEX(Heritage!$M$6:$M$63,MATCH($A335,Heritage!$M$6:$M$63,0)-1,1)),0,INDEX(Heritage!$M$6:$M$63,MATCH($A335,Heritage!$M$6:$M$63,0)-1,1))} -> 0 | Q335: {=IF(ISNA(INDEX(Heritage!$N$6:$N$63,MATCH($A335,Heritage!$N$6:$N$63,0)-1,1)),0,INDEX(Heritage!$N$6:$N$63,MATCH($A335,Heritage!$N$6:$N$63,0)-1,1))} -> 0 | R335: {=IF(ISNA(INDEX(Heritage!$O$6:$O$63,MATCH($A335,Heritage!$O$6:$O$63,0)-1,1)),0,INDEX(Heritage!$O$6:$O$63,MATCH($A335,Heritage!$O$6:$O$63,0)-1,1))} -> 0 | S335: {=IF(ISNA(INDEX(Heritage!$P$6:$P$63,MATCH($A335,Heritage!$P$6:$P$63,0)-1,1)),0,INDEX(Heritage!$P$6:$P$63,MATCH($A335,Heritage!$P$6:$P$63,0)-1,1))} -> 0
A336: HE-LD226-CHARLIE-L | B336: =SUM(H336:X336) -> 0 | C336: Heritage | D336: Core | H336: {=IF(ISNA(INDEX(Heritage!$C$6:$C$63,MATCH($A336,Heritage!$C$6:$C$63,0)-1,1)),0,INDEX(Heritage!$C$6:$C$63,MATCH($A336,Heritage!$C$6:$C$63,0)-1,1))} -> 0 | I336: {=IF(ISNA(INDEX(Heritage!$D$6:$D$63,MATCH($A336,Heritage!$D$6:$D$63,0)-1,1)),0,INDEX(Heritage!$D$6:$D$63,MATCH($A336,Heritage!$D$6:$D$63,0)-1,1))} -> 0 | J336: {=IF(ISNA(INDEX(Heritage!$E$6:$E$63,MATCH($A336,Heritage!$E$6:$E$63,0)-1,1)),0,INDEX(Heritage!$E$6:$E$63,MATCH($A336,Heritage!$E$6:$E$63,0)-1,1))} -> 0 | K336: {=IF(ISNA(INDEX(Heritage!$F$6:$F$63,MATCH($A336,Heritage!$F$6:$F$63,0)-1,1)),0,INDEX(Heritage!$F$6:$F$63,MATCH($A336,Heritage!$F$6:$F$63,0)-1,1))} -> 0 | L336: {=IF(ISNA(INDEX(Heritage!$H$6:$H$63,MATCH($A336,Heritage!$H$6:$H$63,0)-1,1)),0,INDEX(Heritage!$H$6:$H$63,MATCH($A336,Heritage!$H$6:$H$63,0)-1,1))} -> 0 | M336: {=IF(ISNA(INDEX(Heritage!$I$6:$I$63,MATCH($A336,Heritage!$I$6:$I$63,0)-1,1)),0,INDEX(Heritage!$I$6:$I$63,MATCH($A336,Heritage!$I$6:$I$63,0)-1,1))} -> 0 | N336: {=IF(ISNA(INDEX(Heritage!$J$6:$J$63,MATCH($A336,Heritage!$J$6:$J$63,0)-1,1)),0,INDEX(Heritage!$J$6:$J$63,MATCH($A336,Heritage!$J$6:$J$63,0)-1,1))} -> 0 | O336: {=IF(ISNA(INDEX(Heritage!$K$6:$K$63,MATCH($A336,Heritage!$K$6:$K$63,0)-1,1)),0,INDEX(Heritage!$K$6:$K$63,MATCH($A336,Heritage!$K$6:$K$63,0)-1,1))} -> 0 | P336: {=IF(ISNA(INDEX(Heritage!$M$6:$M$63,MATCH($A336,Heritage!$M$6:$M$63,0)-1,1)),0,INDEX(Heritage!$M$6:$M$63,MATCH($A336,Heritage!$M$6:$M$63,0)-1,1))} -> 0 | Q336: {=IF(ISNA(INDEX(Heritage!$N$6:$N$63,MATCH($A336,Heritage!$N$6:$N$63,0)-1,1)),0,INDEX(Heritage!$N$6:$N$63,MATCH($A336,Heritage!$N$6:$N$63,0)-1,1))} -> 0 | R336: {=IF(ISNA(INDEX(Heritage!$O$6:$O$63,MATCH($A336,Heritage!$O$6:$O$63,0)-1,1)),0,INDEX(Heritage!$O$6:$O$63,MATCH($A336,Heritage!$O$6:$O$63,0)-1,1))} -> 0 | S336: {=IF(ISNA(INDEX(Heritage!$P$6:$P$63,MATCH($A336,Heritage!$P$6:$P$63,0)-1,1)),0,INDEX(Heritage!$P$6:$P$63,MATCH($A336,Heritage!$P$6:$P$63,0)-1,1))} -> 0
A337: HE-LD226-CHARLIE-M | B337: =SUM(H337:X337) -> 0 | C337: Heritage | D337: Core | H337: {=IF(ISNA(INDEX(Heritage!$C$6:$C$63,MATCH($A337,Heritage!$C$6:$C$63,0)-1,1)),0,INDEX(Heritage!$C$6:$C$63,MATCH($A337,Heritage!$C$6:$C$63,0)-1,1))} -> 0 | I337: {=IF(ISNA(INDEX(Heritage!$D$6:$D$63,MATCH($A337,Heritage!$D$6:$D$63,0)-1,1)),0,INDEX(Heritage!$D$6:$D$63,MATCH($A337,Heritage!$D$6:$D$63,0)-1,1))} -> 0 | J337: {=IF(ISNA(INDEX(Heritage!$E$6:$E$63,MATCH($A337,Heritage!$E$6:$E$63,0)-1,1)),0,INDEX(Heritage!$E$6:$E$63,MATCH($A337,Heritage!$E$6:$E$63,0)-1,1))} -> 0 | K337: {=IF(ISNA(INDEX(Heritage!$F$6:$F$63,MATCH($A337,Heritage!$F$6:$F$63,0)-1,1)),0,INDEX(Heritage!$F$6:$F$63,MATCH($A337,Heritage!$F$6:$F$63,0)-1,1))} -> 0 | L337: {=IF(ISNA(INDEX(Heritage!$H$6:$H$63,MATCH($A337,Heritage!$H$6:$H$63,0)-1,1)),0,INDEX(Heritage!$H$6:$H$63,MATCH($A337,Heritage!$H$6:$H$63,0)-1,1))} -> 0 | M337: {=IF(ISNA(INDEX(Heritage!$I$6:$I$63,MATCH($A337,Heritage!$I$6:$I$63,0)-1,1)),0,INDEX(Heritage!$I$6:$I$63,MATCH($A337,Heritage!$I$6:$I$63,0)-1,1))} -> 0 | N337: {=IF(ISNA(INDEX(Heritage!$J$6:$J$63,MATCH($A337,Heritage!$J$6:$J$63,0)-1,1)),0,INDEX(Heritage!$J$6:$J$63,MATCH($A337,Heritage!$J$6:$J$63,0)-1,1))} -> 0 | O337: {=IF(ISNA(INDEX(Heritage!$K$6:$K$63,MATCH($A337,Heritage!$K$6:$K$63,0)-1,1)),0,INDEX(Heritage!$K$6:$K$63,MATCH($A337,Heritage!$K$6:$K$63,0)-1,1))} -> 0 | P337: {=IF(ISNA(INDEX(Heritage!$M$6:$M$63,MATCH($A337,Heritage!$M$6:$M$63,0)-1,1)),0,INDEX(Heritage!$M$6:$M$63,MATCH($A337,Heritage!$M$6:$M$63,0)-1,1))} -> 0 | Q337: {=IF(ISNA(INDEX(Heritage!$N$6:$N$63,MATCH($A337,Heritage!$N$6:$N$63,0)-1,1)),0,INDEX(Heritage!$N$6:$N$63,MATCH($A337,Heritage!$N$6:$N$63,0)-1,1))} -> 0 | R337: {=IF(ISNA(INDEX(Heritage!$O$6:$O$63,MATCH($A337,Heritage!$O$6:$O$63,0)-1,1)),0,INDEX(Heritage!$O$6:$O$63,MATCH($A337,Heritage!$O$6:$O$63,0)-1,1))} -> 0 | S337: {=IF(ISNA(INDEX(Heritage!$P$6:$P$63,MATCH($A337,Heritage!$P$6:$P$63,0)-1,1)),0,INDEX(Heritage!$P$6:$P$63,MATCH($A337,Heritage!$P$6:$P$63,0)-1,1))} -> 0
A338: HE-LD226-CHARLIE-S | B338: =SUM(H338:X338) -> 0 | C338: Heritage | D338: Core | H338: {=IF(ISNA(INDEX(Heritage!$C$6:$C$63,MATCH($A338,Heritage!$C$6:$C$63,0)-1,1)),0,INDEX(Heritage!$C$6:$C$63,MATCH($A338,Heritage!$C$6:$C$63,0)-1,1))} -> 0 | I338: {=IF(ISNA(INDEX(Heritage!$D$6:$D$63,MATCH($A338,Heritage!$D$6:$D$63,0)-1,1)),0,INDEX(Heritage!$D$6:$D$63,MATCH($A338,Heritage!$D$6:$D$63,0)-1,1))} -> 0 | J338: {=IF(ISNA(INDEX(Heritage!$E$6:$E$63,MATCH($A338,Heritage!$E$6:$E$63,0)-1,1)),0,INDEX(Heritage!$E$6:$E$63,MATCH($A338,Heritage!$E$6:$E$63,0)-1,1))} -> 0 | K338: {=IF(ISNA(INDEX(Heritage!$F$6:$F$63,MATCH($A338,Heritage!$F$6:$F$63,0)-1,1)),0,INDEX(Heritage!$F$6:$F$63,MATCH($A338,Heritage!$F$6:$F$63,0)-1,1))} -> 0 | L338: {=IF(ISNA(INDEX(Heritage!$H$6:$H$63,MATCH($A338,Heritage!$H$6:$H$63,0)-1,1)),0,INDEX(Heritage!$H$6:$H$63,MATCH($A338,Heritage!$H$6:$H$63,0)-1,1))} -> 0 | M338: {=IF(ISNA(INDEX(Heritage!$I$6:$I$63,MATCH($A338,Heritage!$I$6:$I$63,0)-1,1)),0,INDEX(Heritage!$I$6:$I$63,MATCH($A338,Heritage!$I$6:$I$63,0)-1,1))} -> 0 | N338: {=IF(ISNA(INDEX(Heritage!$J$6:$J$63,MATCH($A338,Heritage!$J$6:$J$63,0)-1,1)),0,INDEX(Heritage!$J$6:$J$63,MATCH($A338,Heritage!$J$6:$J$63,0)-1,1))} -> 0 | O338: {=IF(ISNA(INDEX(Heritage!$K$6:$K$63,MATCH($A338,Heritage!$K$6:$K$63,0)-1,1)),0,INDEX(Heritage!$K$6:$K$63,MATCH($A338,Heritage!$K$6:$K$63,0)-1,1))} -> 0 | P338: {=IF(ISNA(INDEX(Heritage!$M$6:$M$63,MATCH($A338,Heritage!$M$6:$M$63,0)-1,1)),0,INDEX(Heritage!$M$6:$M$63,MATCH($A338,Heritage!$M$6:$M$63,0)-1,1))} -> 0 | Q338: {=IF(ISNA(INDEX(Heritage!$N$6:$N$63,MATCH($A338,Heritage!$N$6:$N$63,0)-1,1)),0,INDEX(Heritage!$N$6:$N$63,MATCH($A338,Heritage!$N$6:$N$63,0)-1,1))} -> 0 | R338: {=IF(ISNA(INDEX(Heritage!$O$6:$O$63,MATCH($A338,Heritage!$O$6:$O$63,0)-1,1)),0,INDEX(Heritage!$O$6:$O$63,MATCH($A338,Heritage!$O$6:$O$63,0)-1,1))} -> 0 | S338: {=IF(ISNA(INDEX(Heritage!$P$6:$P$63,MATCH($A338,Heritage!$P$6:$P$63,0)-1,1)),0,INDEX(Heritage!$P$6:$P$63,MATCH($A338,Heritage!$P$6:$P$63,0)-1,1))} -> 0
A339: HE-LD226-CHARLIE-XL | B339: =SUM(H339:X339) -> 0 | C339: Heritage | D339: Core | H339: {=IF(ISNA(INDEX(Heritage!$C$6:$C$63,MATCH($A339,Heritage!$C$6:$C$63,0)-1,1)),0,INDEX(Heritage!$C$6:$C$63,MATCH($A339,Heritage!$C$6:$C$63,0)-1,1))} -> 0 | I339: {=IF(ISNA(INDEX(Heritage!$D$6:$D$63,MATCH($A339,Heritage!$D$6:$D$63,0)-1,1)),0,INDEX(Heritage!$D$6:$D$63,MATCH($A339,Heritage!$D$6:$D$63,0)-1,1))} -> 0 | J339: {=IF(ISNA(INDEX(Heritage!$E$6:$E$63,MATCH($A339,Heritage!$E$6:$E$63,0)-1,1)),0,INDEX(Heritage!$E$6:$E$63,MATCH($A339,Heritage!$E$6:$E$63,0)-1,1))} -> 0 | K339: {=IF(ISNA(INDEX(Heritage!$F$6:$F$63,MATCH($A339,Heritage!$F$6:$F$63,0)-1,1)),0,INDEX(Heritage!$F$6:$F$63,MATCH($A339,Heritage!$F$6:$F$63,0)-1,1))} -> 0 | L339: {=IF(ISNA(INDEX(Heritage!$H$6:$H$63,MATCH($A339,Heritage!$H$6:$H$63,0)-1,1)),0,INDEX(Heritage!$H$6:$H$63,MATCH($A339,Heritage!$H$6:$H$63,0)-1,1))} -> 0 | M339: {=IF(ISNA(INDEX(Heritage!$I$6:$I$63,MATCH($A339,Heritage!$I$6:$I$63,0)-1,1)),0,INDEX(Heritage!$I$6:$I$63,MATCH($A339,Heritage!$I$6:$I$63,0)-1,1))} -> 0 | N339: {=IF(ISNA(INDEX(Heritage!$J$6:$J$63,MATCH($A339,Heritage!$J$6:$J$63,0)-1,1)),0,INDEX(Heritage!$J$6:$J$63,MATCH($A339,Heritage!$J$6:$J$63,0)-1,1))} -> 0 | O339: {=IF(ISNA(INDEX(Heritage!$K$6:$K$63,MATCH($A339,Heritage!$K$6:$K$63,0)-1,1)),0,INDEX(Heritage!$K$6:$K$63,MATCH($A339,Heritage!$K$6:$K$63,0)-1,1))} -> 0 | P339: {=IF(ISNA(INDEX(Heritage!$M$6:$M$63,MATCH($A339,Heritage!$M$6:$M$63,0)-1,1)),0,INDEX(Heritage!$M$6:$M$63,MATCH($A339,Heritage!$M$6:$M$63,0)-1,1))} -> 0 | Q339: {=IF(ISNA(INDEX(Heritage!$N$6:$N$63,MATCH($A339,Heritage!$N$6:$N$63,0)-1,1)),0,INDEX(Heritage!$N$6:$N$63,MATCH($A339,Heritage!$N$6:$N$63,0)-1,1))} -> 0 | R339: {=IF(ISNA(INDEX(Heritage!$O$6:$O$63,MATCH($A339,Heritage!$O$6:$O$63,0)-1,1)),0,INDEX(Heritage!$O$6:$O$63,MATCH($A339,Heritage!$O$6:$O$63,0)-1,1))} -> 0 | S339: {=IF(ISNA(INDEX(Heritage!$P$6:$P$63,MATCH($A339,Heritage!$P$6:$P$63,0)-1,1)),0,INDEX(Heritage!$P$6:$P$63,MATCH($A339,Heritage!$P$6:$P$63,0)-1,1))} -> 0
... A426: HE-CBT375-INDIGO-60 | B426: =SUM(H426:X426) -> 0 | C426: Heritage | D426: Core | H426: {=IF(ISNA(INDEX(Heritage!$C$6:$C$63,MATCH($A426,Heritage!$C$6:$C$63,0)-1,1)),0,INDEX(Heritage!$C$6:$C$63,MATCH($A426,Heritage!$C$6:$C$63,0)-1,1))} -> 0 | I426: {=IF(ISNA(INDEX(Heritage!$D$6:$D$63,MATCH($A426,Heritage!$D$6:$D$63,0)-1,1)),0,INDEX(Heritage!$D$6:$D$63,MATCH($A426,Heritage!$D$6:$D$63,0)-1,1))} -> 0 | J426: {=IF(ISNA(INDEX(Heritage!$E$6:$E$63,MATCH($A426,Heritage!$E$6:$E$63,0)-1,1)),0,INDEX(Heritage!$E$6:$E$63,MATCH($A426,Heritage!$E$6:$E$63,0)-1,1))} -> 0 | K426: {=IF(ISNA(INDEX(Heritage!$F$6:$F$63,MATCH($A426,Heritage!$F$6:$F$63,0)-1,1)),0,INDEX(Heritage!$F$6:$F$63,MATCH($A426,Heritage!$F$6:$F$63,0)-1,1))} -> 0 | L426: {=IF(ISNA(INDEX(Heritage!$H$6:$H$63,MATCH($A426,Heritage!$H$6:$H$63,0)-1,1)),0,INDEX(Heritage!$H$6:$H$63,MATCH($A426,Heritage!$H$6:$H$63,0)-1,1))} -> 0 | M426: {=IF(ISNA(INDEX(Heritage!$I$6:$I$63,MATCH($A426,Heritage!$I$6:$I$63,0)-1,1)),0,INDEX(Heritage!$I$6:$I$63,MATCH($A426,Heritage!$I$6:$I$63,0)-1,1))} -> 0 | N426: {=IF(ISNA(INDEX(Heritage!$J$6:$J$63,MATCH($A426,Heritage!$J$6:$J$63,0)-1,1)),0,INDEX(Heritage!$J$6:$J$63,MATCH($A426,Heritage!$J$6:$J$63,0)-1,1))} -> 0 | O426: {=IF(ISNA(INDEX(Heritage!$K$6:$K$63,MATCH($A426,Heritage!$K$6:$K$63,0)-1,1)),0,INDEX(Heritage!$K$6:$K$63,MATCH($A426,Heritage!$K$6:$K$63,0)-1,1))} -> 0 | P426: {=IF(ISNA(INDEX(Heritage!$M$6:$M$63,MATCH($A426,Heritage!$M$6:$M$63,0)-1,1)),0,INDEX(Heritage!$M$6:$M$63,MATCH($A426,Heritage!$M$6:$M$63,0)-1,1))} -> 0 | Q426: {=IF(ISNA(INDEX(Heritage!$N$6:$N$63,MATCH($A426,Heritage!$N$6:$N$63,0)-1,1)),0,INDEX(Heritage!$N$6:$N$63,MATCH($A426,Heritage!$N$6:$N$63,0)-1,1))} -> 0 | R426: {=IF(ISNA(INDEX(Heritage!$O$6:$O$63,MATCH($A426,Heritage!$O$6:$O$63,0)-1,1)),0,INDEX(Heritage!$O$6:$O$63,MATCH($A426,Heritage!$O$6:$O$63,0)-1,1))} -> 0 | S426: {=IF(ISNA(INDEX(Heritage!$P$6:$P$63,MATCH($A426,Heritage!$P$6:$P$63,0)-1,1)),0,INDEX(Heritage!$P$6:$P$63,MATCH($A426,Heritage!$P$6:$P$63,0)-1,1))} -> 0
A427: VM-STAND-WHITE-TIMBER | B427: =SUM(H427:X427) -> 0 | C427: Heritage | H427: {=IF(ISNA(INDEX(Heritage!$C$6:$C$63,MATCH($A427,Heritage!$C$6:$C$63,0)-1,1)),0,INDEX(Heritage!$C$6:$C$63,MATCH($A427,Heritage!$C$6:$C$63,0)-1,1))} -> 0 | I427: {=IF(ISNA(INDEX(Heritage!$D$6:$D$63,MATCH($A427,Heritage!$D$6:$D$63,0)-1,1)),0,INDEX(Heritage!$D$6:$D$63,MATCH($A427,Heritage!$D$6:$D$63,0)-1,1))} -> 0 | J427: {=IF(ISNA(INDEX(Heritage!$E$6:$E$63,MATCH($A427,Heritage!$E$6:$E$63,0)-1,1)),0,INDEX(Heritage!$E$6:$E$63,MATCH($A427,Heritage!$E$6:$E$63,0)-1,1))} -> 0 | K427: {=IF(ISNA(INDEX(Heritage!$F$6:$F$63,MATCH($A427,Heritage!$F$6:$F$63,0)-1,1)),0,INDEX(Heritage!$F$6:$F$63,MATCH($A427,Heritage!$F$6:$F$63,0)-1,1))} -> 0 | L427: {=IF(ISNA(INDEX(Heritage!$H$6:$H$63,MATCH($A427,Heritage!$H$6:$H$63,0)-1,1)),0,INDEX(Heritage!$H$6:$H$63,MATCH($A427,Heritage!$H$6:$H$63,0)-1,1))} -> 0 | M427: {=IF(ISNA(INDEX(Heritage!$I$6:$I$63,MATCH($A427,Heritage!$I$6:$I$63,0)-1,1)),0,INDEX(Heritage!$I$6:$I$63,MATCH($A427,Heritage!$I$6:$I$63,0)-1,1))} -> 0 | N427: {=IF(ISNA(INDEX(Heritage!$J$6:$J$63,MATCH($A427,Heritage!$J$6:$J$63,0)-1,1)),0,INDEX(Heritage!$J$6:$J$63,MATCH($A427,Heritage!$J$6:$J$63,0)-1,1))} -> 0 | O427: {=IF(ISNA(INDEX(Heritage!$K$6:$K$63,MATCH($A427,Heritage!$K$6:$K$63,0)-1,1)),0,INDEX(Heritage!$K$6:$K$63,MATCH($A427,Heritage!$K$6:$K$63,0)-1,1))} -> 0 | P427: {=IF(ISNA(INDEX(Heritage!$M$6:$M$63,MATCH($A427,Heritage!$M$6:$M$63,0)-1,1)),0,INDEX(Heritage!$M$6:$M$63,MATCH($A427,Heritage!$M$6:$M$63,0)-1,1))} -> 0 | Q427: {=IF(ISNA(INDEX(Heritage!$N$6:$N$63,MATCH($A427,Heritage!$N$6:$N$63,0)-1,1)),0,INDEX(Heritage!$N$6:$N$63,MATCH($A427,Heritage!$N$6:$N$63,0)-1,1))} -> 0 | R427: {=IF(ISNA(INDEX(Heritage!$O$6:$O$63,MATCH($A427,Heritage!$O$6:$O$63,0)-1,1)),0,INDEX(Heritage!$O$6:$O$63,MATCH($A427,Heritage!$O$6:$O$63,0)-1,1))} -> 0 | S427: {=IF(ISNA(INDEX(Heritage!$P$6:$P$63,MATCH($A427,Heritage!$P$6:$P$63,0)-1,1)),0,INDEX(Heritage!$P$6:$P$63,MATCH($A427,Heritage!$P$6:$P$63,0)-1,1))} -> 0
A428: VM-STAND-TABLETOP | B428: =SUM(H428:X428) -> 0 | C428: Heritage | H428: {=IF(ISNA(INDEX(Heritage!$C$6:$C$63,MATCH($A428,Heritage!$C$6:$C$63,0)-1,1)),0,INDEX(Heritage!$C$6:$C$63,MATCH($A428,Heritage!$C$6:$C$63,0)-1,1))} -> 0 | I428: {=IF(ISNA(INDEX(Heritage!$D$6:$D$63,MATCH($A428,Heritage!$D$6:$D$63,0)-1,1)),0,INDEX(Heritage!$D$6:$D$63,MATCH($A428,Heritage!$D$6:$D$63,0)-1,1))} -> 0 | J428: {=IF(ISNA(INDEX(Heritage!$E$6:$E$63,MATCH($A428,Heritage!$E$6:$E$63,0)-1,1)),0,INDEX(Heritage!$E$6:$E$63,MATCH($A428,Heritage!$E$6:$E$63,0)-1,1))} -> 0 | K428: {=IF(ISNA(INDEX(Heritage!$F$6:$F$63,MATCH($A428,Heritage!$F$6:$F$63,0)-1,1)),0,INDEX(Heritage!$F$6:$F$63,MATCH($A428,Heritage!$F$6:$F$63,0)-1,1))} -> 0 | L428: {=IF(ISNA(INDEX(Heritage!$H$6:$H$63,MATCH($A428,Heritage!$H$6:$H$63,0)-1,1)),0,INDEX(Heritage!$H$6:$H$63,MATCH($A428,Heritage!$H$6:$H$63,0)-1,1))} -> 0 | M428: {=IF(ISNA(INDEX(Heritage!$I$6:$I$63,MATCH($A428,Heritage!$I$6:$I$63,0)-1,1)),0,INDEX(Heritage!$I$6:$I$63,MATCH($A428,Heritage!$I$6:$I$63,0)-1,1))} -> 0 | N428: {=IF(ISNA(INDEX(Heritage!$J$6:$J$63,MATCH($A428,Heritage!$J$6:$J$63,0)-1,1)),0,INDEX(Heritage!$J$6:$J$63,MATCH($A428,Heritage!$J$6:$J$63,0)-1,1))} -> 0 | O428: {=IF(ISNA(INDEX(Heritage!$K$6:$K$63,MATCH($A428,Heritage!$K$6:$K$63,0)-1,1)),0,INDEX(Heritage!$K$6:$K$63,MATCH($A428,Heritage!$K$6:$K$63,0)-1,1))} -> 0 | P428: {=IF(ISNA(INDEX(Heritage!$M$6:$M$63,MATCH($A428,Heritage!$M$6:$M$63,0)-1,1)),0,INDEX(Heritage!$M$6:$M$63,MATCH($A428,Heritage!$M$6:$M$63,0)-1,1))} -> 0 | Q428: {=IF(ISNA(INDEX(Heritage!$N$6:$N$63,MATCH($A428,Heritage!$N$6:$N$63,0)-1,1)),0,INDEX(Heritage!$N$6:$N$63,MATCH($A428,Heritage!$N$6:$N$63,0)-1,1))} -> 0 | R428: {=IF(ISNA(INDEX(Heritage!$O$6:$O$63,MATCH($A428,Heritage!$O$6:$O$63,0)-1,1)),0,INDEX(Heritage!$O$6:$O$63,MATCH($A428,Heritage!$O$6:$O$63,0)-1,1))} -> 0 | S428: {=IF(ISNA(INDEX(Heritage!$P$6:$P$63,MATCH($A428,Heritage!$P$6:$P$63,0)-1,1)),0,INDEX(Heritage!$P$6:$P$63,MATCH($A428,Heritage!$P$6:$P$63,0)-1,1))} -> 0
A429: BE058-GREYMARLE-37 | B429: =SUM(H429:X429) -> 0 | C429: Originals | D429: Fleece | H429: {=IF(ISNA(INDEX(Fleece!$C$6:$C$87,MATCH($A429,Fleece!$C$6:$C$87,0)-1,1)),0,INDEX(Fleece!$C$6:$C$87,MATCH($A429,Fleece!$C$6:$C$87,0)-1,1))} -> 0 | I429: {=IF(ISNA(INDEX(Fleece!$D$6:$D$87,MATCH($A429,Fleece!$D$6:$D$87,0)-1,1)),0,INDEX(Fleece!$D$6:$D$87,MATCH($A429,Fleece!$D$6:$D$87,0)-1,1))} -> 0 | J429: {=IF(ISNA(INDEX(Fleece!$E$6:$E$87,MATCH($A429,Fleece!$E$6:$E$87,0)-1,1)),0,INDEX(Fleece!$E$6:$E$87,MATCH($A429,Fleece!$E$6:$E$87,0)-1,1))} -> 0 | K429: {=IF(ISNA(INDEX(Fleece!$F$6:$F$87,MATCH($A429,Fleece!$F$6:$F$87,0)-1,1)),0,INDEX(Fleece!$F$6:$F$87,MATCH($A429,Fleece!$F$6:$F$87,0)-1,1))} -> 0 | L429: {=IF(ISNA(INDEX(Fleece!$G$6:$G$87,MATCH($A429,Fleece!$G$6:$G$87,0)-1,1)),0,INDEX(Fleece!$G$6:$G$87,MATCH($A429,Fleece!$G$6:$G$87,0)-1,1))} -> 0 | M429: {=IF(ISNA(INDEX(Fleece!$I$6:$I$87,MATCH($A429,Fleece!$I$6:$I$87,0)-1,1)),0,INDEX(Fleece!$I$6:$I$87,MATCH($A429,Fleece!$I$6:$I$87,0)-1,1))} -> 0 | N429: {=IF(ISNA(INDEX(Fleece!$J$6:$J$87,MATCH($A429,Fleece!$J$6:$J$87,0)-1,1)),0,INDEX(Fleece!$J$6:$J$87,MATCH($A429,Fleece!$J$6:$J$87,0)-1,1))} -> 0 | O429: {=IF(ISNA(INDEX(Fleece!$K$6:$K$87,MATCH($A429,Fleece!$K$6:$K$87,0)-1,1)),0,INDEX(Fleece!$K$6:$K$87,MATCH($A429,Fleece!$K$6:$K$87,0)-1,1))} -> 0 | P429: {=IF(ISNA(INDEX(Fleece!$L$6:$L$87,MATCH($A429,Fleece!$L$6:$L$87,0)-1,1)),0,INDEX(Fleece!$L$6:$L$87,MATCH($A429,Fleece!$L$6:$L$87,0)-1,1))} -> 0 | Q429: {=IF(ISNA(INDEX(Fleece!$M$6:$M$87,MATCH($A429,Fleece!$M$6:$M$87,0)-1,1)),0,INDEX(Fleece!$M$6:$M$87,MATCH($A429,Fleece!$M$6:$M$87,0)-1,1))} -> 0 | R429: {=IF(ISNA(INDEX(Fleece!$O$6:$O$87,MATCH($A429,Fleece!$O$6:$O$87,0)-1,1)),0,INDEX(Fleece!$O$6:$O$87,MATCH($A429,Fleece!$O$6:$O$87,0)-1,1))} -> 0 | S429: {=IF(ISNA(INDEX(Fleece!$P$6:$P$87,MATCH($A429,Fleece!$P$6:$P$87,0)-1,1)),0,INDEX(Fleece!$P$6:$P$87,MATCH($A429,Fleece!$P$6:$P$87,0)-1,1))} -> 0 | T429: {=IF(ISNA(INDEX(Fleece!$Q$6:$Q$87,MATCH($A429,Fleece!$Q$6:$Q$87,0)-1,1)),0,INDEX(Fleece!$Q$6:$Q$87,MATCH($A429,Fleece!$Q$6:$Q$87,0)-1,1))} -> 0 | U429: {=IF(ISNA(INDEX(Fleece!$R$6:$R$87,MATCH($A429,Fleece!$R$6:$R$87,0)-1,1)),0,INDEX(Fleece!$R$6:$R$87,MATCH($A429,Fleece!$R$6:$R$87,0)-1,1))} -> 0 | V429: {=IF(ISNA(INDEX(Fleece!$S$6:$S$87,MATCH($A429,Fleece!$S$6:$S$87,0)-1,1)),0,INDEX(Fleece!$S$6:$S$87,MATCH($A429,Fleece!$S$6:$S$87,0)-1,1))} -> 0 | W429: {=IF(ISNA(INDEX(Fleece!$T$6:$T$87,MATCH($A429,Fleece!$T$6:$T$87,0)-1,1)),0,INDEX(Fleece!$T$6:$T$87,MATCH($A429,Fleece!$T$6:$T$87,0)-1,1))} -> 0 | X429: {=IF(ISNA(INDEX(Fleece!$U$6:$U$87,MATCH($A429,Fleece!$U$6:$U$87,0)-1,1)),0,INDEX(Fleece!$U$6:$U$87,MATCH($A429,Fleece!$U$6:$U$87,0)-1,1))} -> 0
A430: BE058-GREYMARLE-42 | B430: =SUM(H430:X430) -> 0 | C430: Originals | D430: Fleece | H430: {=IF(ISNA(INDEX(Fleece!$C$6:$C$87,MATCH($A430,Fleece!$C$6:$C$87,0)-1,1)),0,INDEX(Fleece!$C$6:$C$87,MATCH($A430,Fleece!$C$6:$C$87,0)-1,1))} -> 0 | I430: {=IF(ISNA(INDEX(Fleece!$D$6:$D$87,MATCH($A430,Fleece!$D$6:$D$87,0)-1,1)),0,INDEX(Fleece!$D$6:$D$87,MATCH($A430,Fleece!$D$6:$D$87,0)-1,1))} -> 0 | J430: {=IF(ISNA(INDEX(Fleece!$E$6:$E$87,MATCH($A430,Fleece!$E$6:$E$87,0)-1,1)),0,INDEX(Fleece!$E$6:$E$87,MATCH($A430,Fleece!$E$6:$E$87,0)-1,1))} -> 0 | K430: {=IF(ISNA(INDEX(Fleece!$F$6:$F$87,MATCH($A430,Fleece!$F$6:$F$87,0)-1,1)),0,INDEX(Fleece!$F$6:$F$87,MATCH($A430,Fleece!$F$6:$F$87,0)-1,1))} -> 0 | L430: {=IF(ISNA(INDEX(Fleece!$G$6:$G$87,MATCH($A430,Fleece!$G$6:$G$87,0)-1,1)),0,INDEX(Fleece!$G$6:$G$87,MATCH($A430,Fleece!$G$6:$G$87,0)-1,1))} -> 0 | M430: {=IF(ISNA(INDEX(Fleece!$I$6:$I$87,MATCH($A430,Fleece!$I$6:$I$87,0)-1,1)),0,INDEX(Fleece!$I$6:$I$87,MATCH($A430,Fleece!$I$6:$I$87,0)-1,1))} -> 0 | N430: {=IF(ISNA(INDEX(Fleece!$J$6:$J$87,MATCH($A430,Fleece!$J$6:$J$87,0)-1,1)),0,INDEX(Fleece!$J$6:$J$87,MATCH($A430,Fleece!$J$6:$J$87,0)-1,1))} -> 0 | O430: {=IF(ISNA(INDEX(Fleece!$K$6:$K$87,MATCH($A430,Fleece!$K$6:$K$87,0)-1,1)),0,INDEX(Fleece!$K$6:$K$87,MATCH($A430,Fleece!$K$6:$K$87,0)-1,1))} -> 0 | P430: {=IF(ISNA(INDEX(Fleece!$L$6:$L$87,MATCH($A430,Fleece!$L$6:$L$87,0)-1,1)),0,INDEX(Fleece!$L$6:$L$87,MATCH($A430,Fleece!$L$6:$L$87,0)-1,1))} -> 0 | Q430: {=IF(ISNA(INDEX(Fleece!$M$6:$M$87,MATCH($A430,Fleece!$M$6:$M$87,0)-1,1)),0,INDEX(Fleece!$M$6:$M$87,MATCH($A430,Fleece!$M$6:$M$87,0)-1,1))} -> 0 | R430: {=IF(ISNA(INDEX(Fleece!$O$6:$O$87,MATCH($A430,Fleece!$O$6:$O$87,0)-1,1)),0,INDEX(Fleece!$O$6:$O$87,MATCH($A430,Fleece!$O$6:$O$87,0)-1,1))} -> 0 | S430: {=IF(ISNA(INDEX(Fleece!$P$6:$P$87,MATCH($A430,Fleece!$P$6:$P$87,0)-1,1)),0,INDEX(Fleece!$P$6:$P$87,MATCH($A430,Fleece!$P$6:$P$87,0)-1,1))} -> 0 | T430: {=IF(ISNA(INDEX(Fleece!$Q$6:$Q$87,MATCH($A430,Fleece!$Q$6:$Q$87,0)-1,1)),0,INDEX(Fleece!$Q$6:$Q$87,MATCH($A430,Fleece!$Q$6:$Q$87,0)-1,1))} -> 0 | U430: {=IF(ISNA(INDEX(Fleece!$R$6:$R$87,MATCH($A430,Fleece!$R$6:$R$87,0)-1,1)),0,INDEX(Fleece!$R$6:$R$87,MATCH($A430,Fleece!$R$6:$R$87,0)-1,1))} -> 0 | V430: {=IF(ISNA(INDEX(Fleece!$S$6:$S$87,MATCH($A430,Fleece!$S$6:$S$87,0)-1,1)),0,INDEX(Fleece!$S$6:$S$87,MATCH($A430,Fleece!$S$6:$S$87,0)-1,1))} -> 0 | W430: {=IF(ISNA(INDEX(Fleece!$T$6:$T$87,MATCH($A430,Fleece!$T$6:$T$87,0)-1,1)),0,INDEX(Fleece!$T$6:$T$87,MATCH($A430,Fleece!$T$6:$T$87,0)-1,1))} -> 0 | X430: {=IF(ISNA(INDEX(Fleece!$U$6:$U$87,MATCH($A430,Fleece!$U$6:$U$87,0)-1,1)),0,INDEX(Fleece!$U$6:$U$87,MATCH($A430,Fleece!$U$6:$U$87,0)-1,1))} -> 0
A431: BE058-GREYMARLE-47 | B431: =SUM(H431:X431) -> 0 | C431: Originals | D431: Fleece | H431: {=IF(ISNA(INDEX(Fleece!$C$6:$C$87,MATCH($A431,Fleece!$C$6:$C$87,0)-1,1)),0,INDEX(Fleece!$C$6:$C$87,MATCH($A431,Fleece!$C$6:$C$87,0)-1,1))} -> 0 | I431: {=IF(ISNA(INDEX(Fleece!$D$6:$D$87,MATCH($A431,Fleece!$D$6:$D$87,0)-1,1)),0,INDEX(Fleece!$D$6:$D$87,MATCH($A431,Fleece!$D$6:$D$87,0)-1,1))} -> 0 | J431: {=IF(ISNA(INDEX(Fleece!$E$6:$E$87,MATCH($A431,Fleece!$E$6:$E$87,0)-1,1)),0,INDEX(Fleece!$E$6:$E$87,MATCH($A431,Fleece!$E$6:$E$87,0)-1,1))} -> 0 | K431: {=IF(ISNA(INDEX(Fleece!$F$6:$F$87,MATCH($A431,Fleece!$F$6:$F$87,0)-1,1)),0,INDEX(Fleece!$F$6:$F$87,MATCH($A431,Fleece!$F$6:$F$87,0)-1,1))} -> 0 | L431: {=IF(ISNA(INDEX(Fleece!$G$6:$G$87,MATCH($A431,Fleece!$G$6:$G$87,0)-1,1)),0,INDEX(Fleece!$G$6:$G$87,MATCH($A431,Fleece!$G$6:$G$87,0)-1,1))} -> 0 | M431: {=IF(ISNA(INDEX(Fleece!$I$6:$I$87,MATCH($A431,Fleece!$I$6:$I$87,0)-1,1)),0,INDEX(Fleece!$I$6:$I$87,MATCH($A431,Fleece!$I$6:$I$87,0)-1,1))} -> 0 | N431: {=IF(ISNA(INDEX(Fleece!$J$6:$J$87,MATCH($A431,Fleece!$J$6:$J$87,0)-1,1)),0,INDEX(Fleece!$J$6:$J$87,MATCH($A431,Fleece!$J$6:$J$87,0)-1,1))} -> 0 | O431: {=IF(ISNA(INDEX(Fleece!$K$6:$K$87,MATCH($A431,Fleece!$K$6:$K$87,0)-1,1)),0,INDEX(Fleece!$K$6:$K$87,MATCH($A431,Fleece!$K$6:$K$87,0)-1,1))} -> 0 | P431: {=IF(ISNA(INDEX(Fleece!$L$6:$L$87,MATCH($A431,Fleece!$L$6:$L$87,0)-1,1)),0,INDEX(Fleece!$L$6:$L$87,MATCH($A431,Fleece!$L$6:$L$87,0)-1,1))} -> 0 | Q431: {=IF(ISNA(INDEX(Fleece!$M$6:$M$87,MATCH($A431,Fleece!$M$6:$M$87,0)-1,1)),0,INDEX(Fleece!$M$6:$M$87,MATCH($A431,Fleece!$M$6:$M$87,0)-1,1))} -> 0 | R431: {=IF(ISNA(INDEX(Fleece!$O$6:$O$87,MATCH($A431,Fleece!$O$6:$O$87,0)-1,1)),0,INDEX(Fleece!$O$6:$O$87,MATCH($A431,Fleece!$O$6:$O$87,0)-1,1))} -> 0 | S431: {=IF(ISNA(INDEX(Fleece!$P$6:$P$87,MATCH($A431,Fleece!$P$6:$P$87,0)-1,1)),0,INDEX(Fleece!$P$6:$P$87,MATCH($A431,Fleece!$P$6:$P$87,0)-1,1))} -> 0 | T431: {=IF(ISNA(INDEX(Fleece!$Q$6:$Q$87,MATCH($A431,Fleece!$Q$6:$Q$87,0)-1,1)),0,INDEX(Fleece!$Q$6:$Q$87,MATCH($A431,Fleece!$Q$6:$Q$87,0)-1,1))} -> 0 | U431: {=IF(ISNA(INDEX(Fleece!$R$6:$R$87,MATCH($A431,Fleece!$R$6:$R$87,0)-1,1)),0,INDEX(Fleece!$R$6:$R$87,MATCH($A431,Fleece!$R$6:$R$87,0)-1,1))} -> 0 | V431: {=IF(ISNA(INDEX(Fleece!$S$6:$S$87,MATCH($A431,Fleece!$S$6:$S$87,0)-1,1)),0,INDEX(Fleece!$S$6:$S$87,MATCH($A431,Fleece!$S$6:$S$87,0)-1,1))} -> 0 | W431: {=IF(ISNA(INDEX(Fleece!$T$6:$T$87,MATCH($A431,Fleece!$T$6:$T$87,0)-1,1)),0,INDEX(Fleece!$T$6:$T$87,MATCH($A431,Fleece!$T$6:$T$87,0)-1,1))} -> 0 | X431: {=IF(ISNA(INDEX(Fleece!$U$6:$U$87,MATCH($A431,Fleece!$U$6:$U$87,0)-1,1)),0,INDEX(Fleece!$U$6:$U$87,MATCH($A431,Fleece!$U$6:$U$87,0)-1,1))} -> 0
A432: BE058-GREYMARLE-50 | B432: =SUM(H432:X432) -> 0 | C432: Originals | D432: Fleece | H432: {=IF(ISNA(INDEX(Fleece!$C$6:$C$87,MATCH($A432,Fleece!$C$6:$C$87,0)-1,1)),0,INDEX(Fleece!$C$6:$C$87,MATCH($A432,Fleece!$C$6:$C$87,0)-1,1))} -> 0 | I432: {=IF(ISNA(INDEX(Fleece!$D$6:$D$87,MATCH($A432,Fleece!$D$6:$D$87,0)-1,1)),0,INDEX(Fleece!$D$6:$D$87,MATCH($A432,Fleece!$D$6:$D$87,0)-1,1))} -> 0 | J432: {=IF(ISNA(INDEX(Fleece!$E$6:$E$87,MATCH($A432,Fleece!$E$6:$E$87,0)-1,1)),0,INDEX(Fleece!$E$6:$E$87,MATCH($A432,Fleece!$E$6:$E$87,0)-1,1))} -> 0 | K432: {=IF(ISNA(INDEX(Fleece!$F$6:$F$87,MATCH($A432,Fleece!$F$6:$F$87,0)-1,1)),0,INDEX(Fleece!$F$6:$F$87,MATCH($A432,Fleece!$F$6:$F$87,0)-1,1))} -> 0 | L432: {=IF(ISNA(INDEX(Fleece!$G$6:$G$87,MATCH($A432,Fleece!$G$6:$G$87,0)-1,1)),0,INDEX(Fleece!$G$6:$G$87,MATCH($A432,Fleece!$G$6:$G$87,0)-1,1))} -> 0 | M432: {=IF(ISNA(INDEX(Fleece!$I$6:$I$87,MATCH($A432,Fleece!$I$6:$I$87,0)-1,1)),0,INDEX(Fleece!$I$6:$I$87,MATCH($A432,Fleece!$I$6:$I$87,0)-1,1))} -> 0 | N432: {=IF(ISNA(INDEX(Fleece!$J$6:$J$87,MATCH($A432,Fleece!$J$6:$J$87,0)-1,1)),0,INDEX(Fleece!$J$6:$J$87,MATCH($A432,Fleece!$J$6:$J$87,0)-1,1))} -> 0 | O432: {=IF(ISNA(INDEX(Fleece!$K$6:$K$87,MATCH($A432,Fleece!$K$6:$K$87,0)-1,1)),0,INDEX(Fleece!$K$6:$K$87,MATCH($A432,Fleece!$K$6:$K$87,0)-1,1))} -> 0 | P432: {=IF(ISNA(INDEX(Fleece!$L$6:$L$87,MATCH($A432,Fleece!$L$6:$L$87,0)-1,1)),0,INDEX(Fleece!$L$6:$L$87,MATCH($A432,Fleece!$L$6:$L$87,0)-1,1))} -> 0 | Q432: {=IF(ISNA(INDEX(Fleece!$M$6:$M$87,MATCH($A432,Fleece!$M$6:$M$87,0)-1,1)),0,INDEX(Fleece!$M$6:$M$87,MATCH($A432,Fleece!$M$6:$M$87,0)-1,1))} -> 0 | R432: {=IF(ISNA(INDEX(Fleece!$O$6:$O$87,MATCH($A432,Fleece!$O$6:$O$87,0)-1,1)),0,INDEX(Fleece!$O$6:$O$87,MATCH($A432,Fleece!$O$6:$O$87,0)-1,1))} -> 0 | S432: {=IF(ISNA(INDEX(Fleece!$P$6:$P$87,MATCH($A432,Fleece!$P$6:$P$87,0)-1,1)),0,INDEX(Fleece!$P$6:$P$87,MATCH($A432,Fleece!$P$6:$P$87,0)-1,1))} -> 0 | T432: {=IF(ISNA(INDEX(Fleece!$Q$6:$Q$87,MATCH($A432,Fleece!$Q$6:$Q$87,0)-1,1)),0,INDEX(Fleece!$Q$6:$Q$87,MATCH($A432,Fleece!$Q$6:$Q$87,0)-1,1))} -> 0 | U432: {=IF(ISNA(INDEX(Fleece!$R$6:$R$87,MATCH($A432,Fleece!$R$6:$R$87,0)-1,1)),0,INDEX(Fleece!$R$6:$R$87,MATCH($A432,Fleece!$R$6:$R$87,0)-1,1))} -> 0 | V432: {=IF(ISNA(INDEX(Fleece!$S$6:$S$87,MATCH($A432,Fleece!$S$6:$S$87,0)-1,1)),0,INDEX(Fleece!$S$6:$S$87,MATCH($A432,Fleece!$S$6:$S$87,0)-1,1))} -> 0 | W432: {=IF(ISNA(INDEX(Fleece!$T$6:$T$87,MATCH($A432,Fleece!$T$6:$T$87,0)-1,1)),0,INDEX(Fleece!$T$6:$T$87,MATCH($A432,Fleece!$T$6:$T$87,0)-1,1))} -> 0 | X432: {=IF(ISNA(INDEX(Fleece!$U$6:$U$87,MATCH($A432,Fleece!$U$6:$U$87,0)-1,1)),0,INDEX(Fleece!$U$6:$U$87,MATCH($A432,Fleece!$U$6:$U$87,0)-1,1))} -> 0
A433: BE058-GREYMARLE-52 | B433: =SUM(H433:X433) -> 0 | C433: Originals | D433: Fleece | H433: {=IF(ISNA(INDEX(Fleece!$C$6:$C$87,MATCH($A433,Fleece!$C$6:$C$87,0)-1,1)),0,INDEX(Fleece!$C$6:$C$87,MATCH($A433,Fleece!$C$6:$C$87,0)-1,1))} -> 0 | I433: {=IF(ISNA(INDEX(Fleece!$D$6:$D$87,MATCH($A433,Fleece!$D$6:$D$87,0)-1,1)),0,INDEX(Fleece!$D$6:$D$87,MATCH($A433,Fleece!$D$6:$D$87,0)-1,1))} -> 0 | J433: {=IF(ISNA(INDEX(Fleece!$E$6:$E$87,MATCH($A433,Fleece!$E$6:$E$87,0)-1,1)),0,INDEX(Fleece!$E$6:$E$87,MATCH($A433,Fleece!$E$6:$E$87,0)-1,1))} -> 0 | K433: {=IF(ISNA(INDEX(Fleece!$F$6:$F$87,MATCH($A433,Fleece!$F$6:$F$87,0)-1,1)),0,INDEX(Fleece!$F$6:$F$87,MATCH($A433,Fleece!$F$6:$F$87,0)-1,1))} -> 0 | L433: {=IF(ISNA(INDEX(Fleece!$G$6:$G$87,MATCH($A433,Fleece!$G$6:$G$87,0)-1,1)),0,INDEX(Fleece!$G$6:$G$87,MATCH($A433,Fleece!$G$6:$G$87,0)-1,1))} -> 0 | M433: {=IF(ISNA(INDEX(Fleece!$I$6:$I$87,MATCH($A433,Fleece!$I$6:$I$87,0)-1,1)),0,INDEX(Fleece!$I$6:$I$87,MATCH($A433,Fleece!$I$6:$I$87,0)-1,1))} -> 0 | N433: {=IF(ISNA(INDEX(Fleece!$J$6:$J$87,MATCH($A433,Fleece!$J$6:$J$87,0)-1,1)),0,INDEX(Fleece!$J$6:$J$87,MATCH($A433,Fleece!$J$6:$J$87,0)-1,1))} -> 0 | O433: {=IF(ISNA(INDEX(Fleece!$K$6:$K$87,MATCH($A433,Fleece!$K$6:$K$87,0)-1,1)),0,INDEX(Fleece!$K$6:$K$87,MATCH($A433,Fleece!$K$6:$K$87,0)-1,1))} -> 0 | P433: {=IF(ISNA(INDEX(Fleece!$L$6:$L$87,MATCH($A433,Fleece!$L$6:$L$87,0)-1,1)),0,INDEX(Fleece!$L$6:$L$87,MATCH($A433,Fleece!$L$6:$L$87,0)-1,1))} -> 0 | Q433: {=IF(ISNA(INDEX(Fleece!$M$6:$M$87,MATCH($A433,Fleece!$M$6:$M$87,0)-1,1)),0,INDEX(Fleece!$M$6:$M$87,MATCH($A433,Fleece!$M$6:$M$87,0)-1,1))} -> 0 | R433: {=IF(ISNA(INDEX(Fleece!$O$6:$O$87,MATCH($A433,Fleece!$O$6:$O$87,0)-1,1)),0,INDEX(Fleece!$O$6:$O$87,MATCH($A433,Fleece!$O$6:$O$87,0)-1,1))} -> 0 | S433: {=IF(ISNA(INDEX(Fleece!$P$6:$P$87,MATCH($A433,Fleece!$P$6:$P$87,0)-1,1)),0,INDEX(Fleece!$P$6:$P$87,MATCH($A433,Fleece!$P$6:$P$87,0)-1,1))} -> 0 | T433: {=IF(ISNA(INDEX(Fleece!$Q$6:$Q$87,MATCH($A433,Fleece!$Q$6:$Q$87,0)-1,1)),0,INDEX(Fleece!$Q$6:$Q$87,MATCH($A433,Fleece!$Q$6:$Q$87,0)-1,1))} -> 0 | U433: {=IF(ISNA(INDEX(Fleece!$R$6:$R$87,MATCH($A433,Fleece!$R$6:$R$87,0)-1,1)),0,INDEX(Fleece!$R$6:$R$87,MATCH($A433,Fleece!$R$6:$R$87,0)-1,1))} -> 0 | V433: {=IF(ISNA(INDEX(Fleece!$S$6:$S$87,MATCH($A433,Fleece!$S$6:$S$87,0)-1,1)),0,INDEX(Fleece!$S$6:$S$87,MATCH($A433,Fleece!$S$6:$S$87,0)-1,1))} -> 0 | W433: {=IF(ISNA(INDEX(Fleece!$T$6:$T$87,MATCH($A433,Fleece!$T$6:$T$87,0)-1,1)),0,INDEX(Fleece!$T$6:$T$87,MATCH($A433,Fleece!$T$6:$T$87,0)-1,1))} -> 0 | X433: {=IF(ISNA(INDEX(Fleece!$U$6:$U$87,MATCH($A433,Fleece!$U$6:$U$87,0)-1,1)),0,INDEX(Fleece!$U$6:$U$87,MATCH($A433,Fleece!$U$6:$U$87,0)-1,1))} -> 0
A434: BE058-GREYMARLE-54 | B434: =SUM(H434:X434) -> 0 | C434: Originals | D434: Fleece | H434: {=IF(ISNA(INDEX(Fleece!$C$6:$C$87,MATCH($A434,Fleece!$C$6:$C$87,0)-1,1)),0,INDEX(Fleece!$C$6:$C$87,MATCH($A434,Fleece!$C$6:$C$87,0)-1,1))} -> 0 | I434: {=IF(ISNA(INDEX(Fleece!$D$6:$D$87,MATCH($A434,Fleece!$D$6:$D$87,0)-1,1)),0,INDEX(Fleece!$D$6:$D$87,MATCH($A434,Fleece!$D$6:$D$87,0)-1,1))} -> 0 | J434: {=IF(ISNA(INDEX(Fleece!$E$6:$E$87,MATCH($A434,Fleece!$E$6:$E$87,0)-1,1)),0,INDEX(Fleece!$E$6:$E$87,MATCH($A434,Fleece!$E$6:$E$87,0)-1,1))} -> 0 | K434: {=IF(ISNA(INDEX(Fleece!$F$6:$F$87,MATCH($A434,Fleece!$F$6:$F$87,0)-1,1)),0,INDEX(Fleece!$F$6:$F$87,MATCH($A434,Fleece!$F$6:$F$87,0)-1,1))} -> 0 | L434: {=IF(ISNA(INDEX(Fleece!$G$6:$G$87,MATCH($A434,Fleece!$G$6:$G$87,0)-1,1)),0,INDEX(Fleece!$G$6:$G$87,MATCH($A434,Fleece!$G$6:$G$87,0)-1,1))} -> 0 | M434: {=IF(ISNA(INDEX(Fleece!$I$6:$I$87,MATCH($A434,Fleece!$I$6:$I$87,0)-1,1)),0,INDEX(Fleece!$I$6:$I$87,MATCH($A434,Fleece!$I$6:$I$87,0)-1,1))} -> 0 | N434: {=IF(ISNA(INDEX(Fleece!$J$6:$J$87,MATCH($A434,Fleece!$J$6:$J$87,0)-1,1)),0,INDEX(Fleece!$J$6:$J$87,MATCH($A434,Fleece!$J$6:$J$87,0)-1,1))} -> 0 | O434: {=IF(ISNA(INDEX(Fleece!$K$6:$K$87,MATCH($A434,Fleece!$K$6:$K$87,0)-1,1)),0,INDEX(Fleece!$K$6:$K$87,MATCH($A434,Fleece!$K$6:$K$87,0)-1,1))} -> 0 | P434: {=IF(ISNA(INDEX(Fleece!$L$6:$L$87,MATCH($A434,Fleece!$L$6:$L$87,0)-1,1)),0,INDEX(Fleece!$L$6:$L$87,MATCH($A434,Fleece!$L$6:$L$87,0)-1,1))} -> 0 | Q434: {=IF(ISNA(INDEX(Fleece!$M$6:$M$87,MATCH($A434,Fleece!$M$6:$M$87,0)-1,1)),0,INDEX(Fleece!$M$6:$M$87,MATCH($A434,Fleece!$M$6:$M$87,0)-1,1))} -> 0 | R434: {=IF(ISNA(INDEX(Fleece!$O$6:$O$87,MATCH($A434,Fleece!$O$6:$O$87,0)-1,1)),0,INDEX(Fleece!$O$6:$O$87,MATCH($A434,Fleece!$O$6:$O$87,0)-1,1))} -> 0 | S434: {=IF(ISNA(INDEX(Fleece!$P$6:$P$87,MATCH($A434,Fleece!$P$6:$P$87,0)-1,1)),0,INDEX(Fleece!$P$6:$P$87,MATCH($A434,Fleece!$P$6:$P$87,0)-1,1))} -> 0 | T434: {=IF(ISNA(INDEX(Fleece!$Q$6:$Q$87,MATCH($A434,Fleece!$Q$6:$Q$87,0)-1,1)),0,INDEX(Fleece!$Q$6:$Q$87,MATCH($A434,Fleece!$Q$6:$Q$87,0)-1,1))} -> 0 | U434: {=IF(ISNA(INDEX(Fleece!$R$6:$R$87,MATCH($A434,Fleece!$R$6:$R$87,0)-1,1)),0,INDEX(Fleece!$R$6:$R$87,MATCH($A434,Fleece!$R$6:$R$87,0)-1,1))} -> 0 | V434: {=IF(ISNA(INDEX(Fleece!$S$6:$S$87,MATCH($A434,Fleece!$S$6:$S$87,0)-1,1)),0,INDEX(Fleece!$S$6:$S$87,MATCH($A434,Fleece!$S$6:$S$87,0)-1,1))} -> 0 | W434: {=IF(ISNA(INDEX(Fleece!$T$6:$T$87,MATCH($A434,Fleece!$T$6:$T$87,0)-1,1)),0,INDEX(Fleece!$T$6:$T$87,MATCH($A434,Fleece!$T$6:$T$87,0)-1,1))} -> 0 | X434: {=IF(ISNA(INDEX(Fleece!$U$6:$U$87,MATCH($A434,Fleece!$U$6:$U$87,0)-1,1)),0,INDEX(Fleece!$U$6:$U$87,MATCH($A434,Fleece!$U$6:$U$87,0)-1,1))} -> 0
A435: BE058-GREYMARLE-56 | B435: =SUM(H435:X435) -> 0 | C435: Originals | D435: Fleece | H435: {=IF(ISNA(INDEX(Fleece!$C$6:$C$87,MATCH($A435,Fleece!$C$6:$C$87,0)-1,1)),0,INDEX(Fleece!$C$6:$C$87,MATCH($A435,Fleece!$C$6:$C$87,0)-1,1))} -> 0 | I435: {=IF(ISNA(INDEX(Fleece!$D$6:$D$87,MATCH($A435,Fleece!$D$6:$D$87,0)-1,1)),0,INDEX(Fleece!$D$6:$D$87,MATCH($A435,Fleece!$D$6:$D$87,0)-1,1))} -> 0 | J435: {=IF(ISNA(INDEX(Fleece!$E$6:$E$87,MATCH($A435,Fleece!$E$6:$E$87,0)-1,1)),0,INDEX(Fleece!$E$6:$E$87,MATCH($A435,Fleece!$E$6:$E$87,0)-1,1))} -> 0 | K435: {=IF(ISNA(INDEX(Fleece!$F$6:$F$87,MATCH($A435,Fleece!$F$6:$F$87,0)-1,1)),0,INDEX(Fleece!$F$6:$F$87,MATCH($A435,Fleece!$F$6:$F$87,0)-1,1))} -> 0 | L435: {=IF(ISNA(INDEX(Fleece!$G$6:$G$87,MATCH($A435,Fleece!$G$6:$G$87,0)-1,1)),0,INDEX(Fleece!$G$6:$G$87,MATCH($A435,Fleece!$G$6:$G$87,0)-1,1))} -> 0 | M435: {=IF(ISNA(INDEX(Fleece!$I$6:$I$87,MATCH($A435,Fleece!$I$6:$I$87,0)-1,1)),0,INDEX(Fleece!$I$6:$I$87,MATCH($A435,Fleece!$I$6:$I$87,0)-1,1))} -> 0 | N435: {=IF(ISNA(INDEX(Fleece!$J$6:$J$87,MATCH($A435,Fleece!$J$6:$J$87,0)-1,1)),0,INDEX(Fleece!$J$6:$J$87,MATCH($A435,Fleece!$J$6:$J$87,0)-1,1))} -> 0 | O435: {=IF(ISNA(INDEX(Fleece!$K$6:$K$87,MATCH($A435,Fleece!$K$6:$K$87,0)-1,1)),0,INDEX(Fleece!$K$6:$K$87,MATCH($A435,Fleece!$K$6:$K$87,0)-1,1))} -> 0 | P435: {=IF(ISNA(INDEX(Fleece!$L$6:$L$87,MATCH($A435,Fleece!$L$6:$L$87,0)-1,1)),0,INDEX(Fleece!$L$6:$L$87,MATCH($A435,Fleece!$L$6:$L$87,0)-1,1))} -> 0 | Q435: {=IF(ISNA(INDEX(Fleece!$M$6:$M$87,MATCH($A435,Fleece!$M$6:$M$87,0)-1,1)),0,INDEX(Fleece!$M$6:$M$87,MATCH($A435,Fleece!$M$6:$M$87,0)-1,1))} -> 0 | R435: {=IF(ISNA(INDEX(Fleece!$O$6:$O$87,MATCH($A435,Fleece!$O$6:$O$87,0)-1,1)),0,INDEX(Fleece!$O$6:$O$87,MATCH($A435,Fleece!$O$6:$O$87,0)-1,1))} -> 0 | S435: {=IF(ISNA(INDEX(Fleece!$P$6:$P$87,MATCH($A435,Fleece!$P$6:$P$87,0)-1,1)),0,INDEX(Fleece!$P$6:$P$87,MATCH($A435,Fleece!$P$6:$P$87,0)-1,1))} -> 0 | T435: {=IF(ISNA(INDEX(Fleece!$Q$6:$Q$87,MATCH($A435,Fleece!$Q$6:$Q$87,0)-1,1)),0,INDEX(Fleece!$Q$6:$Q$87,MATCH($A435,Fleece!$Q$6:$Q$87,0)-1,1))} -> 0 | U435: {=IF(ISNA(INDEX(Fleece!$R$6:$R$87,MATCH($A435,Fleece!$R$6:$R$87,0)-1,1)),0,INDEX(Fleece!$R$6:$R$87,MATCH($A435,Fleece!$R$6:$R$87,0)-1,1))} -> 0 | V435: {=IF(ISNA(INDEX(Fleece!$S$6:$S$87,MATCH($A435,Fleece!$S$6:$S$87,0)-1,1)),0,INDEX(Fleece!$S$6:$S$87,MATCH($A435,Fleece!$S$6:$S$87,0)-1,1))} -> 0 | W435: {=IF(ISNA(INDEX(Fleece!$T$6:$T$87,MATCH($A435,Fleece!$T$6:$T$87,0)-1,1)),0,INDEX(Fleece!$T$6:$T$87,MATCH($A435,Fleece!$T$6:$T$87,0)-1,1))} -> 0 | X435: {=IF(ISNA(INDEX(Fleece!$U$6:$U$87,MATCH($A435,Fleece!$U$6:$U$87,0)-1,1)),0,INDEX(Fleece!$U$6:$U$87,MATCH($A435,Fleece!$U$6:$U$87,0)-1,1))} -> 0
A436: BE057-DENIM-37 | B436: =SUM(H436:X436) -> 0 | C436: Originals | D436: Fleece | H436: {=IF(ISNA(INDEX(Fleece!$C$6:$C$87,MATCH($A436,Fleece!$C$6:$C$87,0)-1,1)),0,INDEX(Fleece!$C$6:$C$87,MATCH($A436,Fleece!$C$6:$C$87,0)-1,1))} -> 0 | I436: {=IF(ISNA(INDEX(Fleece!$D$6:$D$87,MATCH($A436,Fleece!$D$6:$D$87,0)-1,1)),0,INDEX(Fleece!$D$6:$D$87,MATCH($A436,Fleece!$D$6:$D$87,0)-1,1))} -> 0 | J436: {=IF(ISNA(INDEX(Fleece!$E$6:$E$87,MATCH($A436,Fleece!$E$6:$E$87,0)-1,1)),0,INDEX(Fleece!$E$6:$E$87,MATCH($A436,Fleece!$E$6:$E$87,0)-1,1))} -> 0 | K436: {=IF(ISNA(INDEX(Fleece!$F$6:$F$87,MATCH($A436,Fleece!$F$6:$F$87,0)-1,1)),0,INDEX(Fleece!$F$6:$F$87,MATCH($A436,Fleece!$F$6:$F$87,0)-1,1))} -> 0 | L436: {=IF(ISNA(INDEX(Fleece!$G$6:$G$87,MATCH($A436,Fleece!$G$6:$G$87,0)-1,1)),0,INDEX(Fleece!$G$6:$G$87,MATCH($A436,Fleece!$G$6:$G$87,0)-1,1))} -> 0 | M436: {=IF(ISNA(INDEX(Fleece!$I$6:$I$87,MATCH($A436,Fleece!$I$6:$I$87,0)-1,1)),0,INDEX(Fleece!$I$6:$I$87,MATCH($A436,Fleece!$I$6:$I$87,0)-1,1))} -> 0 | N436: {=IF(ISNA(INDEX(Fleece!$J$6:$J$87,MATCH($A436,Fleece!$J$6:$J$87,0)-1,1)),0,INDEX(Fleece!$J$6:$J$87,MATCH($A436,Fleece!$J$6:$J$87,0)-1,1))} -> 0 | O436: {=IF(ISNA(INDEX(Fleece!$K$6:$K$87,MATCH($A436,Fleece!$K$6:$K$87,0)-1,1)),0,INDEX(Fleece!$K$6:$K$87,MATCH($A436,Fleece!$K$6:$K$87,0)-1,1))} -> 0 | P436: {=IF(ISNA(INDEX(Fleece!$L$6:$L$87,MATCH($A436,Fleece!$L$6:$L$87,0)-1,1)),0,INDEX(Fleece!$L$6:$L$87,MATCH($A436,Fleece!$L$6:$L$87,0)-1,1))} -> 0 | Q436: {=IF(ISNA(INDEX(Fleece!$M$6:$M$87,MATCH($A436,Fleece!$M$6:$M$87,0)-1,1)),0,INDEX(Fleece!$M$6:$M$87,MATCH($A436,Fleece!$M$6:$M$87,0)-1,1))} -> 0 | R436: {=IF(ISNA(INDEX(Fleece!$O$6:$O$87,MATCH($A436,Fleece!$O$6:$O$87,0)-1,1)),0,INDEX(Fleece!$O$6:$O$87,MATCH($A436,Fleece!$O$6:$O$87,0)-1,1))} -> 0 | S436: {=IF(ISNA(INDEX(Fleece!$P$6:$P$87,MATCH($A436,Fleece!$P$6:$P$87,0)-1,1)),0,INDEX(Fleece!$P$6:$P$87,MATCH($A436,Fleece!$P$6:$P$87,0)-1,1))} -> 0 | T436: {=IF(ISNA(INDEX(Fleece!$Q$6:$Q$87,MATCH($A436,Fleece!$Q$6:$Q$87,0)-1,1)),0,INDEX(Fleece!$Q$6:$Q$87,MATCH($A436,Fleece!$Q$6:$Q$87,0)-1,1))} -> 0 | U436: {=IF(ISNA(INDEX(Fleece!$R$6:$R$87,MATCH($A436,Fleece!$R$6:$R$87,0)-1,1)),0,INDEX(Fleece!$R$6:$R$87,MATCH($A436,Fleece!$R$6:$R$87,0)-1,1))} -> 0 | V436: {=IF(ISNA(INDEX(Fleece!$S$6:$S$87,MATCH($A436,Fleece!$S$6:$S$87,0)-1,1)),0,INDEX(Fleece!$S$6:$S$87,MATCH($A436,Fleece!$S$6:$S$87,0)-1,1))} -> 0 | W436: {=IF(ISNA(INDEX(Fleece!$T$6:$T$87,MATCH($A436,Fleece!$T$6:$T$87,0)-1,1)),0,INDEX(Fleece!$T$6:$T$87,MATCH($A436,Fleece!$T$6:$T$87,0)-1,1))} -> 0 | X436: {=IF(ISNA(INDEX(Fleece!$U$6:$U$87,MATCH($A436,Fleece!$U$6:$U$87,0)-1,1)),0,INDEX(Fleece!$U$6:$U$87,MATCH($A436,Fleece!$U$6:$U$87,0)-1,1))} -> 0
A437: BE057-DENIM-42 | B437: =SUM(H437:X437) -> 0 | C437: Originals | D437: Fleece | H437: {=IF(ISNA(INDEX(Fleece!$C$6:$C$87,MATCH($A437,Fleece!$C$6:$C$87,0)-1,1)),0,INDEX(Fleece!$C$6:$C$87,MATCH($A437,Fleece!$C$6:$C$87,0)-1,1))} -> 0 | I437: {=IF(ISNA(INDEX(Fleece!$D$6:$D$87,MATCH($A437,Fleece!$D$6:$D$87,0)-1,1)),0,INDEX(Fleece!$D$6:$D$87,MATCH($A437,Fleece!$D$6:$D$87,0)-1,1))} -> 0 | J437: {=IF(ISNA(INDEX(Fleece!$E$6:$E$87,MATCH($A437,Fleece!$E$6:$E$87,0)-1,1)),0,INDEX(Fleece!$E$6:$E$87,MATCH($A437,Fleece!$E$6:$E$87,0)-1,1))} -> 0 | K437: {=IF(ISNA(INDEX(Fleece!$F$6:$F$87,MATCH($A437,Fleece!$F$6:$F$87,0)-1,1)),0,INDEX(Fleece!$F$6:$F$87,MATCH($A437,Fleece!$F$6:$F$87,0)-1,1))} -> 0 | L437: {=IF(ISNA(INDEX(Fleece!$G$6:$G$87,MATCH($A437,Fleece!$G$6:$G$87,0)-1,1)),0,INDEX(Fleece!$G$6:$G$87,MATCH($A437,Fleece!$G$6:$G$87,0)-1,1))} -> 0 | M437: {=IF(ISNA(INDEX(Fleece!$I$6:$I$87,MATCH($A437,Fleece!$I$6:$I$87,0)-1,1)),0,INDEX(Fleece!$I$6:$I$87,MATCH($A437,Fleece!$I$6:$I$87,0)-1,1))} -> 0 | N437: {=IF(ISNA(INDEX(Fleece!$J$6:$J$87,MATCH($A437,Fleece!$J$6:$J$87,0)-1,1)),0,INDEX(Fleece!$J$6:$J$87,MATCH($A437,Fleece!$J$6:$J$87,0)-1,1))} -> 0 | O437: {=IF(ISNA(INDEX(Fleece!$K$6:$K$87,MATCH($A437,Fleece!$K$6:$K$87,0)-1,1)),0,INDEX(Fleece!$K$6:$K$87,MATCH($A437,Fleece!$K$6:$K$87,0)-1,1))} -> 0 | P437: {=IF(ISNA(INDEX(Fleece!$L$6:$L$87,MATCH($A437,Fleece!$L$6:$L$87,0)-1,1)),0,INDEX(Fleece!$L$6:$L$87,MATCH($A437,Fleece!$L$6:$L$87,0)-1,1))} -> 0 | Q437: {=IF(ISNA(INDEX(Fleece!$M$6:$M$87,MATCH($A437,Fleece!$M$6:$M$87,0)-1,1)),0,INDEX(Fleece!$M$6:$M$87,MATCH($A437,Fleece!$M$6:$M$87,0)-1,1))} -> 0 | R437: {=IF(ISNA(INDEX(Fleece!$O$6:$O$87,MATCH($A437,Fleece!$O$6:$O$87,0)-1,1)),0,INDEX(Fleece!$O$6:$O$87,MATCH($A437,Fleece!$O$6:$O$87,0)-1,1))} -> 0 | S437: {=IF(ISNA(INDEX(Fleece!$P$6:$P$87,MATCH($A437,Fleece!$P$6:$P$87,0)-1,1)),0,INDEX(Fleece!$P$6:$P$87,MATCH($A437,Fleece!$P$6:$P$87,0)-1,1))} -> 0 | T437: {=IF(ISNA(INDEX(Fleece!$Q$6:$Q$87,MATCH($A437,Fleece!$Q$6:$Q$87,0)-1,1)),0,INDEX(Fleece!$Q$6:$Q$87,MATCH($A437,Fleece!$Q$6:$Q$87,0)-1,1))} -> 0 | U437: {=IF(ISNA(INDEX(Fleece!$R$6:$R$87,MATCH($A437,Fleece!$R$6:$R$87,0)-1,1)),0,INDEX(Fleece!$R$6:$R$87,MATCH($A437,Fleece!$R$6:$R$87,0)-1,1))} -> 0 | V437: {=IF(ISNA(INDEX(Fleece!$S$6:$S$87,MATCH($A437,Fleece!$S$6:$S$87,0)-1,1)),0,INDEX(Fleece!$S$6:$S$87,MATCH($A437,Fleece!$S$6:$S$87,0)-1,1))} -> 0 | W437: {=IF(ISNA(INDEX(Fleece!$T$6:$T$87,MATCH($A437,Fleece!$T$6:$T$87,0)-1,1)),0,INDEX(Fleece!$T$6:$T$87,MATCH($A437,Fleece!$T$6:$T$87,0)-1,1))} -> 0 | X437: {=IF(ISNA(INDEX(Fleece!$U$6:$U$87,MATCH($A437,Fleece!$U$6:$U$87,0)-1,1)),0,INDEX(Fleece!$U$6:$U$87,MATCH($A437,Fleece!$U$6:$U$87,0)-1,1))} -> 0
A438: BE057-DENIM-47 | B438: =SUM(H438:X438) -> 0 | C438: Originals | D438: Fleece | H438: {=IF(ISNA(INDEX(Fleece!$C$6:$C$87,MATCH($A438,Fleece!$C$6:$C$87,0)-1,1)),0,INDEX(Fleece!$C$6:$C$87,MATCH($A438,Fleece!$C$6:$C$87,0)-1,1))} -> 0 | I438: {=IF(ISNA(INDEX(Fleece!$D$6:$D$87,MATCH($A438,Fleece!$D$6:$D$87,0)-1,1)),0,INDEX(Fleece!$D$6:$D$87,MATCH($A438,Fleece!$D$6:$D$87,0)-1,1))} -> 0 | J438: {=IF(ISNA(INDEX(Fleece!$E$6:$E$87,MATCH($A438,Fleece!$E$6:$E$87,0)-1,1)),0,INDEX(Fleece!$E$6:$E$87,MATCH($A438,Fleece!$E$6:$E$87,0)-1,1))} -> 0 | K438: {=IF(ISNA(INDEX(Fleece!$F$6:$F$87,MATCH($A438,Fleece!$F$6:$F$87,0)-1,1)),0,INDEX(Fleece!$F$6:$F$87,MATCH($A438,Fleece!$F$6:$F$87,0)-1,1))} -> 0 | L438: {=IF(ISNA(INDEX(Fleece!$G$6:$G$87,MATCH($A438,Fleece!$G$6:$G$87,0)-1,1)),0,INDEX(Fleece!$G$6:$G$87,MATCH($A438,Fleece!$G$6:$G$87,0)-1,1))} -> 0 | M438: {=IF(ISNA(INDEX(Fleece!$I$6:$I$87,MATCH($A438,Fleece!$I$6:$I$87,0)-1,1)),0,INDEX(Fleece!$I$6:$I$87,MATCH($A438,Fleece!$I$6:$I$87,0)-1,1))} -> 0 | N438: {=IF(ISNA(INDEX(Fleece!$J$6:$J$87,MATCH($A438,Fleece!$J$6:$J$87,0)-1,1)),0,INDEX(Fleece!$J$6:$J$87,MATCH($A438,Fleece!$J$6:$J$87,0)-1,1))} -> 0 | O438: {=IF(ISNA(INDEX(Fleece!$K$6:$K$87,MATCH($A438,Fleece!$K$6:$K$87,0)-1,1)),0,INDEX(Fleece!$K$6:$K$87,MATCH($A438,Fleece!$K$6:$K$87,0)-1,1))} -> 0 | P438: {=IF(ISNA(INDEX(Fleece!$L$6:$L$87,MATCH($A438,Fleece!$L$6:$L$87,0)-1,1)),0,INDEX(Fleece!$L$6:$L$87,MATCH($A438,Fleece!$L$6:$L$87,0)-1,1))} -> 0 | Q438: {=IF(ISNA(INDEX(Fleece!$M$6:$M$87,MATCH($A438,Fleece!$M$6:$M$87,0)-1,1)),0,INDEX(Fleece!$M$6:$M$87,MATCH($A438,Fleece!$M$6:$M$87,0)-1,1))} -> 0 | R438: {=IF(ISNA(INDEX(Fleece!$O$6:$O$87,MATCH($A438,Fleece!$O$6:$O$87,0)-1,1)),0,INDEX(Fleece!$O$6:$O$87,MATCH($A438,Fleece!$O$6:$O$87,0)-1,1))} -> 0 | S438: {=IF(ISNA(INDEX(Fleece!$P$6:$P$87,MATCH($A438,Fleece!$P$6:$P$87,0)-1,1)),0,INDEX(Fleece!$P$6:$P$87,MATCH($A438,Fleece!$P$6:$P$87,0)-1,1))} -> 0 | T438: {=IF(ISNA(INDEX(Fleece!$Q$6:$Q$87,MATCH($A438,Fleece!$Q$6:$Q$87,0)-1,1)),0,INDEX(Fleece!$Q$6:$Q$87,MATCH($A438,Fleece!$Q$6:$Q$87,0)-1,1))} -> 0 | U438: {=IF(ISNA(INDEX(Fleece!$R$6:$R$87,MATCH($A438,Fleece!$R$6:$R$87,0)-1,1)),0,INDEX(Fleece!$R$6:$R$87,MATCH($A438,Fleece!$R$6:$R$87,0)-1,1))} -> 0 | V438: {=IF(ISNA(INDEX(Fleece!$S$6:$S$87,MATCH($A438,Fleece!$S$6:$S$87,0)-1,1)),0,INDEX(Fleece!$S$6:$S$87,MATCH($A438,Fleece!$S$6:$S$87,0)-1,1))} -> 0 | W438: {=IF(ISNA(INDEX(Fleece!$T$6:$T$87,MATCH($A438,Fleece!$T$6:$T$87,0)-1,1)),0,INDEX(Fleece!$T$6:$T$87,MATCH($A438,Fleece!$T$6:$T$87,0)-1,1))} -> 0 | X438: {=IF(ISNA(INDEX(Fleece!$U$6:$U$87,MATCH($A438,Fleece!$U$6:$U$87,0)-1,1)),0,INDEX(Fleece!$U$6:$U$87,MATCH($A438,Fleece!$U$6:$U$87,0)-1,1))} -> 0
A439: BE057-DENIM-50 | B439: =SUM(H439:X439) -> 0 | C439: Originals | D439: Fleece | H439: {=IF(ISNA(INDEX(Fleece!$C$6:$C$87,MATCH($A439,Fleece!$C$6:$C$87,0)-1,1)),0,INDEX(Fleece!$C$6:$C$87,MATCH($A439,Fleece!$C$6:$C$87,0)-1,1))} -> 0 | I439: {=IF(ISNA(INDEX(Fleece!$D$6:$D$87,MATCH($A439,Fleece!$D$6:$D$87,0)-1,1)),0,INDEX(Fleece!$D$6:$D$87,MATCH($A439,Fleece!$D$6:$D$87,0)-1,1))} -> 0 | J439: {=IF(ISNA(INDEX(Fleece!$E$6:$E$87,MATCH($A439,Fleece!$E$6:$E$87,0)-1,1)),0,INDEX(Fleece!$E$6:$E$87,MATCH($A439,Fleece!$E$6:$E$87,0)-1,1))} -> 0 | K439: {=IF(ISNA(INDEX(Fleece!$F$6:$F$87,MATCH($A439,Fleece!$F$6:$F$87,0)-1,1)),0,INDEX(Fleece!$F$6:$F$87,MATCH($A439,Fleece!$F$6:$F$87,0)-1,1))} -> 0 | L439: {=IF(ISNA(INDEX(Fleece!$G$6:$G$87,MATCH($A439,Fleece!$G$6:$G$87,0)-1,1)),0,INDEX(Fleece!$G$6:$G$87,MATCH($A439,Fleece!$G$6:$G$87,0)-1,1))} -> 0 | M439: {=IF(ISNA(INDEX(Fleece!$I$6:$I$87,MATCH($A439,Fleece!$I$6:$I$87,0)-1,1)),0,INDEX(Fleece!$I$6:$I$87,MATCH($A439,Fleece!$I$6:$I$87,0)-1,1))} -> 0 | N439: {=IF(ISNA(INDEX(Fleece!$J$6:$J$87,MATCH($A439,Fleece!$J$6:$J$87,0)-1,1)),0,INDEX(Fleece!$J$6:$J$87,MATCH($A439,Fleece!$J$6:$J$87,0)-1,1))} -> 0 | O439: {=IF(ISNA(INDEX(Fleece!$K$6:$K$87,MATCH($A439,Fleece!$K$6:$K$87,0)-1,1)),0,INDEX(Fleece!$K$6:$K$87,MATCH($A439,Fleece!$K$6:$K$87,0)-1,1))} -> 0 | P439: {=IF(ISNA(INDEX(Fleece!$L$6:$L$87,MATCH($A439,Fleece!$L$6:$L$87,0)-1,1)),0,INDEX(Fleece!$L$6:$L$87,MATCH($A439,Fleece!$L$6:$L$87,0)-1,1))} -> 0 | Q439: {=IF(ISNA(INDEX(Fleece!$M$6:$M$87,MATCH($A439,Fleece!$M$6:$M$87,0)-1,1)),0,INDEX(Fleece!$M$6:$M$87,MATCH($A439,Fleece!$M$6:$M$87,0)-1,1))} -> 0 | R439: {=IF(ISNA(INDEX(Fleece!$O$6:$O$87,MATCH($A439,Fleece!$O$6:$O$87,0)-1,1)),0,INDEX(Fleece!$O$6:$O$87,MATCH($A439,Fleece!$O$6:$O$87,0)-1,1))} -> 0 | S439: {=IF(ISNA(INDEX(Fleece!$P$6:$P$87,MATCH($A439,Fleece!$P$6:$P$87,0)-1,1)),0,INDEX(Fleece!$P$6:$P$87,MATCH($A439,Fleece!$P$6:$P$87,0)-1,1))} -> 0 | T439: {=IF(ISNA(INDEX(Fleece!$Q$6:$Q$87,MATCH($A439,Fleece!$Q$6:$Q$87,0)-1,1)),0,INDEX(Fleece!$Q$6:$Q$87,MATCH($A439,Fleece!$Q$6:$Q$87,0)-1,1))} -> 0 | U439: {=IF(ISNA(INDEX(Fleece!$R$6:$R$87,MATCH($A439,Fleece!$R$6:$R$87,0)-1,1)),0,INDEX(Fleece!$R$6:$R$87,MATCH($A439,Fleece!$R$6:$R$87,0)-1,1))} -> 0 | V439: {=IF(ISNA(INDEX(Fleece!$S$6:$S$87,MATCH($A439,Fleece!$S$6:$S$87,0)-1,1)),0,INDEX(Fleece!$S$6:$S$87,MATCH($A439,Fleece!$S$6:$S$87,0)-1,1))} -> 0 | W439: {=IF(ISNA(INDEX(Fleece!$T$6:$T$87,MATCH($A439,Fleece!$T$6:$T$87,0)-1,1)),0,INDEX(Fleece!$T$6:$T$87,MATCH($A439,Fleece!$T$6:$T$87,0)-1,1))} -> 0 | X439: {=IF(ISNA(INDEX(Fleece!$U$6:$U$87,MATCH($A439,Fleece!$U$6:$U$87,0)-1,1)),0,INDEX(Fleece!$U$6:$U$87,MATCH($A439,Fleece!$U$6:$U$87,0)-1,1))} -> 0
A440: BE057-DENIM-52 | B440: =SUM(H440:X440) -> 0 | C440: Originals | D440: Fleece | H440: {=IF(ISNA(INDEX(Fleece!$C$6:$C$87,MATCH($A440,Fleece!$C$6:$C$87,0)-1,1)),0,INDEX(Fleece!$C$6:$C$87,MATCH($A440,Fleece!$C$6:$C$87,0)-1,1))} -> 0 | I440: {=IF(ISNA(INDEX(Fleece!$D$6:$D$87,MATCH($A440,Fleece!$D$6:$D$87,0)-1,1)),0,INDEX(Fleece!$D$6:$D$87,MATCH($A440,Fleece!$D$6:$D$87,0)-1,1))} -> 0 | J440: {=IF(ISNA(INDEX(Fleece!$E$6:$E$87,MATCH($A440,Fleece!$E$6:$E$87,0)-1,1)),0,INDEX(Fleece!$E$6:$E$87,MATCH($A440,Fleece!$E$6:$E$87,0)-1,1))} -> 0 | K440: {=IF(ISNA(INDEX(Fleece!$F$6:$F$87,MATCH($A440,Fleece!$F$6:$F$87,0)-1,1)),0,INDEX(Fleece!$F$6:$F$87,MATCH($A440,Fleece!$F$6:$F$87,0)-1,1))} -> 0 | L440: {=IF(ISNA(INDEX(Fleece!$G$6:$G$87,MATCH($A440,Fleece!$G$6:$G$87,0)-1,1)),0,INDEX(Fleece!$G$6:$G$87,MATCH($A440,Fleece!$G$6:$G$87,0)-1,1))} -> 0 | M440: {=IF(ISNA(INDEX(Fleece!$I$6:$I$87,MATCH($A440,Fleece!$I$6:$I$87,0)-1,1)),0,INDEX(Fleece!$I$6:$I$87,MATCH($A440,Fleece!$I$6:$I$87,0)-1,1))} -> 0 | N440: {=IF(ISNA(INDEX(Fleece!$J$6:$J$87,MATCH($A440,Fleece!$J$6:$J$87,0)-1,1)),0,INDEX(Fleece!$J$6:$J$87,MATCH($A440,Fleece!$J$6:$J$87,0)-1,1))} -> 0 | O440: {=IF(ISNA(INDEX(Fleece!$K$6:$K$87,MATCH($A440,Fleece!$K$6:$K$87,0)-1,1)),0,INDEX(Fleece!$K$6:$K$87,MATCH($A440,Fleece!$K$6:$K$87,0)-1,1))} -> 0 | P440: {=IF(ISNA(INDEX(Fleece!$L$6:$L$87,MATCH($A440,Fleece!$L$6:$L$87,0)-1,1)),0,INDEX(Fleece!$L$6:$L$87,MATCH($A440,Fleece!$L$6:$L$87,0)-1,1))} -> 0 | Q440: {=IF(ISNA(INDEX(Fleece!$M$6:$M$87,MATCH($A440,Fleece!$M$6:$M$87,0)-1,1)),0,INDEX(Fleece!$M$6:$M$87,MATCH($A440,Fleece!$M$6:$M$87,0)-1,1))} -> 0 | R440: {=IF(ISNA(INDEX(Fleece!$O$6:$O$87,MATCH($A440,Fleece!$O$6:$O$87,0)-1,1)),0,INDEX(Fleece!$O$6:$O$87,MATCH($A440,Fleece!$O$6:$O$87,0)-1,1))} -> 0 | S440: {=IF(ISNA(INDEX(Fleece!$P$6:$P$87,MATCH($A440,Fleece!$P$6:$P$87,0)-1,1)),0,INDEX(Fleece!$P$6:$P$87,MATCH($A440,Fleece!$P$6:$P$87,0)-1,1))} -> 0 | T440: {=IF(ISNA(INDEX(Fleece!$Q$6:$Q$87,MATCH($A440,Fleece!$Q$6:$Q$87,0)-1,1)),0,INDEX(Fleece!$Q$6:$Q$87,MATCH($A440,Fleece!$Q$6:$Q$87,0)-1,1))} -> 0 | U440: {=IF(ISNA(INDEX(Fleece!$R$6:$R$87,MATCH($A440,Fleece!$R$6:$R$87,0)-1,1)),0,INDEX(Fleece!$R$6:$R$87,MATCH($A440,Fleece!$R$6:$R$87,0)-1,1))} -> 0 | V440: {=IF(ISNA(INDEX(Fleece!$S$6:$S$87,MATCH($A440,Fleece!$S$6:$S$87,0)-1,1)),0,INDEX(Fleece!$S$6:$S$87,MATCH($A440,Fleece!$S$6:$S$87,0)-1,1))} -> 0 | W440: {=IF(ISNA(INDEX(Fleece!$T$6:$T$87,MATCH($A440,Fleece!$T$6:$T$87,0)-1,1)),0,INDEX(Fleece!$T$6:$T$87,MATCH($A440,Fleece!$T$6:$T$87,0)-1,1))} -> 0 | X440: {=IF(ISNA(INDEX(Fleece!$U$6:$U$87,MATCH($A440,Fleece!$U$6:$U$87,0)-1,1)),0,INDEX(Fleece!$U$6:$U$87,MATCH($A440,Fleece!$U$6:$U$87,0)-1,1))} -> 0
... A525: BU357-OATMEAL-56 | B525: =SUM(H525:X525) -> 0 | C525: Originals | D525: Fleece | H525: {=IF(ISNA(INDEX(Fleece!$C$6:$C$87,MATCH($A525,Fleece!$C$6:$C$87,0)-1,1)),0,INDEX(Fleece!$C$6:$C$87,MATCH($A525,Fleece!$C$6:$C$87,0)-1,1))} -> 0 | I525: {=IF(ISNA(INDEX(Fleece!$D$6:$D$87,MATCH($A525,Fleece!$D$6:$D$87,0)-1,1)),0,INDEX(Fleece!$D$6:$D$87,MATCH($A525,Fleece!$D$6:$D$87,0)-1,1))} -> 0 | J525: {=IF(ISNA(INDEX(Fleece!$E$6:$E$87,MATCH($A525,Fleece!$E$6:$E$87,0)-1,1)),0,INDEX(Fleece!$E$6:$E$87,MATCH($A525,Fleece!$E$6:$E$87,0)-1,1))} -> 0 | K525: {=IF(ISNA(INDEX(Fleece!$F$6:$F$87,MATCH($A525,Fleece!$F$6:$F$87,0)-1,1)),0,INDEX(Fleece!$F$6:$F$87,MATCH($A525,Fleece!$F$6:$F$87,0)-1,1))} -> 0 | L525: {=IF(ISNA(INDEX(Fleece!$G$6:$G$87,MATCH($A525,Fleece!$G$6:$G$87,0)-1,1)),0,INDEX(Fleece!$G$6:$G$87,MATCH($A525,Fleece!$G$6:$G$87,0)-1,1))} -> 0 | M525: {=IF(ISNA(INDEX(Fleece!$I$6:$I$87,MATCH($A525,Fleece!$I$6:$I$87,0)-1,1)),0,INDEX(Fleece!$I$6:$I$87,MATCH($A525,Fleece!$I$6:$I$87,0)-1,1))} -> 0 | N525: {=IF(ISNA(INDEX(Fleece!$J$6:$J$87,MATCH($A525,Fleece!$J$6:$J$87,0)-1,1)),0,INDEX(Fleece!$J$6:$J$87,MATCH($A525,Fleece!$J$6:$J$87,0)-1,1))} -> 0 | O525: {=IF(ISNA(INDEX(Fleece!$K$6:$K$87,MATCH($A525,Fleece!$K$6:$K$87,0)-1,1)),0,INDEX(Fleece!$K$6:$K$87,MATCH($A525,Fleece!$K$6:$K$87,0)-1,1))} -> 0 | P525: {=IF(ISNA(INDEX(Fleece!$L$6:$L$87,MATCH($A525,Fleece!$L$6:$L$87,0)-1,1)),0,INDEX(Fleece!$L$6:$L$87,MATCH($A525,Fleece!$L$6:$L$87,0)-1,1))} -> 0 | Q525: {=IF(ISNA(INDEX(Fleece!$M$6:$M$87,MATCH($A525,Fleece!$M$6:$M$87,0)-1,1)),0,INDEX(Fleece!$M$6:$M$87,MATCH($A525,Fleece!$M$6:$M$87,0)-1,1))} -> 0 | R525: {=IF(ISNA(INDEX(Fleece!$O$6:$O$87,MATCH($A525,Fleece!$O$6:$O$87,0)-1,1)),0,INDEX(Fleece!$O$6:$O$87,MATCH($A525,Fleece!$O$6:$O$87,0)-1,1))} -> 0 | S525: {=IF(ISNA(INDEX(Fleece!$P$6:$P$87,MATCH($A525,Fleece!$P$6:$P$87,0)-1,1)),0,INDEX(Fleece!$P$6:$P$87,MATCH($A525,Fleece!$P$6:$P$87,0)-1,1))} -> 0 | T525: {=IF(ISNA(INDEX(Fleece!$Q$6:$Q$87,MATCH($A525,Fleece!$Q$6:$Q$87,0)-1,1)),0,INDEX(Fleece!$Q$6:$Q$87,MATCH($A525,Fleece!$Q$6:$Q$87,0)-1,1))} -> 0 | U525: {=IF(ISNA(INDEX(Fleece!$R$6:$R$87,MATCH($A525,Fleece!$R$6:$R$87,0)-1,1)),0,INDEX(Fleece!$R$6:$R$87,MATCH($A525,Fleece!$R$6:$R$87,0)-1,1))} -> 0 | V525: {=IF(ISNA(INDEX(Fleece!$S$6:$S$87,MATCH($A525,Fleece!$S$6:$S$87,0)-1,1)),0,INDEX(Fleece!$S$6:$S$87,MATCH($A525,Fleece!$S$6:$S$87,0)-1,1))} -> 0 | W525: {=IF(ISNA(INDEX(Fleece!$T$6:$T$87,MATCH($A525,Fleece!$T$6:$T$87,0)-1,1)),0,INDEX(Fleece!$T$6:$T$87,MATCH($A525,Fleece!$T$6:$T$87,0)-1,1))} -> 0 | X525: {=IF(ISNA(INDEX(Fleece!$U$6:$U$87,MATCH($A525,Fleece!$U$6:$U$87,0)-1,1)),0,INDEX(Fleece!$U$6:$U$87,MATCH($A525,Fleece!$U$6:$U$87,0)-1,1))} -> 0

Sheet Credit Application Form
B7: Thank you for placing your indent order with Bedhead Hats. If your order for either drop is more than AUD$1,100.00 the order qualifies for 50% credit terms.
B9: Without completing this form and providing the required information you will be required to pay 100% of your invoices when the stock arrives.
B11: We'll invoice you once the stock arrives in our warehouse (February). Payment of 50% secure the dispatch of your order, the balance 50% is due 30 days later.
B12: Prompt payment of the balance amount is appreciated.
B14: In order to proceed with offering you credit we require the following information in order to register a PPSR. A PPSR is used in the event of a business liquidation, Bedhead Hats
B15: retains ownership of any unpaid stock items and are permitted to retain any unpaid goods.
B17: Store Owner Name
B19: ABN
B21: Drivers Licence Number
B23: Date of Birth
B25: Please send a copy of your drivers licence to verify the owners identification to Pippa on 0415 823 482 or Carolyn on 0455 443 200.
B27: For more information about PPSR's: | D27: https://www.youtube.com/watch?v=lp_YLdXLoOY
B29: Unfortunately credit terms are not available to international customers.
B31: For any questions regarding this application please contact Pippa Jackson pippa@bedheadhats.com.au
